Workbook

Sheet BASE - Geral
Q1: CP04 | T1: CP05 | W1: CP06 | Z1: CP07
A2: PRESENTES | B2: GROT | C2: PLANNER | D2: CATEGORIA | E2: PLANEJADOR | F2: PROFILE | G2: FSC | H2: DESCRIÇÃO | I2: VIDA | J2: SKT TOTAL | K2: FALTA PROD W ATUAL | L2: ORDENS W+1 | M2: ORDENS W+2 | N2: TOTAL A PRODUZIR | O2: FALTA PÓS PROD CP02 | P2: FALTA PÓS PROD CP03 | Q2: DEMANDA | R2: % COB | S2: FALTA | T2: DEMANDA | U2: % COB | V2: FALTA | W2: DEMANDA | X2: % COB | Y2: FALTA | Z2: DEMANDA | AA2: % COB | AB2: FALTA | AC2: % COB + Prod Semana ABERTURA | AD2: % COB + POS Abertura
A3: NATAL | C3: BR3FS | D3: SKIN CARE | E3: MARCELLY ROLDAN | F3: 1229665 | G3: 1493955 | H3: LOCAO CORP SURREAL GARDEN 90ML | I3: 02 - Active - CM | J3: 29193 | K3: 0 | L3: 0 | M3: 0 | N3: 0 | O3: 0 | P3: 0 | Q3: 6608 | R3: 1 | S3: 0 | T3: 552 | U3: 1 | V3: 0 | AC3: =IF(Q3=0,100%,IF((J3+K3)/Q3>100%,100%,IF(($J3+K3)/$Q3<0,0,($J3+K3)/$Q3))) -> 1 | AD3: =IF(Q3=0,100%,IF((J3+K3+L3)/Q3>100%,100%,IF(($J3+K3+L3)/$Q3<0,0,($J3+K3+L3)/$Q3))) -> 1
A4: NATAL | C4: BRG02 | D4: COLOR I | E4: RENATA SOUZA | F4: 1227412 | G4: 1445772 | H4: CAIXA SEGNO MINI | I4: 03 - Phase Out - CM | J4: 18772 | K4: 0 | L4: 0 | M4: 0 | N4: 0 | O4: 0 | P4: 0 | Q4: 1123 | R4: 1 | S4: 0 | T4: 480 | U4: 1 | V4: 0 | AC4: =IF(Q4=0,100%,IF((J4+K4)/Q4>100%,100%,IF(($J4+K4)/$Q4<0,0,($J4+K4)/$Q4))) -> 1 | AD4: =IF(Q4=0,100%,IF((J4+K4+L4)/Q4>100%,100%,IF(($J4+K4+L4)/$Q4<0,0,($J4+K4+L4)/$Q4))) -> 1
A5: NATAL | C5: BRG02 | D5: COLOR I | E5: RENATA SOUZA | F5: 1222176 | G5: 1376739 | H5: CT LAPIS SOBRANCELHAS ESCURO | I5: 02 - Active - CM | J5: 27895 | K5: 40000 | L5: 0 | M5: 0 | N5: 40000 | O5: 0 | P5: 0 | Q5: 12629 | R5: 1 | S5: 0 | T5: 9779 | U5: 1 | V5: 0 | AC5: =IF(Q5=0,100%,IF((J5+K5)/Q5>100%,100%,IF(($J5+K5)/$Q5<0,0,($J5+K5)/$Q5))) -> 1 | AD5: =IF(Q5=0,100%,IF((J5+K5+L5)/Q5>100%,100%,IF(($J5+K5+L5)/$Q5<0,0,($J5+K5+L5)/$Q5))) -> 1
A6: NATAL | B6: R0505 - 05/12/2022 - 29/11 - O item está previsto para ser coletado hoje no porto de em Itajaí-SC, assim que chegar ao estoque, pediremos a subida do material para Anastácio São Paulo e anteciparão a entrega em 2 dias. | C6: BR6FS | D6: PERSONAL CARE | E6: CESAR NETO | F6: 1231760 | G6: 1499433 | H6: AC LOCAO CORP BABY CALMING | I6: 02 - Active - CM | J6: 18801 | K6: 31000 | L6: 18000 | M6: 0 | N6: 49000 | O6: 0 | P6: 0 | Q6: 19675 | R6: 0.96 | S6: 874 | T6: 29630 | U6: 0 | V6: 29630 | AC6: =IF(Q6=0,100%,IF((J6+K6)/Q6>100%,100%,IF(($J6+K6)/$Q6<0,0,($J6+K6)/$Q6))) -> 1 | AD6: =IF(Q6=0,100%,IF((J6+K6+L6)/Q6>100%,100%,IF(($J6+K6+L6)/$Q6<0,0,($J6+K6+L6)/$Q6))) -> 1
A7: NATAL | C7: BR3FS | D7: SKIN CARE | E7: MARCELLY ROLDAN | F7: 1229869 | G7: 1472711 | H7: CREME MAOS IRRESISTIVEL 30G | I7: 02 - Active - CM | J7: 48606 | K7: 20000 | L7: 0 | M7: 0 | N7: 20000 | O7: 0 | P7: 0 | Q7: 21041 | R7: 1 | S7: 0 | T7: 4833 | U7: 1 | V7: 0 | AC7: =IF(Q7=0,100%,IF((J7+K7)/Q7>100%,100%,IF(($J7+K7)/$Q7<0,0,($J7+K7)/$Q7))) -> 1 | AD7: =IF(Q7=0,100%,IF((J7+K7+L7)/Q7>100%,100%,IF(($J7+K7+L7)/$Q7<0,0,($J7+K7+L7)/$Q7))) -> 1
A8: NATAL | B8: R105960 - 13/12/2022 - 08/11 - Fabricante antecipou a produção, previsão de ficar disponível na origem em 15/11 para embarque aéreo; | C8: BR4FS | D8: PERSONAL CARE | E8: CESAR NETO | F8: 1221720 | G8: 1341738 | H8: LOCAO LIMP MINI AGUA MICELAR | I8: 02 - Active - CM | J8: 41411 | K8: 0 | L8: 0 | M8: 0 | N8: 0 | O8: 0 | P8: 0 | Q8: 462 | R8: 1 | S8: 0 | T8: 1313 | U8: 1 | V8: 0 | AC8: =IF(Q8=0,100%,IF((J8+K8)/Q8>100%,100%,IF(($J8+K8)/$Q8<0,0,($J8+K8)/$Q8))) -> 1 | AD8: =IF(Q8=0,100%,IF((J8+K8+L8)/Q8>100%,100%,IF(($J8+K8+L8)/$Q8<0,0,($J8+K8+L8)/$Q8))) -> 1
A9: NATAL | C9: BR1TP | D9: FRAGRANCE | E9: ANA CAROLINA FARIA | F9: 1227313 | G9: 1475636 | H9: COL FULL SPEED QUANTUM 100ML | I9: 02 - Active - CM | J9: 24338 | K9: 5401 | L9: 45000 | M9: 0 | N9: 50401 | O9: 0 | P9: 0 | Q9: 4260 | R9: 1 | S9: 0 | T9: 14557 | U9: 1 | V9: 0 | AC9: =IF(Q9=0,100%,IF((J9+K9)/Q9>100%,100%,IF(($J9+K9)/$Q9<0,0,($J9+K9)/$Q9))) -> 1 | AD9: =IF(Q9=0,100%,IF((J9+K9+L9)/Q9>100%,100%,IF(($J9+K9+L9)/$Q9<0,0,($J9+K9+L9)/$Q9))) -> 1
A10: NATAL | B10: R0505 - 05/12/2022 - 29/11 - O item está previsto para ser coletado hoje no porto de em Itajaí-SC, assim que chegar ao estoque, pediremos a subida do material para Anastácio São Paulo e anteciparão a entrega em 2 dias. | C10: BR3FS | D10: SKIN CARE | E10: MARCELLY ROLDAN | F10: 1227295 | G10: 1475825 | H10: LOCAO CORP FAR AWAY SPLENDORIA | I10: 02 - Active - CM | J10: 22555 | K10: 0 | L10: 0 | M10: 0 | N10: 0 | O10: 0 | P10: 0 | Q10: 7528 | R10: 1 | S10: 0 | T10: 959 | U10: 1 | V10: 0 | AC10: =IF(Q10=0,100%,IF((J10+K10)/Q10>100%,100%,IF(($J10+K10)/$Q10<0,0,($J10+K10)/$Q10))) -> 1 | AD10: =IF(Q10=0,100%,IF((J10+K10+L10)/Q10>100%,100%,IF(($J10+K10+L10)/$Q10<0,0,($J10+K10+L10)/$Q10))) -> 1
A11: NATAL | C11: BRG04 | D11: OV | E11: RENATA SOUZA | F11: 1225954 | G11: 1419191 | H11: SABONETE BAR ENC FASCIN SOFIST | I11: 02 - Active - CM | J11: 51966 | K11: 0 | L11: 0 | M11: 0 | N11: 0 | O11: 0 | P11: 0 | Q11: 10661 | R11: 1 | S11: 0 | T11: 185 | U11: 1 | V11: 0 | AC11: =IF(Q11=0,100%,IF((J11+K11)/Q11>100%,100%,IF(($J11+K11)/$Q11<0,0,($J11+K11)/$Q11))) -> 1 | AD11: =IF(Q11=0,100%,IF((J11+K11+L11)/Q11>100%,100%,IF(($J11+K11+L11)/$Q11<0,0,($J11+K11+L11)/$Q11))) -> 1
A12: NATAL | B12: R105960 - 13/12/2022 - 08/11 - Fabricante antecipou a produção, previsão de ficar disponível na origem em 15/11 para embarque aéreo; | C12: BR4FS | D12: PERSONAL CARE | E12: CESAR NETO | F12: 1221208 | G12: 1341721 | H12: NOVA AGUA MICELAR ANTI IDADE | I12: 02 - Active - CM | J12: 18306 | K12: 0 | L12: 30000 | M12: 0 | N12: 30000 | O12: 0 | P12: 0 | Q12: 8015 | R12: 1 | S12: 0 | T12: 3522 | U12: 1 | V12: 0 | AC12: =IF(Q12=0,100%,IF((J12+K12)/Q12>100%,100%,IF(($J12+K12)/$Q12<0,0,($J12+K12)/$Q12))) -> 1 | AD12: =IF(Q12=0,100%,IF((J12+K12+L12)/Q12>100%,100%,IF(($J12+K12+L12)/$Q12<0,0,($J12+K12+L12)/$Q12))) -> 1
A13: NATAL | C13: BRG02 | D13: COLOR I | E13: RENATA SOUZA | F13: 1232260 | G13: 1500866 | H13: CAIXA COLECAO WONDERLAND | I13: 04 - Discontinued - CM | J13: 8803 | K13: 0 | L13: 0 | M13: 0 | N13: 0 | O13: 0 | P13: 0 | Q13: 406 | R13: 1 | S13: 0 | T13: 0 | U13: 1 | V13: 0 | AC13: =IF(Q13=0,100%,IF((J13+K13)/Q13>100%,100%,IF(($J13+K13)/$Q13<0,0,($J13+K13)/$Q13))) -> 1 | AD13: =IF(Q13=0,100%,IF((J13+K13+L13)/Q13>100%,100%,IF(($J13+K13+L13)/$Q13<0,0,($J13+K13+L13)/$Q13))) -> 1
A14: NATAL | C14: BR1TP | D14: FRAGRANCE | E14: ANA CAROLINA FARIA | F14: 1230571 | G14: 1486151 | H14: COL EXCLUSIVE IN BLACK 75ML | I14: 02 - Active - CM | J14: 40694 | K14: 467 | L14: 30000 | M14: 0 | N14: 30467 | O14: 0 | P14: 0 | Q14: 10413 | R14: 1 | S14: 0 | T14: 2160 | U14: 1 | V14: 0 | AC14: =IF(Q14=0,100%,IF((J14+K14)/Q14>100%,100%,IF(($J14+K14)/$Q14<0,0,($J14+K14)/$Q14))) -> 1 | AD14: =IF(Q14=0,100%,IF((J14+K14+L14)/Q14>100%,100%,IF(($J14+K14+L14)/$Q14<0,0,($J14+K14+L14)/$Q14))) -> 1
A15: NATAL | C15: BRG02 | D15: COLOR I | E15: RENATA SOUZA | F15: 1230314 | G15: 1475863 | H15: CAIXA LOV U ESPECIAL MAES 2022 | I15: 02 - Active - CM | J15: 45280 | K15: 0 | L15: 0 | M15: 0 | N15: 0 | O15: 0 | P15: 0 | Q15: 1185 | R15: 1 | S15: 0 | T15: 0 | U15: 1 | V15: 0 | AC15: =IF(Q15=0,100%,IF((J15+K15)/Q15>100%,100%,IF(($J15+K15)/$Q15<0,0,($J15+K15)/$Q15))) -> 1 | AD15: =IF(Q15=0,100%,IF((J15+K15+L15)/Q15>100%,100%,IF(($J15+K15+L15)/$Q15<0,0,($J15+K15+L15)/$Q15))) -> 1
A16: NATAL | C16: BR0CB | D16: COLOR I | E16: RENATA SOUZA | F16: 1227984 | G16: 1483631 | H16: ESMALTE WONDERL TESOUR GUARDAD | I16: 02 - Active - CM | J16: 31583 | K16: 0 | L16: 0 | M16: 0 | N16: 0 | O16: 0 | P16: 0 | Q16: 8760 | R16: 1 | S16: 0 | T16: 6001 | U16: 1 | V16: 0 | AC16: =IF(Q16=0,100%,IF((J16+K16)/Q16>100%,100%,IF(($J16+K16)/$Q16<0,0,($J16+K16)/$Q16))) -> 1 | AD16: =IF(Q16=0,100%,IF((J16+K16+L16)/Q16>100%,100%,IF(($J16+K16+L16)/$Q16<0,0,($J16+K16+L16)/$Q16))) -> 1
A17: NATAL | C17: BR3FS | D17: SKIN CARE | E17: MARCELLY ROLDAN | F17: 1226638 | G17: 1465877 | H17: SHAMPOO SEGNO IMPART CAB CORPO | I17: 02 - Active - CM | J17: 33170 | K17: 0 | L17: 0 | M17: 0 | N17: 0 | O17: 0 | P17: 0 | Q17: 73 | R17: 1 | S17: 0 | T17: 501 | U17: 1 | V17: 0 | AC17: =IF(Q17=0,100%,IF((J17+K17)/Q17>100%,100%,IF(($J17+K17)/$Q17<0,0,($J17+K17)/$Q17))) -> 1 | AD17: =IF(Q17=0,100%,IF((J17+K17+L17)/Q17>100%,100%,IF(($J17+K17+L17)/$Q17<0,0,($J17+K17+L17)/$Q17))) -> 1
A18: NATAL | C18: BRG10 | D18: FRAGRANCE | E18: ANA CAROLINA FARIA | F18: 1224296 | G18: 1444366 | H18: SABONETE BAR FROZEN RELABEL | I18: 03 - Phase Out - CM | J18: 19357 | K18: 0 | L18: 30000 | M18: 0 | N18: 30000 | O18: 0 | P18: 0 | Q18: 17251 | R18: 1 | S18: 0 | T18: 7688 | U18: 0.27 | V18: 5582 | AC18: =IF(Q18=0,100%,IF((J18+K18)/Q18>100%,100%,IF(($J18+K18)/$Q18<0,0,($J18+K18)/$Q18))) -> 1 | AD18: =IF(Q18=0,100%,IF((J18+K18+L18)/Q18>100%,100%,IF(($J18+K18+L18)/$Q18<0,0,($J18+K18+L18)/$Q18))) -> 1
A19: NATAL | C19: BR1TP | D19: FRAGRANCE | E19: ANA CAROLINA FARIA | F19: 1229934 | G19: 1472918 | H19: SPRAY CORPO IRRESISTIVEL 80ML | I19: 02 - Active - CM | J19: 5244 | K19: 18000 | L19: 0 | M19: 0 | N19: 18000 | O19: 0 | P19: 0 | Q19: 569 | R19: 1 | S19: 0 | T19: 1730 | U19: 1 | V19: 0 | AC19: =IF(Q19=0,100%,IF((J19+K19)/Q19>100%,100%,IF(($J19+K19)/$Q19<0,0,($J19+K19)/$Q19))) -> 1 | AD19: =IF(Q19=0,100%,IF((J19+K19+L19)/Q19>100%,100%,IF(($J19+K19+L19)/$Q19<0,0,($J19+K19+L19)/$Q19))) -> 1
A20: NATAL | C20: BR1TP | D20: FRAGRANCE | E20: ANA CAROLINA FARIA | F20: 1226455 | G20: 1406455 | H20: COLONIA DEO SURFER 300 KMH | I20: 02 - Active - CM | J20: 15490 | K20: 1363 | L20: 25000 | M20: 0 | N20: 26363 | O20: 0 | P20: 0 | Q20: 4762 | R20: 1 | S20: 0 | T20: 1246 | U20: 1 | V20: 0 | AC20: =IF(Q20=0,100%,IF((J20+K20)/Q20>100%,100%,IF(($J20+K20)/$Q20<0,0,($J20+K20)/$Q20))) -> 1 | AD20: =IF(Q20=0,100%,IF((J20+K20+L20)/Q20>100%,100%,IF(($J20+K20+L20)/$Q20<0,0,($J20+K20+L20)/$Q20))) -> 1
A21: NATAL | C21: BR6FS | D21: PERSONAL CARE | E21: CESAR NETO | F21: 1229854 | G21: 1472708 | H21: LOCAO CORPO IRRESISTI REF 80ML | I21: 02 - Active - CM | J21: 21153 | K21: 0 | L21: 0 | M21: 0 | N21: 0 | O21: 0 | P21: 0 | Q21: 10556 | R21: 1 | S21: 0 | T21: 347 | U21: 1 | V21: 0 | AC21: =IF(Q21=0,100%,IF((J21+K21)/Q21>100%,100%,IF(($J21+K21)/$Q21<0,0,($J21+K21)/$Q21))) -> 1 | AD21: =IF(Q21=0,100%,IF((J21+K21+L21)/Q21>100%,100%,IF(($J21+K21+L21)/$Q21<0,0,($J21+K21+L21)/$Q21))) -> 1
A22: NATAL | C22: BR4FS | D22: PERSONAL CARE | E22: CESAR NETO | F22: 1228019 | G22: 1454186 | H22: OLEO CORP DES ATTRACT COL 80ML | I22: 02 - Active - CM | J22: 21818 | K22: 20000 | L22: 0 | M22: 0 | N22: 20000 | O22: 0 | P22: 0 | Q22: 66 | R22: 1 | S22: 0 | T22: 0 | U22: 1 | V22: 0 | AC22: =IF(Q22=0,100%,IF((J22+K22)/Q22>100%,100%,IF(($J22+K22)/$Q22<0,0,($J22+K22)/$Q22))) -> 1 | AD22: =IF(Q22=0,100%,IF((J22+K22+L22)/Q22>100%,100%,IF(($J22+K22+L22)/$Q22<0,0,($J22+K22+L22)/$Q22))) -> 1
A23: NATAL | C23: BR3FS | D23: SKIN CARE | E23: MARCELLY ROLDAN | F23: 1229662 | G23: 1484351 | H23: GEL PARA BARBA FULL SPEED TURB | I23: 02 - Active - CM | J23: 18076 | K23: 15000 | L23: 0 | M23: 0 | N23: 15000 | O23: 0 | P23: 0 | Q23: 13484 | R23: 1 | S23: 0 | T23: 4738 | U23: 0.97 | V23: 146 | AC23: =IF(Q23=0,100%,IF((J23+K23)/Q23>100%,100%,IF(($J23+K23)/$Q23<0,0,($J23+K23)/$Q23))) -> 1 | AD23: =IF(Q23=0,100%,IF((J23+K23+L23)/Q23>100%,100%,IF(($J23+K23+L23)/$Q23<0,0,($J23+K23+L23)/$Q23))) -> 1
A24: NATAL | C24: BR1TP | D24: FRAGRANCE | E24: ANA CAROLINA FARIA | F24: 1227361 | G24: 1484970 | H24: COL DES MUSK INSTINC SPLA 90ML | I24: 02 - Active - CM | J24: 50646 | K24: 50000 | L24: 5000 | M24: 0 | N24: 55000 | O24: 0 | P24: 0 | Q24: 22481 | R24: 1 | S24: 0 | T24: 27713 | U24: 1 | V24: 0 | AC24: =IF(Q24=0,100%,IF((J24+K24)/Q24>100%,100%,IF(($J24+K24)/$Q24<0,0,($J24+K24)/$Q24))) -> 1 | AD24: =IF(Q24=0,100%,IF((J24+K24+L24)/Q24>100%,100%,IF(($J24+K24+L24)/$Q24<0,0,($J24+K24+L24)/$Q24))) -> 1
A25: NATAL | C25: BR1TP | D25: FRAGRANCE | E25: ANA CAROLINA FARIA | F25: 1226631 | G25: 1446416 | H25: COL DES SEGNO IMPACT EDP | I25: 02 - Active - CM | J25: 15453 | K25: 0 | L25: 17000 | M25: 0 | N25: 17000 | O25: 0 | P25: 6416 | Q25: 31367 | R25: 0.49 | S25: 15914 | T25: 7502 | U25: 0 | V25: 7502 | AC25: =IF(Q25=0,100%,IF((J25+K25)/Q25>100%,100%,IF(($J25+K25)/$Q25<0,0,($J25+K25)/$Q25))) -> 0.49265151 | AD25: =IF(Q25=0,100%,IF((J25+K25+L25)/Q25>100%,100%,IF(($J25+K25+L25)/$Q25<0,0,($J25+K25+L25)/$Q25))) -> 1
A26: NATAL | B26: R0505 - 05/12/2022 - 29/11 - O item está previsto para ser coletado hoje no porto de em Itajaí-SC, assim que chegar ao estoque, pediremos a subida do material para Anastácio São Paulo e anteciparão a entrega em 2 dias. | C26: BR3FS | D26: SKIN CARE | E26: MARCELLY ROLDAN | F26: 1229666 | G26: 1493956 | H26: LOCAO PERF CP PUR BLANCA 90ML | I26: 02 - Active - CM | J26: 47237 | K26: 0 | L26: 0 | M26: 0 | N26: 0 | O26: 0 | P26: 0 | Q26: 15084 | R26: 1 | S26: 0 | T26: 359 | U26: 1 | V26: 0 | AC26: =IF(Q26=0,100%,IF((J26+K26)/Q26>100%,100%,IF(($J26+K26)/$Q26<0,0,($J26+K26)/$Q26))) -> 1 | AD26: =IF(Q26=0,100%,IF((J26+K26+L26)/Q26>100%,100%,IF(($J26+K26+L26)/$Q26<0,0,($J26+K26+L26)/$Q26))) -> 1
A27: NATAL | C27: BR1TP | D27: FRAGRANCE | E27: ANA CAROLINA FARIA | F27: 1232045 | G27: 1499432 | H27: AGUA COLONIA BADY PLUTO 100 ML | I27: 02 - Active - CM | J27: 40639 | K27: 30947 | L27: 0 | M27: 30000 | N27: 60947 | O27: 0 | P27: 0 | Q27: 9718 | R27: 1 | S27: 0 | T27: 5784 | U27: 1 | V27: 0 | AC27: =IF(Q27=0,100%,IF((J27+K27)/Q27>100%,100%,IF(($J27+K27)/$Q27<0,0,($J27+K27)/$Q27))) -> 1 | AD27: =IF(Q27=0,100%,IF((J27+K27+L27)/Q27>100%,100%,IF(($J27+K27+L27)/$Q27<0,0,($J27+K27+L27)/$Q27))) -> 1
A28: NATAL | B28: C2321767 - 12/12/2022 - 0 | C28: BR3FS | D28: SKIN CARE | E28: MARCELLY ROLDAN | F28: 1228773 | G28: 1492059 | H28: CREME MAOS ENCA ATRA DESL 75G | I28: 02 - Active - CM | J28: 12818 | K28: 0 | L28: 15000 | M28: 0 | N28: 15000 | O28: 0 | P28: 0 | Q28: 7257 | R28: 1 | S28: 0 | T28: 3920 | U28: 1 | V28: 0 | AC28: =IF(Q28=0,100%,IF((J28+K28)/Q28>100%,100%,IF(($J28+K28)/$Q28<0,0,($J28+K28)/$Q28))) -> 1 | AD28: =IF(Q28=0,100%,IF((J28+K28+L28)/Q28>100%,100%,IF(($J28+K28+L28)/$Q28<0,0,($J28+K28+L28)/$Q28))) -> 1
A29: NATAL | B29: R0505 - 05/12/2022 - 29/11 - O item está previsto para ser coletado hoje no porto de em Itajaí-SC, assim que chegar ao estoque, pediremos a subida do material para Anastácio São Paulo e anteciparão a entrega em 2 dias. | C29: BR3FS | D29: SKIN CARE | E29: MARCELLY ROLDAN | F29: 1229478 | G29: 1487220 | H29: LOC CP DES PETIT GIRL POWR 50M | I29: 02 - Active - CM | J29: 32991 | K29: 0 | L29: 30000 | M29: 0 | N29: 30000 | O29: 0 | P29: 0 | Q29: 10651 | R29: 1 | S29: 0 | T29: 10513 | U29: 1 | V29: 0 | AC29: =IF(Q29=0,100%,IF((J29+K29)/Q29>100%,100%,IF(($J29+K29)/$Q29<0,0,($J29+K29)/$Q29))) -> 1 | AD29: =IF(Q29=0,100%,IF((J29+K29+L29)/Q29>100%,100%,IF(($J29+K29+L29)/$Q29<0,0,($J29+K29+L29)/$Q29))) -> 1
A30: NATAL | C30: BR1TP | D30: FRAGRANCE | E30: ANA CAROLINA FARIA | F30: 1224297 | G30: 1444367 | H30: COLOGNE RELABEL FROZEN | I30: 03 - Phase Out - CM | J30: 15696 | K30: 39013 | L30: 31000 | M30: 0 | N30: 70013 | O30: 0 | P30: 0 | Q30: 10382 | R30: 1 | S30: 0 | T30: 7663 | U30: 0.69 | V30: 2349 | AC30: =IF(Q30=0,100%,IF((J30+K30)/Q30>100%,100%,IF(($J30+K30)/$Q30<0,0,($J30+K30)/$Q30))) -> 1 | AD30: =IF(Q30=0,100%,IF((J30+K30+L30)/Q30>100%,100%,IF(($J30+K30+L30)/$Q30<0,0,($J30+K30+L30)/$Q30))) -> 1
A31: NATAL | B31: C2312153 - 14/12/2021 - Fornecedor tentando antecipar a entrega dos insimos de produção. Escalado para Sourcing | C31: BR6FS | D31: PERSONAL CARE | E31: CESAR NETO | F31: 1227242 | G31: 1467558 | H31: LOC CORPO ENCANT GLAMOR 200ML | I31: 02 - Active - CM | J31: 5486 | K31: 0 | L31: 15000 | M31: 0 | N31: 15000 | O31: 0 | P31: 0 | Q31: 13937 | R31: 0.39 | S31: 8451 | T31: 529 | U31: 0 | V31: 529 | AC31: =IF(Q31=0,100%,IF((J31+K31)/Q31>100%,100%,IF(($J31+K31)/$Q31<0,0,($J31+K31)/$Q31))) -> 0.39362847 | AD31: =IF(Q31=0,100%,IF((J31+K31+L31)/Q31>100%,100%,IF(($J31+K31+L31)/$Q31<0,0,($J31+K31+L31)/$Q31))) -> 1
A32: NATAL | C32: BR6FS | D32: PERSONAL CARE | E32: CESAR NETO | F32: 1221570 | G32: 1381812 | H32: LOCAO CP ENC IRRESISTIVEL 400M | I32: 05 - Non Saleable - CM | J32: 40 | K32: 0 | L32: 0 | M32: 0 | N32: 0 | O32: 0 | P32: 0 | Q32: 25 | R32: 1 | S32: 0 | T32: 0 | U32: 1 | V32: 0 | AC32: =IF(Q32=0,100%,IF((J32+K32)/Q32>100%,100%,IF(($J32+K32)/$Q32<0,0,($J32+K32)/$Q32))) -> 1 | AD32: =IF(Q32=0,100%,IF((J32+K32+L32)/Q32>100%,100%,IF(($J32+K32+L32)/$Q32<0,0,($J32+K32+L32)/$Q32))) -> 1
A33: NATAL | C33: BRG02 | D33: COLOR I | E33: RENATA SOUZA | F33: 1230472 | G33: 1477653 | H33: SACOLA M UNISEX 2022 | I33: 02 - Active - CM | J33: 34071 | K33: 0 | L33: 0 | M33: 0 | N33: 0 | O33: 0 | P33: 0 | Q33: 1305 | R33: 1 | S33: 0 | T33: 779 | U33: 1 | V33: 0 | AC33: =IF(Q33=0,100%,IF((J33+K33)/Q33>100%,100%,IF(($J33+K33)/$Q33<0,0,($J33+K33)/$Q33))) -> 1 | AD33: =IF(Q33=0,100%,IF((J33+K33+L33)/Q33>100%,100%,IF(($J33+K33+L33)/$Q33<0,0,($J33+K33+L33)/$Q33))) -> 1
A34: NATAL | C34: BRG04 | D34: OV | E34: RENATA SOUZA | F34: 1228528 | G34: 1466437 | H34: SABON BARRA ENCANT IRRES SEDUT | I34: 03 - Phase Out - CM | J34: 27150 | K34: 0 | L34: 0 | M34: 0 | N34: 0 | O34: 0 | P34: 0 | Q34: 472 | R34: 1 | S34: 0 | T34: 0 | U34: 1 | V34: 0 | AC34: =IF(Q34=0,100%,IF((J34+K34)/Q34>100%,100%,IF(($J34+K34)/$Q34<0,0,($J34+K34)/$Q34))) -> 1 | AD34: =IF(Q34=0,100%,IF((J34+K34+L34)/Q34>100%,100%,IF(($J34+K34+L34)/$Q34<0,0,($J34+K34+L34)/$Q34))) -> 1
A35: NATAL | C35: BRTSI | D35: OV | E35: RENATA SOUZA | F35: 1227759 | G35: 1464637 | H35: PALETA BIG PRO DE MAQUIAGEM | I35: 02 - Active - CM | J35: 37075 | K35: 0 | L35: 0 | M35: 0 | N35: 0 | O35: 0 | P35: 0 | Q35: 372 | R35: 1 | S35: 0 | T35: 0 | U35: 1 | V35: 0 | AC35: =IF(Q35=0,100%,IF((J35+K35)/Q35>100%,100%,IF(($J35+K35)/$Q35<0,0,($J35+K35)/$Q35))) -> 1 | AD35: =IF(Q35=0,100%,IF((J35+K35+L35)/Q35>100%,100%,IF(($J35+K35+L35)/$Q35<0,0,($J35+K35+L35)/$Q35))) -> 1
A36: NATAL | C36: BR3FS | D36: SKIN CARE | E36: MARCELLY ROLDAN | F36: 1221600 | G36: 1381761 | H36: CREME MAOS ENCANTO SEDUCAO 30G | I36: 03 - Phase Out - CM | J36: 20187 | K36: 0 | L36: 0 | M36: 0 | N36: 0 | O36: 0 | P36: 0 | Q36: 2002 | R36: 1 | S36: 0 | T36: 3805 | U36: 1 | V36: 0 | AC36: =IF(Q36=0,100%,IF((J36+K36)/Q36>100%,100%,IF(($J36+K36)/$Q36<0,0,($J36+K36)/$Q36))) -> 1 | AD36: =IF(Q36=0,100%,IF((J36+K36+L36)/Q36>100%,100%,IF(($J36+K36+L36)/$Q36<0,0,($J36+K36+L36)/$Q36))) -> 1
A37: NATAL | C37: BRTSI | D37: OV | E37: RENATA SOUZA | F37: 1229735 | G37: 1481283 | H37: PALETA SOMBRA OLHOS ICE FAIRY | I37: 02 - Active - CM | J37: 1056 | K37: 0 | L37: 0 | M37: 1632 | N37: 1632 | O37: 0 | P37: 0 | Q37: 1934 | R37: 0.55 | S37: 878 | T37: 604 | U37: 0 | V37: 604 | AC37: =IF(Q37=0,100%,IF((J37+K37)/Q37>100%,100%,IF(($J37+K37)/$Q37<0,0,($J37+K37)/$Q37))) -> 0.54601861 | AD37: =IF(Q37=0,100%,IF((J37+K37+L37)/Q37>100%,100%,IF(($J37+K37+L37)/$Q37<0,0,($J37+K37+L37)/$Q37))) -> 0.54601861
A38: NATAL | C38: BR1TP | D38: FRAGRANCE | E38: ANA CAROLINA FARIA | F38: 1229661 | G38: 1480481 | H38: COL DES SEGNO VISION HOMO 25ML | I38: 02 - Active - CM | J38: 12683 | K38: 0 | L38: 0 | M38: 0 | N38: 0 | O38: 0 | P38: 0 | Q38: 1070 | R38: 1 | S38: 0 | T38: 765 | U38: 1 | V38: 0 | AC38: =IF(Q38=0,100%,IF((J38+K38)/Q38>100%,100%,IF(($J38+K38)/$Q38<0,0,($J38+K38)/$Q38))) -> 1 | AD38: =IF(Q38=0,100%,IF((J38+K38+L38)/Q38>100%,100%,IF(($J38+K38+L38)/$Q38<0,0,($J38+K38+L38)/$Q38))) -> 1
A39: NATAL | C39: BR6FS | D39: PERSONAL CARE | E39: CESAR NETO | F39: 1229676 | G39: 1494511 | H39: LO??O CORP INTENSA LUIZA 140ML | I39: 02 - Active - CM | J39: 14649 | K39: 0 | L39: 0 | M39: 0 | N39: 0 | O39: 0 | P39: 0 | Q39: 8282 | R39: 1 | S39: 0 | T39: 1622 | U39: 1 | V39: 0 | AC39: =IF(Q39=0,100%,IF((J39+K39)/Q39>100%,100%,IF(($J39+K39)/$Q39<0,0,($J39+K39)/$Q39))) -> 1 | AD39: =IF(Q39=0,100%,IF((J39+K39+L39)/Q39>100%,100%,IF(($J39+K39+L39)/$Q39<0,0,($J39+K39+L39)/$Q39))) -> 1
A40: NATAL | B40: R3746 - S/ DATA - 0 | C40: BR0FS | D40: COLOR II | E40: GRACIANO MATA | F40: 1223381 | G40: 1424077 | H40: MASCARA CILIOS CT BLACK | I40: 02 - Active - CM | J40: 151333 | K40: 0 | L40: 24000 | M40: 0 | N40: 24000 | O40: 0 | P40: 0 | Q40: 93450 | R40: 1 | S40: 0 | T40: 80427 | U40: 0.72 | V40: 22544 | AC40: =IF(Q40=0,100%,IF((J40+K40)/Q40>100%,100%,IF(($J40+K40)/$Q40<0,0,($J40+K40)/$Q40))) -> 1 | AD40: =IF(Q40=0,100%,IF((J40+K40+L40)/Q40>100%,100%,IF(($J40+K40+L40)/$Q40<0,0,($J40+K40+L40)/$Q40))) -> 1
A41: NATAL | C41: BR1TP | D41: FRAGRANCE | E41: ANA CAROLINA FARIA | F41: 1227995 | G41: 1465716 | H41: COL ENCANTO IRRESISTIVEL EDT | I41: 02 - Active - CM | J41: 5618 | K41: 0 | L41: 33000 | M41: 0 | N41: 33000 | O41: 0 | P41: 0 | Q41: 1647 | R41: 1 | S41: 0 | T41: 0 | U41: 1 | V41: 0 | AC41: =IF(Q41=0,100%,IF((J41+K41)/Q41>100%,100%,IF(($J41+K41)/$Q41<0,0,($J41+K41)/$Q41))) -> 1 | AD41: =IF(Q41=0,100%,IF((J41+K41+L41)/Q41>100%,100%,IF(($J41+K41+L41)/$Q41<0,0,($J41+K41+L41)/$Q41))) -> 1
A42: NATAL | C42: BR1TP | D42: FRAGRANCE | E42: ANA CAROLINA FARIA | F42: 1222928 | G42: 1408542 | H42: COL ATTRAC DESIRE FOR HIM 75ML | I42: 02 - Active - CM | J42: 4770 | K42: 10000 | L42: 20000 | M42: 0 | N42: 30000 | O42: 0 | P42: 0 | Q42: 809 | R42: 1 | S42: 0 | T42: 1148 | U42: 1 | V42: 0 | AC42: =IF(Q42=0,100%,IF((J42+K42)/Q42>100%,100%,IF(($J42+K42)/$Q42<0,0,($J42+K42)/$Q42))) -> 1 | AD42: =IF(Q42=0,100%,IF((J42+K42+L42)/Q42>100%,100%,IF(($J42+K42+L42)/$Q42<0,0,($J42+K42+L42)/$Q42))) -> 1
A43: NATAL | C43: BR2FS | D43: SKIN CARE | E43: MARCELLY ROLDAN | F43: 1222993 | G43: 1401315 | H43: RENEW HYD PRO VITA D GEL CREME | I43: 02 - Active - CM | J43: 49558 | K43: 0 | L43: 15000 | M43: 0 | N43: 15000 | O43: 0 | P43: 0 | Q43: 18439 | R43: 1 | S43: 0 | T43: 7129 | U43: 1 | V43: 0 | AC43: =IF(Q43=0,100%,IF((J43+K43)/Q43>100%,100%,IF(($J43+K43)/$Q43<0,0,($J43+K43)/$Q43))) -> 1 | AD43: =IF(Q43=0,100%,IF((J43+K43+L43)/Q43>100%,100%,IF(($J43+K43+L43)/$Q43<0,0,($J43+K43+L43)/$Q43))) -> 1
A44: NATAL | C44: BR1TP | D44: FRAGRANCE | E44: ANA CAROLINA FARIA | F44: 1226651 | G44: 1475634 | H44: COL BLACK SUEDE SECRET 100ML | I44: 02 - Active - CM | J44: 104633 | K44: 558 | L44: 0 | M44: 30000 | N44: 30558 | O44: 0 | P44: 0 | Q44: 27273 | R44: 1 | S44: 0 | T44: 20151 | U44: 1 | V44: 0 | AC44: =IF(Q44=0,100%,IF((J44+K44)/Q44>100%,100%,IF(($J44+K44)/$Q44<0,0,($J44+K44)/$Q44))) -> 1 | AD44: =IF(Q44=0,100%,IF((J44+K44+L44)/Q44>100%,100%,IF(($J44+K44+L44)/$Q44<0,0,($J44+K44+L44)/$Q44))) -> 1
A45: NATAL | C45: BR1TP | D45: FRAGRANCE | E45: ANA CAROLINA FARIA | F45: 1225799 | G45: 1456087 | H45: COL DES SURREAL LOVE GARDEN | I45: 02 - Active - CM | J45: 28349 | K45: 0 | L45: 0 | M45: 0 | N45: 0 | O45: 0 | P45: 0 | Q45: 6777 | R45: 1 | S45: 0 | T45: 702 | U45: 1 | V45: 0 | AC45: =IF(Q45=0,100%,IF((J45+K45)/Q45>100%,100%,IF(($J45+K45)/$Q45<0,0,($J45+K45)/$Q45))) -> 1 | AD45: =IF(Q45=0,100%,IF((J45+K45+L45)/Q45>100%,100%,IF(($J45+K45+L45)/$Q45<0,0,($J45+K45+L45)/$Q45))) -> 1
A46: NATAL | C46: BR3FS | D46: SKIN CARE | E46: MARCELLY ROLDAN | G46: 1480339 | H46: RENEW TRAT ANTI RUGAS H A 10ML | I46: - | J46: 0 | K46: 0 | L46: 0 | M46: 0 | N46: 0 | O46: 0 | P46: 0 | Q46: 0 | R46: 1 | S46: 0 | T46: 0 | U46: 1 | V46: 0 | AC46: =IF(Q46=0,100%,IF((J46+K46)/Q46>100%,100%,IF(($J46+K46)/$Q46<0,0,($J46+K46)/$Q46))) -> 1 | AD46: =IF(Q46=0,100%,IF((J46+K46+L46)/Q46>100%,100%,IF(($J46+K46+L46)/$Q46<0,0,($J46+K46+L46)/$Q46))) -> 1
A47: NATAL | C47: BR6FS | D47: PERSONAL CARE | E47: CESAR NETO | F47: 1231945 | G47: 1499434 | H47: CARE SABONETE LIQ BDY 200 ML | I47: 02 - Active - CM | J47: 21430 | K47: 30000 | L47: 0 | M47: 0 | N47: 30000 | O47: 0 | P47: 0 | Q47: 16877 | R47: 1 | S47: 0 | T47: 22938 | U47: 0.2 | V47: 18385 | AC47: =IF(Q47=0,100%,IF((J47+K47)/Q47>100%,100%,IF(($J47+K47)/$Q47<0,0,($J47+K47)/$Q47))) -> 1 | AD47: =IF(Q47=0,100%,IF((J47+K47+L47)/Q47>100%,100%,IF(($J47+K47+L47)/$Q47<0,0,($J47+K47+L47)/$Q47))) -> 1
A48: NATAL | C48: BR3FS | D48: SKIN CARE | E48: MARCELLY ROLDAN | F48: 1228498 | G48: 1490661 | H48: GEL BANHO LOV TOUCH SHOW 150ML | I48: 02 - Active - CM | J48: 9010 | K48: 0 | L48: 0 | M48: 0 | N48: 0 | O48: 0 | P48: 0 | Q48: 1680 | R48: 1 | S48: 0 | T48: 697 | U48: 1 | V48: 0 | AC48: =IF(Q48=0,100%,IF((J48+K48)/Q48>100%,100%,IF(($J48+K48)/$Q48<0,0,($J48+K48)/$Q48))) -> 1 | AD48: =IF(Q48=0,100%,IF((J48+K48+L48)/Q48>100%,100%,IF(($J48+K48+L48)/$Q48<0,0,($J48+K48+L48)/$Q48))) -> 1
A49: NATAL | C49: BR1TP | D49: FRAGRANCE | E49: ANA CAROLINA FARIA | F49: 1222611 | G49: 1358078 | H49: FAR AWAY PINK EDP | I49: 02 - Active - CM | J49: 2919 | K49: 0 | L49: 30000 | M49: 0 | N49: 30000 | O49: 0 | P49: 0 | Q49: 1765 | R49: 1 | S49: 0 | T49: 238 | U49: 1 | V49: 0 | AC49: =IF(Q49=0,100%,IF((J49+K49)/Q49>100%,100%,IF(($J49+K49)/$Q49<0,0,($J49+K49)/$Q49))) -> 1 | AD49: =IF(Q49=0,100%,IF((J49+K49+L49)/Q49>100%,100%,IF(($J49+K49+L49)/$Q49<0,0,($J49+K49+L49)/$Q49))) -> 1
A50: NATAL | C50: BR1TP | D50: FRAGRANCE | E50: ANA CAROLINA FARIA | F50: 1222609 | G50: 1374965 | H50: SEGNO SUCCESS EDT LATAM | I50: 02 - Active - CM | J50: 8815 | K50: 0 | L50: 0 | M50: 0 | N50: 0 | O50: 0 | P50: 0 | Q50: 1053 | R50: 1 | S50: 0 | T50: 426 | U50: 1 | V50: 0 | AC50: =IF(Q50=0,100%,IF((J50+K50)/Q50>100%,100%,IF(($J50+K50)/$Q50<0,0,($J50+K50)/$Q50))) -> 1 | AD50: =IF(Q50=0,100%,IF((J50+K50+L50)/Q50>100%,100%,IF(($J50+K50+L50)/$Q50<0,0,($J50+K50+L50)/$Q50))) -> 1
A51: NATAL | C51: BR3FS | D51: SKIN CARE | E51: MARCELLY ROLDAN | F51: 1227531 | G51: 1485206 | H51: ESFOLIANT CORP SAB LIQ FARAWAY | I51: 02 - Active - CM | J51: 10209 | K51: 0 | L51: 0 | M51: 0 | N51: 0 | O51: 0 | P51: 0 | Q51: 3987 | R51: 1 | S51: 0 | T51: 1323 | U51: 1 | V51: 0 | AC51: =IF(Q51=0,100%,IF((J51+K51)/Q51>100%,100%,IF(($J51+K51)/$Q51<0,0,($J51+K51)/$Q51))) -> 1 | AD51: =IF(Q51=0,100%,IF((J51+K51+L51)/Q51>100%,100%,IF(($J51+K51+L51)/$Q51<0,0,($J51+K51+L51)/$Q51))) -> 1
A52: NATAL | B52: C2331057 - 06/12/2022 - Fornecedor tentando antecipar a entrega dos insimos de produção. Escalado para Sourcing | C52: BR6FS | D52: PERSONAL CARE | E52: CESAR NETO | F52: 1221562 | G52: 1381806 | H52: LOCAO CP ENC FASCINANTE 200ML | I52: 03 - Phase Out - CM | J52: 3882 | K52: 20000 | L52: 0 | M52: 0 | N52: 20000 | O52: 0 | P52: 0 | Q52: 5199 | R52: 0.75 | S52: 1317 | T52: 0 | U52: 1 | V52: 0 | AC52: =IF(Q52=0,100%,IF((J52+K52)/Q52>100%,100%,IF(($J52+K52)/$Q52<0,0,($J52+K52)/$Q52))) -> 1 | AD52: =IF(Q52=0,100%,IF((J52+K52+L52)/Q52>100%,100%,IF(($J52+K52+L52)/$Q52<0,0,($J52+K52+L52)/$Q52))) -> 1
A53: NATAL | C53: BR3FS | D53: SKIN CARE | E53: MARCELLY ROLDAN | F53: 1227317 | G53: 1475637 | H53: SHAMP CABEL E CORP 300KM QUANT | I53: 02 - Active - CM | J53: 9465 | K53: 0 | L53: 0 | M53: 0 | N53: 0 | O53: 0 | P53: 0 | Q53: 3006 | R53: 1 | S53: 0 | T53: 489 | U53: 1 | V53: 0 | AC53: =IF(Q53=0,100%,IF((J53+K53)/Q53>100%,100%,IF(($J53+K53)/$Q53<0,0,($J53+K53)/$Q53))) -> 1 | AD53: =IF(Q53=0,100%,IF((J53+K53+L53)/Q53>100%,100%,IF(($J53+K53+L53)/$Q53<0,0,($J53+K53+L53)/$Q53))) -> 1
A54: NATAL | C54: BR1TP | D54: FRAGRANCE | E54: ANA CAROLINA FARIA | F54: 1229477 | G54: 1488316 | H54: DEO COL PETIT GIRL POWER 50ML | I54: 02 - Active - CM | J54: 6409 | K54: 80850 | L54: 85000 | M54: 60000 | N54: 225850 | O54: 0 | P54: 0 | Q54: 14430 | R54: 0.44 | S54: 8021 | T54: 46518 | U54: 0 | V54: 46518 | AC54: =IF(Q54=0,100%,IF((J54+K54)/Q54>100%,100%,IF(($J54+K54)/$Q54<0,0,($J54+K54)/$Q54))) -> 1 | AD54: =IF(Q54=0,100%,IF((J54+K54+L54)/Q54>100%,100%,IF(($J54+K54+L54)/$Q54<0,0,($J54+K54+L54)/$Q54))) -> 1
A55: NATAL | B55: C2151771 - 27/12/2022 - 28/10 - Fornecedor confirmar que não sera possivel a produção da valvulas deviso a falta do Drive, consumida pelo over da natura. | C55: BR1TP | D55: FRAGRANCE | E55: ANA CAROLINA FARIA | F55: 1159912 | G55: 1372314 | H55: COL MULHER POESIA MORENA FLOR | I55: 02 - Active - CM | J55: 24108 | K55: 93 | L55: 50000 | M55: 40000 | N55: 90093 | O55: 0 | P55: 0 | Q55: 7492 | R55: 1 | S55: 0 | T55: 45824 | U55: 0.36 | V55: 29208 | AC55: =IF(Q55=0,100%,IF((J55+K55)/Q55>100%,100%,IF(($J55+K55)/$Q55<0,0,($J55+K55)/$Q55))) -> 1 | AD55: =IF(Q55=0,100%,IF((J55+K55+L55)/Q55>100%,100%,IF(($J55+K55+L55)/$Q55<0,0,($J55+K55+L55)/$Q55))) -> 1
A56: NATAL | C56: BR3FS | D56: SKIN CARE | E56: MARCELLY ROLDAN | F56: 1224435 | G56: 1408127 | H56: SHAMPOO CABELO E CORPO 90ML | I56: 02 - Active - CM | J56: 21511 | K56: 0 | L56: 0 | M56: 0 | N56: 0 | O56: 0 | P56: 0 | Q56: 372 | R56: 1 | S56: 0 | T56: 573 | U56: 1 | V56: 0 | AC56: =IF(Q56=0,100%,IF((J56+K56)/Q56>100%,100%,IF(($J56+K56)/$Q56<0,0,($J56+K56)/$Q56))) -> 1 | AD56: =IF(Q56=0,100%,IF((J56+K56+L56)/Q56>100%,100%,IF(($J56+K56+L56)/$Q56<0,0,($J56+K56+L56)/$Q56))) -> 1
A57: NATAL | C57: BRTSI | D57: OV | E57: RENATA SOUZA | F57: 1229735 | G57: 1481281 | H57: PALETA SOMBRAS OLHOS QUEEN BEE | I57: 02 - Active - CM | J57: 35397 | K57: 0 | L57: 0 | M57: 0 | N57: 0 | O57: 0 | P57: 0 | Q57: 3370 | R57: 1 | S57: 0 | T57: 3143 | U57: 1 | V57: 0 | AC57: =IF(Q57=0,100%,IF((J57+K57)/Q57>100%,100%,IF(($J57+K57)/$Q57<0,0,($J57+K57)/$Q57))) -> 1 | AD57: =IF(Q57=0,100%,IF((J57+K57+L57)/Q57>100%,100%,IF(($J57+K57+L57)/$Q57<0,0,($J57+K57+L57)/$Q57))) -> 1
A58: NATAL | C58: BR1TP | D58: FRAGRANCE | E58: ANA CAROLINA FARIA | F58: 1228496 | G58: 1487636 | H58: COL LOV U A TOUCH EDP 75ML | I58: 02 - Active - CM | J58: 67991 | K58: 35000 | L58: 0 | M58: 40000 | N58: 75000 | O58: 0 | P58: 0 | Q58: 4330 | R58: 1 | S58: 0 | T58: 15765 | U58: 1 | V58: 0 | AC58: =IF(Q58=0,100%,IF((J58+K58)/Q58>100%,100%,IF(($J58+K58)/$Q58<0,0,($J58+K58)/$Q58))) -> 1 | AD58: =IF(Q58=0,100%,IF((J58+K58+L58)/Q58>100%,100%,IF(($J58+K58+L58)/$Q58<0,0,($J58+K58+L58)/$Q58))) -> 1
A59: NATAL | C59: BR3FS | D59: SKIN CARE | E59: MARCELLY ROLDAN | F59: 1222989 | G59: 1385330 | H59: RENEW VITA C SUPER CONCENTRADO | I59: 03 - Phase Out - CM | J59: 16658 | K59: 0 | L59: 0 | M59: 0 | N59: 0 | O59: 0 | P59: 0 | Q59: 168 | R59: 1 | S59: 0 | T59: 401 | U59: 1 | V59: 0 | AC59: =IF(Q59=0,100%,IF((J59+K59)/Q59>100%,100%,IF(($J59+K59)/$Q59<0,0,($J59+K59)/$Q59))) -> 1 | AD59: =IF(Q59=0,100%,IF((J59+K59+L59)/Q59>100%,100%,IF(($J59+K59+L59)/$Q59<0,0,($J59+K59+L59)/$Q59))) -> 1
A60: NATAL | B60: C2261293 - 16/12/2022 - 0 | C60: BR1TP | D60: FRAGRANCE | E60: ANA CAROLINA FARIA | F60: 1200540 | G60: 1299936 | H60: COLONIA DES FAR AWAY GLAMOUR | I60: 03 - Phase Out - CM | J60: 8574 | K60: 16044 | L60: 30000 | M60: 0 | N60: 46044 | O60: 0 | P60: 0 | Q60: 15163 | R60: 0.57 | S60: 6589 | T60: 1959 | U60: 0 | V60: 1959 | AC60: =IF(Q60=0,100%,IF((J60+K60)/Q60>100%,100%,IF(($J60+K60)/$Q60<0,0,($J60+K60)/$Q60))) -> 1 | AD60: =IF(Q60=0,100%,IF((J60+K60+L60)/Q60>100%,100%,IF(($J60+K60+L60)/$Q60<0,0,($J60+K60+L60)/$Q60))) -> 1
A61: NATAL | B61: C2261293 - 16/12/2022 - 0 | C61: BR1TP | D61: FRAGRANCE | E61: ANA CAROLINA FARIA | F61: 1227294 | G61: 1475824 | H61: COL FAR AWAY SPLENDOR HER 50ML | I61: 02 - Active - CM | J61: 36169 | K61: 5137 | L61: 55000 | M61: 0 | N61: 60137 | O61: 0 | P61: 0 | Q61: 15669 | R61: 1 | S61: 0 | T61: 15990 | U61: 1 | V61: 0 | AC61: =IF(Q61=0,100%,IF((J61+K61)/Q61>100%,100%,IF(($J61+K61)/$Q61<0,0,($J61+K61)/$Q61))) -> 1 | AD61: =IF(Q61=0,100%,IF((J61+K61+L61)/Q61>100%,100%,IF(($J61+K61+L61)/$Q61<0,0,($J61+K61+L61)/$Q61))) -> 1
A62: NATAL | C62: BR1TP | D62: FRAGRANCE | E62: ANA CAROLINA FARIA | F62: 1226985 | G62: 1472689 | H62: COL IMARI ECLIPSE EDT HER 50ML | I62: 02 - Active - CM | J62: 4136 | K62: 30000 | L62: 15000 | M62: 0 | N62: 45000 | O62: 0 | P62: 0 | Q62: 15785 | R62: 0.26 | S62: 11649 | T62: 18345 | U62: 0 | V62: 18345 | AC62: =IF(Q62=0,100%,IF((J62+K62)/Q62>100%,100%,IF(($J62+K62)/$Q62<0,0,($J62+K62)/$Q62))) -> 1 | AD62: =IF(Q62=0,100%,IF((J62+K62+L62)/Q62>100%,100%,IF(($J62+K62+L62)/$Q62<0,0,($J62+K62+L62)/$Q62))) -> 1
A63: NATAL | C63: BR1TP | D63: FRAGRANCE | E63: ANA CAROLINA FARIA | F63: 1227142 | G63: 1440062 | H63: COL SPIDER 150ML REDES 2020 | I63: 03 - Phase Out - CM | J63: 35100 | K63: 988 | L63: 0 | M63: 0 | N63: 988 | O63: 0 | P63: 0 | Q63: 10774 | R63: 1 | S63: 0 | T63: 6976 | U63: 1 | V63: 0 | AC63: =IF(Q63=0,100%,IF((J63+K63)/Q63>100%,100%,IF(($J63+K63)/$Q63<0,0,($J63+K63)/$Q63))) -> 1 | AD63: =IF(Q63=0,100%,IF((J63+K63+L63)/Q63>100%,100%,IF(($J63+K63+L63)/$Q63<0,0,($J63+K63+L63)/$Q63))) -> 1
A64: NATAL | C64: BR3FS | D64: SKIN CARE | E64: MARCELLY ROLDAN | F64: 1221575 | G64: 1381816 | H64: CREME MAO ENC IRRESISTIVEL 75G | I64: 05 - Non Saleable - CM | J64: 3 | K64: 0 | L64: 0 | M64: 0 | N64: 0 | O64: 36 | P64: 36 | Q64: 39 | R64: 0.08 | S64: 36 | T64: 0 | U64: 1 | V64: 0 | AC64: =IF(Q64=0,100%,IF((J64+K64)/Q64>100%,100%,IF(($J64+K64)/$Q64<0,0,($J64+K64)/$Q64))) -> 0.076923077 | AD64: =IF(Q64=0,100%,IF((J64+K64+L64)/Q64>100%,100%,IF(($J64+K64+L64)/$Q64<0,0,($J64+K64+L64)/$Q64))) -> 0.076923077
A65: NATAL | B65: R0505 - 05/12/2022 - 29/11 - O item está previsto para ser coletado hoje no porto de em Itajaí-SC, assim que chegar ao estoque, pediremos a subida do material para Anastácio São Paulo e anteciparão a entrega em 2 dias. | C65: BR3FS | D65: SKIN CARE | E65: MARCELLY ROLDAN | F65: 1199616 | G65: 1259903 | H65: LOCAO CP MULH POES MORENA FLOR | I65: 02 - Active - CM | J65: 29481 | K65: 0 | L65: 0 | M65: 0 | N65: 0 | O65: 0 | P65: 0 | Q65: 5566 | R65: 1 | S65: 0 | T65: 1993 | U65: 1 | V65: 0 | AC65: =IF(Q65=0,100%,IF((J65+K65)/Q65>100%,100%,IF(($J65+K65)/$Q65<0,0,($J65+K65)/$Q65))) -> 1 | AD65: =IF(Q65=0,100%,IF((J65+K65+L65)/Q65>100%,100%,IF(($J65+K65+L65)/$Q65<0,0,($J65+K65+L65)/$Q65))) -> 1
A66: NATAL | B66: R1002 - S/ DATA - 0 | C66: BR3FS | D66: SKIN CARE | E66: MARCELLY ROLDAN | F66: 1226760 | G66: 1476635 | H66: RENEW PROT SOL PFS 50 40 ML | I66: 02 - Active - CM | J66: 31474 | K66: 25000 | L66: 50000 | M66: 0 | N66: 75000 | O66: 0 | P66: 0 | Q66: 22189 | R66: 1 | S66: 0 | T66: 12437 | U66: 0.75 | V66: 3152 | AC66: =IF(Q66=0,100%,IF((J66+K66)/Q66>100%,100%,IF(($J66+K66)/$Q66<0,0,($J66+K66)/$Q66))) -> 1 | AD66: =IF(Q66=0,100%,IF((J66+K66+L66)/Q66>100%,100%,IF(($J66+K66+L66)/$Q66<0,0,($J66+K66+L66)/$Q66))) -> 1
A67: NATAL | C67: BRG02 | D67: COLOR I | E67: RENATA SOUZA | F67: 1232262 | G67: 1500868 | H67: CAIXA ENCANTO TRIO LOCOES | I67: 02 - Active - CM | J67: 3408 | K67: 0 | L67: 0 | M67: 6750 | N67: 6750 | O67: 0 | P67: 0 | Q67: 9855 | R67: 0.35 | S67: 6447 | T67: 0 | U67: 1 | V67: 0 | AC67: =IF(Q67=0,100%,IF((J67+K67)/Q67>100%,100%,IF(($J67+K67)/$Q67<0,0,($J67+K67)/$Q67))) -> 0.34581431 | AD67: =IF(Q67=0,100%,IF((J67+K67+L67)/Q67>100%,100%,IF(($J67+K67+L67)/$Q67<0,0,($J67+K67+L67)/$Q67))) -> 0.34581431
A68: NATAL | C68: BRTSI | D68: OV | E68: RENATA SOUZA | F68: 1229735 | G68: 1481282 | H68: PALETA SOMBRA OLHOS RED MAJEST | I68: 02 - Active - CM | J68: 21880 | K68: 0 | L68: 0 | M68: 0 | N68: 0 | O68: 0 | P68: 0 | Q68: 3408 | R68: 1 | S68: 0 | T68: 2558 | U68: 1 | V68: 0 | AC68: =IF(Q68=0,100%,IF((J68+K68)/Q68>100%,100%,IF(($J68+K68)/$Q68<0,0,($J68+K68)/$Q68))) -> 1 | AD68: =IF(Q68=0,100%,IF((J68+K68+L68)/Q68>100%,100%,IF(($J68+K68+L68)/$Q68<0,0,($J68+K68+L68)/$Q68))) -> 1
A69: NATAL | B69: R0505 - 05/12/2022 - 29/11 - O item está previsto para ser coletado hoje no porto de em Itajaí-SC, assim que chegar ao estoque, pediremos a subida do material para Anastácio São Paulo e anteciparão a entrega em 2 dias. | C69: BR3FS | D69: SKIN CARE | E69: MARCELLY ROLDAN | F69: 1200701 | G69: 1307048 | H69: LOCAO CORPO IMARI NEW FLANKER | I69: 02 - Active - CM | J69: 19332 | K69: 0 | L69: 0 | M69: 0 | N69: 0 | O69: 0 | P69: 0 | Q69: 2969 | R69: 1 | S69: 0 | T69: 277 | U69: 1 | V69: 0 | AC69: =IF(Q69=0,100%,IF((J69+K69)/Q69>100%,100%,IF(($J69+K69)/$Q69<0,0,($J69+K69)/$Q69))) -> 1 | AD69: =IF(Q69=0,100%,IF((J69+K69+L69)/Q69>100%,100%,IF(($J69+K69+L69)/$Q69<0,0,($J69+K69+L69)/$Q69))) -> 1
A70: NATAL | C70: BR1TP | D70: FRAGRANCE | E70: ANA CAROLINA FARIA | F70: 1229679 | G70: 1493048 | H70: AQUAVIBE BLUE LOTUS 150ML | I70: 02 - Active - CM | J70: 31372 | K70: 0 | L70: 0 | M70: 0 | N70: 0 | O70: 0 | P70: 0 | Q70: 6017 | R70: 1 | S70: 0 | T70: 699 | U70: 1 | V70: 0 | AC70: =IF(Q70=0,100%,IF((J70+K70)/Q70>100%,100%,IF(($J70+K70)/$Q70<0,0,($J70+K70)/$Q70))) -> 1 | AD70: =IF(Q70=0,100%,IF((J70+K70+L70)/Q70>100%,100%,IF(($J70+K70+L70)/$Q70<0,0,($J70+K70+L70)/$Q70))) -> 1
A71: NATAL | C71: BR1TP | D71: FRAGRANCE | E71: ANA CAROLINA FARIA | F71: 1230514 | G71: 1484969 | H71: DEO COL PETIT ATTI LAVAND 50ML | I71: 02 - Active - CM | J71: 51588 | K71: 0 | L71: 78000 | M71: 30000 | N71: 108000 | O71: 0 | P71: 0 | Q71: 10425 | R71: 1 | S71: 0 | T71: 3761 | U71: 1 | V71: 0 | AC71: =IF(Q71=0,100%,IF((J71+K71)/Q71>100%,100%,IF(($J71+K71)/$Q71<0,0,($J71+K71)/$Q71))) -> 1 | AD71: =IF(Q71=0,100%,IF((J71+K71+L71)/Q71>100%,100%,IF(($J71+K71+L71)/$Q71<0,0,($J71+K71+L71)/$Q71))) -> 1
A72: NATAL | C72: BR3FS | D72: SKIN CARE | E72: MARCELLY ROLDAN | F72: 1228774 | G72: 1499821 | H72: ENCANTO GLAM CAT ESFO MAOS 30G | I72: 02 - Active - CM | J72: 17905 | K72: 0 | L72: 0 | M72: 0 | N72: 0 | O72: 0 | P72: 0 | Q72: 11871 | R72: 1 | S72: 0 | T72: 0 | U72: 1 | V72: 0 | AC72: =IF(Q72=0,100%,IF((J72+K72)/Q72>100%,100%,IF(($J72+K72)/$Q72<0,0,($J72+K72)/$Q72))) -> 1 | AD72: =IF(Q72=0,100%,IF((J72+K72+L72)/Q72>100%,100%,IF(($J72+K72+L72)/$Q72<0,0,($J72+K72+L72)/$Q72))) -> 1
A73: NATAL | C73: BRG02 | D73: COLOR I | E73: RENATA SOUZA | F73: 1230474 | G73: 1477481 | H73: CAIXA UNISEX 2022 | I73: 02 - Active - CM | J73: 121546 | K73: 0 | L73: 0 | M73: 0 | N73: 0 | O73: 0 | P73: 0 | Q73: 28446 | R73: 1 | S73: 0 | T73: 1348 | U73: 1 | V73: 0 | AC73: =IF(Q73=0,100%,IF((J73+K73)/Q73>100%,100%,IF(($J73+K73)/$Q73<0,0,($J73+K73)/$Q73))) -> 1 | AD73: =IF(Q73=0,100%,IF((J73+K73+L73)/Q73>100%,100%,IF(($J73+K73+L73)/$Q73<0,0,($J73+K73+L73)/$Q73))) -> 1
A74: NATAL | C74: BR3FS | D74: SKIN CARE | E74: MARCELLY ROLDAN | F74: 1196454 | G74: 1227787 | H74: SH CAB CORPO BLACK ESS INTENSO | I74: 02 - Active - CM | J74: 3997 | K74: 0 | L74: 0 | M74: 0 | N74: 0 | O74: 0 | P74: 0 | Q74: 247 | R74: 1 | S74: 0 | T74: 2062 | U74: 1 | V74: 0 | AC74: =IF(Q74=0,100%,IF((J74+K74)/Q74>100%,100%,IF(($J74+K74)/$Q74<0,0,($J74+K74)/$Q74))) -> 1 | AD74: =IF(Q74=0,100%,IF((J74+K74+L74)/Q74>100%,100%,IF(($J74+K74+L74)/$Q74<0,0,($J74+K74+L74)/$Q74))) -> 1
A75: NATAL | B75: C2322557 - 05/12/2022 - 0 | C75: BR1TP | D75: FRAGRANCE | E75: ANA CAROLINA FARIA | F75: 1230405 | G75: 1484353 | H75: COL FULL SPEED MAX TURBO 100ML | I75: 02 - Active - CM | J75: 11163 | K75: 30000 | L75: 30000 | M75: 0 | N75: 60000 | O75: 0 | P75: 0 | Q75: 15927 | R75: 0.7 | S75: 4764 | T75: 5029 | U75: 0 | V75: 5029 | AC75: =IF(Q75=0,100%,IF((J75+K75)/Q75>100%,100%,IF(($J75+K75)/$Q75<0,0,($J75+K75)/$Q75))) -> 1 | AD75: =IF(Q75=0,100%,IF((J75+K75+L75)/Q75>100%,100%,IF(($J75+K75+L75)/$Q75<0,0,($J75+K75+L75)/$Q75))) -> 1
A76: NATAL | C76: BRG02 | D76: COLOR I | E76: RENATA SOUZA | F76: 1230470 | G76: 1477478 | H76: SACOLA PP UNISEX 2022 | I76: 02 - Active - CM | J76: 131299 | K76: 0 | L76: 0 | M76: 0 | N76: 0 | O76: 0 | P76: 0 | Q76: 50801 | R76: 1 | S76: 0 | T76: 2803 | U76: 1 | V76: 0 | AC76: =IF(Q76=0,100%,IF((J76+K76)/Q76>100%,100%,IF(($J76+K76)/$Q76<0,0,($J76+K76)/$Q76))) -> 1 | AD76: =IF(Q76=0,100%,IF((J76+K76+L76)/Q76>100%,100%,IF(($J76+K76+L76)/$Q76<0,0,($J76+K76+L76)/$Q76))) -> 1
A77: NATAL | C77: BR9CB | D77: COLOR I | E77: RENATA SOUZA | F77: 1222636 | G77: 1486442 | H77: BATOM ULTRA MATTE ENCANTO REAL | I77: 02 - Active - CM | J77: 42835 | K77: 5722 | L77: 0 | M77: 0 | N77: 5722 | O77: 0 | P77: 0 | Q77: 2122 | R77: 1 | S77: 0 | T77: 8348 | U77: 1 | V77: 0 | AC77: =IF(Q77=0,100%,IF((J77+K77)/Q77>100%,100%,IF(($J77+K77)/$Q77<0,0,($J77+K77)/$Q77))) -> 1 | AD77: =IF(Q77=0,100%,IF((J77+K77+L77)/Q77>100%,100%,IF(($J77+K77+L77)/$Q77<0,0,($J77+K77+L77)/$Q77))) -> 1
A78: NATAL | B78: R0505 - 05/12/2022 - 29/11 - O item está previsto para ser coletado hoje no porto de em Itajaí-SC, assim que chegar ao estoque, pediremos a subida do material para Anastácio São Paulo e anteciparão a entrega em 2 dias. | C78: BR3FS | D78: SKIN CARE | E78: MARCELLY ROLDAN | F78: 1200535 | G78: 1306875 | H78: LOCAO CP FAR AWAY NEW FLANKER | I78: 02 - Active - CM | J78: 8656 | K78: 0 | L78: 0 | M78: 0 | N78: 0 | O78: 0 | P78: 0 | Q78: 200 | R78: 1 | S78: 0 | T78: 374 | U78: 1 | V78: 0 | AC78: =IF(Q78=0,100%,IF((J78+K78)/Q78>100%,100%,IF(($J78+K78)/$Q78<0,0,($J78+K78)/$Q78))) -> 1 | AD78: =IF(Q78=0,100%,IF((J78+K78+L78)/Q78>100%,100%,IF(($J78+K78+L78)/$Q78<0,0,($J78+K78+L78)/$Q78))) -> 1
A79: NATAL | C79: BR2FS | D79: SKIN CARE | E79: MARCELLY ROLDAN | F79: 1228372 | G79: 1465456 | H79: RENEW VITAM D GEL CREME 15G | I79: 02 - Active - CM | J79: 14289 | K79: 0 | L79: 0 | M79: 0 | N79: 0 | O79: 0 | P79: 0 | Q79: 305 | R79: 1 | S79: 0 | T79: 1889 | U79: 1 | V79: 0 | AC79: =IF(Q79=0,100%,IF((J79+K79)/Q79>100%,100%,IF(($J79+K79)/$Q79<0,0,($J79+K79)/$Q79))) -> 1 | AD79: =IF(Q79=0,100%,IF((J79+K79+L79)/Q79>100%,100%,IF(($J79+K79+L79)/$Q79<0,0,($J79+K79+L79)/$Q79))) -> 1
A80: NATAL | C80: BRG02 | D80: COLOR I | E80: RENATA SOUZA | F80: 1232261 | G80: 1500867 | H80: CAIXA AVON CARE BABY | I80: 02 - Active - CM | J80: 17443 | K80: 0 | L80: 0 | M80: 0 | N80: 0 | O80: 0 | P80: 0 | Q80: 14857 | R80: 1 | S80: 0 | T80: 0 | U80: 1 | V80: 0 | AC80: =IF(Q80=0,100%,IF((J80+K80)/Q80>100%,100%,IF(($J80+K80)/$Q80<0,0,($J80+K80)/$Q80))) -> 1 | AD80: =IF(Q80=0,100%,IF((J80+K80+L80)/Q80>100%,100%,IF(($J80+K80+L80)/$Q80<0,0,($J80+K80+L80)/$Q80))) -> 1
A81: NATAL | C81: BR1TP | D81: FRAGRANCE | E81: ANA CAROLINA FARIA | F81: 1222610 | G81: 1358077 | H81: COL DES FAR AWAY GLAMOUR | I81: 02 - Active - CM | J81: 706 | K81: 0 | L81: 14000 | M81: 0 | N81: 14000 | O81: 0 | P81: 0 | Q81: 1595 | R81: 0.44 | S81: 889 | T81: 297 | U81: 0 | V81: 297 | AC81: =IF(Q81=0,100%,IF((J81+K81)/Q81>100%,100%,IF(($J81+K81)/$Q81<0,0,($J81+K81)/$Q81))) -> 0.44263323 | AD81: =IF(Q81=0,100%,IF((J81+K81+L81)/Q81>100%,100%,IF(($J81+K81+L81)/$Q81<0,0,($J81+K81+L81)/$Q81))) -> 1
A82: NATAL | C82: BR6FS | D82: PERSONAL CARE | E82: CESAR NETO | F82: 1229844 | G82: 1472705 | H82: LOCAO CORP IRRESISTIVEL 200ML | I82: 02 - Active - CM | J82: 22857 | K82: 5600 | L82: 0 | M82: 0 | N82: 5600 | O82: 0 | P82: 0 | Q82: 18416 | R82: 1 | S82: 0 | T82: 105 | U82: 1 | V82: 0 | AC82: =IF(Q82=0,100%,IF((J82+K82)/Q82>100%,100%,IF(($J82+K82)/$Q82<0,0,($J82+K82)/$Q82))) -> 1 | AD82: =IF(Q82=0,100%,IF((J82+K82+L82)/Q82>100%,100%,IF(($J82+K82+L82)/$Q82<0,0,($J82+K82+L82)/$Q82))) -> 1
A83: NATAL | C83: BR3FS | D83: SKIN CARE | E83: MARCELLY ROLDAN | F83: 1227245 | G83: 1467962 | H83: GEL BANHO SAB LIQ ENC GLAMOROU | I83: 02 - Active - CM | J83: 9278 | K83: 17000 | L83: 0 | M83: 0 | N83: 17000 | O83: 0 | P83: 0 | Q83: 14184 | R83: 0.65 | S83: 4906 | T83: 2456 | U83: 0 | V83: 2456 | AC83: =IF(Q83=0,100%,IF((J83+K83)/Q83>100%,100%,IF(($J83+K83)/$Q83<0,0,($J83+K83)/$Q83))) -> 1 | AD83: =IF(Q83=0,100%,IF((J83+K83+L83)/Q83>100%,100%,IF(($J83+K83+L83)/$Q83<0,0,($J83+K83+L83)/$Q83))) -> 1
A84: NATAL | C84: BR3FS | D84: SKIN CARE | E84: MARCELLY ROLDAN | F84: 1231942 | G84: 1500672 | H84: EXCLUS SHAMP CABEL CORP 90ML | I84: 02 - Active - CM | J84: 7573 | K84: 0 | L84: 0 | M84: 0 | N84: 0 | O84: 0 | P84: 0 | Q84: 3232 | R84: 1 | S84: 0 | T84: 168 | U84: 1 | V84: 0 | AC84: =IF(Q84=0,100%,IF((J84+K84)/Q84>100%,100%,IF(($J84+K84)/$Q84<0,0,($J84+K84)/$Q84))) -> 1 | AD84: =IF(Q84=0,100%,IF((J84+K84+L84)/Q84>100%,100%,IF(($J84+K84+L84)/$Q84<0,0,($J84+K84+L84)/$Q84))) -> 1
A85: NATAL | C85: BR3FS | D85: SKIN CARE | E85: MARCELLY ROLDAN | G85: 1476641 | H85: RENEW FACIAL VITAMINA C 10G | I85: - | J85: 0 | K85: 0 | L85: 0 | M85: 0 | N85: 0 | O85: 0 | P85: 0 | Q85: 0 | R85: 1 | S85: 0 | T85: 0 | U85: 1 | V85: 0 | AC85: =IF(Q85=0,100%,IF((J85+K85)/Q85>100%,100%,IF(($J85+K85)/$Q85<0,0,($J85+K85)/$Q85))) -> 1 | AD85: =IF(Q85=0,100%,IF((J85+K85+L85)/Q85>100%,100%,IF(($J85+K85+L85)/$Q85<0,0,($J85+K85+L85)/$Q85))) -> 1
A86: NATAL | C86: BR3FS | D86: SKIN CARE | E86: MARCELLY ROLDAN | F86: 1196898 | G86: 1248943 | H86: AVON NEW PILLAR HBW FOR HIM | I86: 02 - Active - CM | J86: 18476 | K86: 0 | L86: 0 | M86: 0 | N86: 0 | O86: 0 | P86: 0 | Q86: 1373 | R86: 1 | S86: 0 | T86: 650 | U86: 1 | V86: 0 | AC86: =IF(Q86=0,100%,IF((J86+K86)/Q86>100%,100%,IF(($J86+K86)/$Q86<0,0,($J86+K86)/$Q86))) -> 1 | AD86: =IF(Q86=0,100%,IF((J86+K86+L86)/Q86>100%,100%,IF(($J86+K86+L86)/$Q86<0,0,($J86+K86+L86)/$Q86))) -> 1
A87: NATAL | C87: BRG02 | D87: COLOR I | E87: RENATA SOUZA | F87: 1230471 | G87: 1477479 | H87: SACOLA P UNISEX 2022 | I87: 02 - Active - CM | J87: 182674 | K87: 0 | L87: 0 | M87: 0 | N87: 0 | O87: 0 | P87: 0 | Q87: 137966 | R87: 1 | S87: 0 | T87: 22548 | U87: 1 | V87: 0 | AC87: =IF(Q87=0,100%,IF((J87+K87)/Q87>100%,100%,IF(($J87+K87)/$Q87<0,0,($J87+K87)/$Q87))) -> 1 | AD87: =IF(Q87=0,100%,IF((J87+K87+L87)/Q87>100%,100%,IF(($J87+K87+L87)/$Q87<0,0,($J87+K87+L87)/$Q87))) -> 1
A88: NATAL | C88: BR1TP | D88: FRAGRANCE | E88: ANA CAROLINA FARIA | F88: 1225601 | G88: 1420731 | H88: COL IMARI CORSET EDT REVAMP | I88: 02 - Active - CM | J88: 4323 | K88: 0 | L88: 30000 | M88: 0 | N88: 30000 | O88: 0 | P88: 0 | Q88: 3601 | R88: 1 | S88: 0 | T88: 1157 | U88: 0.62 | V88: 435 | AC88: =IF(Q88=0,100%,IF((J88+K88)/Q88>100%,100%,IF(($J88+K88)/$Q88<0,0,($J88+K88)/$Q88))) -> 1 | AD88: =IF(Q88=0,100%,IF((J88+K88+L88)/Q88>100%,100%,IF(($J88+K88+L88)/$Q88<0,0,($J88+K88+L88)/$Q88))) -> 1
A89: NATAL | B89: C2267769 - 06/12/2022 - 0 | C89: BR1TP | D89: FRAGRANCE | E89: ANA CAROLINA FARIA | F89: 1196921 | G89: 1218418 | H89: COLONIA DESODORANTE SEGNO | I89: 02 - Active - CM | J89: 9208 | K89: 0 | L89: 20000 | M89: 0 | N89: 20000 | O89: 0 | P89: 0 | Q89: 16590 | R89: 0.56 | S89: 7382 | T89: 5296 | U89: 0 | V89: 5296 | AC89: =IF(Q89=0,100%,IF((J89+K89)/Q89>100%,100%,IF(($J89+K89)/$Q89<0,0,($J89+K89)/$Q89))) -> 0.55503315 | AD89: =IF(Q89=0,100%,IF((J89+K89+L89)/Q89>100%,100%,IF(($J89+K89+L89)/$Q89<0,0,($J89+K89+L89)/$Q89))) -> 1
A90: NATAL | C90: BRG02 | D90: COLOR I | E90: RENATA SOUZA | F90: 1232259 | G90: 1500865 | H90: CAIXA STD EXCLUSIVA NATAL | I90: 02 - Active - CM | J90: 26544 | K90: 0 | L90: 0 | M90: 0 | N90: 0 | O90: 28457 | P90: 38080 | Q90: 55001 | R90: 0.48 | S90: 28457 | T90: 9623 | U90: 0 | V90: 9623 | AC90: =IF(Q90=0,100%,IF((J90+K90)/Q90>100%,100%,IF(($J90+K90)/$Q90<0,0,($J90+K90)/$Q90))) -> 0.48260941 | AD90: =IF(Q90=0,100%,IF((J90+K90+L90)/Q90>100%,100%,IF(($J90+K90+L90)/$Q90<0,0,($J90+K90+L90)/$Q90))) -> 0.48260941
A91: NATAL | C91: BRG04 | D91: OV | E91: RENATA SOUZA | F91: 1228764 | G91: 1473013 | H91: SABONETES CREM ENCANTO 4X80G | I91: 02 - Active - CM | J91: 577609 | K91: 0 | L91: 0 | M91: 0 | N91: 0 | O91: 0 | P91: 0 | Q91: 133614 | R91: 1 | S91: 0 | T91: 0 | U91: 1 | V91: 0 | AC91: =IF(Q91=0,100%,IF((J91+K91)/Q91>100%,100%,IF(($J91+K91)/$Q91<0,0,($J91+K91)/$Q91))) -> 1 | AD91: =IF(Q91=0,100%,IF((J91+K91+L91)/Q91>100%,100%,IF(($J91+K91+L91)/$Q91<0,0,($J91+K91+L91)/$Q91))) -> 1
A92: NATAL | C92: BR1TP | D92: FRAGRANCE | E92: ANA CAROLINA FARIA | F92: 1222927 | G92: 1408126 | H92: COL ATTRACT DESIRE HER 50ML | I92: 02 - Active - CM | J92: 6090 | K92: 15000 | L92: 0 | M92: 0 | N92: 15000 | O92: 0 | P92: 0 | Q92: 549 | R92: 1 | S92: 0 | T92: 1889 | U92: 1 | V92: 0 | AC92: =IF(Q92=0,100%,IF((J92+K92)/Q92>100%,100%,IF(($J92+K92)/$Q92<0,0,($J92+K92)/$Q92))) -> 1 | AD92: =IF(Q92=0,100%,IF((J92+K92+L92)/Q92>100%,100%,IF(($J92+K92+L92)/$Q92<0,0,($J92+K92+L92)/$Q92))) -> 1
A93: NATAL | C93: BR1TP | D93: FRAGRANCE | E93: ANA CAROLINA FARIA | F93: 1232044 | G93: 1497050 | H93: AGUA COLONIA BADY PLUTO 100 ML | I93: 02 - Active - CM | J93: 13471 | K93: 30371 | L93: 0 | M93: 0 | N93: 30371 | O93: 0 | P93: 0 | Q93: 17204 | R93: 0.78 | S93: 3733 | T93: 5569 | U93: 0 | V93: 5569 | AC93: =IF(Q93=0,100%,IF((J93+K93)/Q93>100%,100%,IF(($J93+K93)/$Q93<0,0,($J93+K93)/$Q93))) -> 1 | AD93: =IF(Q93=0,100%,IF((J93+K93+L93)/Q93>100%,100%,IF(($J93+K93+L93)/$Q93<0,0,($J93+K93+L93)/$Q93))) -> 1
A94: NATAL | B94: R0081 - 06/12/2022 - 0 | C94: BR8FS | D94: COLOR II | E94: GRACIANO MATA | F94: 1224299 | G94: 1444369 | H94: LIPBALM RELABEL DISNEY FROZEN | I94: 03 - Phase Out - CM | J94: 13994 | K94: 0 | L94: 0 | M94: 0 | N94: 0 | O94: 0 | P94: 4450 | Q94: 11078 | R94: 1 | S94: 0 | T94: 7366 | U94: 0.4 | V94: 4450 | AC94: =IF(Q94=0,100%,IF((J94+K94)/Q94>100%,100%,IF(($J94+K94)/$Q94<0,0,($J94+K94)/$Q94))) -> 1 | AD94: =IF(Q94=0,100%,IF((J94+K94+L94)/Q94>100%,100%,IF(($J94+K94+L94)/$Q94<0,0,($J94+K94+L94)/$Q94))) -> 1
A95: NATAL | C95: BR1TP | D95: FRAGRANCE | E95: ANA CAROLINA FARIA | F95: 1230569 | G95: 1486149 | H95: COLONIA SURREAL GARDEN 75ML | I95: 02 - Active - CM | J95: 22024 | K95: 23888 | L95: 0 | M95: 0 | N95: 23888 | O95: 0 | P95: 0 | Q95: 9498 | R95: 1 | S95: 0 | T95: 3008 | U95: 1 | V95: 0 | AC95: =IF(Q95=0,100%,IF((J95+K95)/Q95>100%,100%,IF(($J95+K95)/$Q95<0,0,($J95+K95)/$Q95))) -> 1 | AD95: =IF(Q95=0,100%,IF((J95+K95+L95)/Q95>100%,100%,IF(($J95+K95+L95)/$Q95<0,0,($J95+K95+L95)/$Q95))) -> 1
A96: NATAL | C96: BR1TP | D96: FRAGRANCE | E96: ANA CAROLINA FARIA | F96: 1227429 | G96: 1473118 | H96: COLONIA LOV U EDP 75ML | I96: 03 - Phase Out - CM | J96: 30299 | K96: 40000 | L96: 0 | M96: 0 | N96: 40000 | O96: 0 | P96: 0 | Q96: 2807 | R96: 1 | S96: 0 | T96: 2524 | U96: 1 | V96: 0 | AC96: =IF(Q96=0,100%,IF((J96+K96)/Q96>100%,100%,IF(($J96+K96)/$Q96<0,0,($J96+K96)/$Q96))) -> 1 | AD96: =IF(Q96=0,100%,IF((J96+K96+L96)/Q96>100%,100%,IF(($J96+K96+L96)/$Q96<0,0,($J96+K96+L96)/$Q96))) -> 1
A97: NATAL | C97: BR6FS | D97: PERSONAL CARE | E97: CESAR NETO | F97: 1221551 | G97: 1381805 | H97: LOCAO CP ENCANTO FASCINANTE | I97: 03 - Phase Out - CM | J97: 8750 | K97: 15000 | L97: 0 | M97: 0 | N97: 15000 | O97: 0 | P97: 0 | Q97: 10347 | R97: 0.85 | S97: 1597 | T97: 0 | U97: 1 | V97: 0 | AC97: =IF(Q97=0,100%,IF((J97+K97)/Q97>100%,100%,IF(($J97+K97)/$Q97<0,0,($J97+K97)/$Q97))) -> 1 | AD97: =IF(Q97=0,100%,IF((J97+K97+L97)/Q97>100%,100%,IF(($J97+K97+L97)/$Q97<0,0,($J97+K97+L97)/$Q97))) -> 1
A98: NATAL | C98: BR1TP | D98: FRAGRANCE | E98: ANA CAROLINA FARIA | F98: 1221181 | G98: 1328771 | H98: COL DES BLACK ESSENTIAL INTENS | I98: 02 - Active - CM | J98: 1396 | K98: 0 | L98: 60000 | M98: 0 | N98: 60000 | O98: 0 | P98: 0 | Q98: 1046 | R98: 1 | S98: 0 | T98: 4124 | U98: 0.08 | V98: 3774 | AC98: =IF(Q98=0,100%,IF((J98+K98)/Q98>100%,100%,IF(($J98+K98)/$Q98<0,0,($J98+K98)/$Q98))) -> 1 | AD98: =IF(Q98=0,100%,IF((J98+K98+L98)/Q98>100%,100%,IF(($J98+K98+L98)/$Q98<0,0,($J98+K98+L98)/$Q98))) -> 1
A99: NATAL | B99: R3746 - S/ DATA - 0 | C99: BR0FS | D99: COLOR II | E99: GRACIANO MATA | F99: 1220643 | G99: 1329248 | H99: MASCARA CILIOS MULTIBENEFICIOS | I99: 02 - Active - CM | J99: 89367 | K99: 0 | L99: 0 | M99: 0 | N99: 0 | O99: 0 | P99: 0 | Q99: 3447 | R99: 1 | S99: 0 | T99: 5807 | U99: 1 | V99: 0 | AC99: =IF(Q99=0,100%,IF((J99+K99)/Q99>100%,100%,IF(($J99+K99)/$Q99<0,0,($J99+K99)/$Q99))) -> 1 | AD99: =IF(Q99=0,100%,IF((J99+K99+L99)/Q99>100%,100%,IF(($J99+K99+L99)/$Q99<0,0,($J99+K99+L99)/$Q99))) -> 1
A100: NATAL | C100: BRG02 | D100: COLOR I | E100: RENATA SOUZA | F100: 1232258 | G100: 1500864 | H100: CAIXA ENCANTO TRIO MAOS | I100: 02 - Active - CM | J100: 883 | K100: 0 | L100: 0 | M100: 2250 | N100: 2250 | O100: 0 | P100: 0 | Q100: 94 | R100: 1 | S100: 0 | T100: 2823 | U100: 0.28 | V100: 2034 | AC100: =IF(Q100=0,100%,IF((J100+K100)/Q100>100%,100%,IF(($J100+K100)/$Q100<0,0,($J100+K100)/$Q100))) -> 1 | AD100: =IF(Q100=0,100%,IF((J100+K100+L100)/Q100>100%,100%,IF(($J100+K100+L100)/$Q100<0,0,($J100+K100+L100)/$Q100))) -> 1
...

Sheet Só KIT CP03
M1: Demanda KIT WEB | P1: Demanda KIT Cenario Maximo | S1: Cenario Medio | U1: Cenario Maximo
A2: Item Grot | B2: CATEGORIA | C2: PLANEJADOR | D2: FSC | E2: DESCRIÇÃO | F2: VIDA | G2: SKT TOTAL | H2: FALTA PROD W ATUAL | I2: ORDENS W+1 | J2: ORDENS W+2 | K2: TOTAL A PRODUZIR 3 Semanas | L2: Falta Faturar CP Atual | M2: DEMANDA | N2: % COB | O2: FALTA | P2: DEMANDA | Q2: % COB | R2: FALTA | S2: % COB + Prod Semana Abertura | T2: % COB + Prod 1 Semana após Abertura | U2: % COB + Prod 1 Semana Antes Maximo | V2: % COB + Prod Abertura Maximo
A3: ='BASE - Geral'!B3 -> 0 | B3: ='BASE - Geral'!D3 -> SKIN CARE | C3: ='BASE - Geral'!E3 -> MARCELLY ROLDAN | D3: ='BASE - Geral'!G3 -> 1493955 | E3: ='BASE - Geral'!H3 -> LOCAO CORP SURREAL GARDEN 90ML | F3: ='BASE - Geral'!I3 -> 02 - Active - CM | G3: ='BASE - Geral'!J3 -> 29193 | H3: ='BASE - Geral'!K3 -> 0 | I3: ='BASE - Geral'!L3 -> 0 | J3: ='BASE - Geral'!M3 -> 0 | K3: ='BASE - Geral'!N3 -> 0 | L3: ='BASE - Geral'!Q3 -> 6608 | M3: =VLOOKUP(D3,'Demanda Isolada KIT'!$M$2:$P$1048576,2,0) -> 22428 | N3: =IF(M3=0,100%,IF((G3-L3)/M3>100%,100%,IF(($G3-L3)/$M3<0,0,($G3-L3)/$M3))) -> 1 | O3: =IF(L3+M3-G3>0,L3+M3-G3,0) -> 0 | P3: =VLOOKUP(D3,'Demanda Isolada KIT'!$R$2:$U$1048576,2,0) -> 0 | Q3: =IF(P3=0,100%,IF((G3-L3)/P3>100%,100%,IF(($G3-L3)/$P3<0,0,($G3-L3)/$P3))) -> 1 | R3: =IF(L3+P3-G3>0,L3+P3-G3,0) -> 0 | S3: =IF(M3=0,100%,IF((G3+H3-L3)/M3>100%,100%,IF(($G3+H3-L3)/$M3<0,0,($G3+H3-L3)/$M3))) -> 1 | T3: =IF(M3=0,100%,IF((G3+H3+I3-L3)/M3>100%,100%,IF(($G3+H3+I3-L3)/$M3<0,0,($G3+H3+I3-L3)/$M3))) -> 1 | U3: =IF(P3=0,100%,IF((G3+H3-L3)/P3>100%,100%,IF(($G3+H3-L3)/$P3<0,0,($G3+H3-L3)/$P3))) -> 1 | V3: =IF(P3=0,100%,IF((G3+H3+I3-L3)/P3>100%,100%,IF(($G3+H3+I3-L3)/$P3<0,0,($G3+H3+I3-L3)/$P3))) -> 1
A4: ='BASE - Geral'!#REF! -> #REF! | B4: ='BASE - Geral'!#REF! -> #REF! | C4: ='BASE - Geral'!#REF! -> #REF! | D4: ='BASE - Geral'!#REF! -> #REF! | E4: ='BASE - Geral'!#REF! -> #REF! | F4: ='BASE - Geral'!#REF! -> #REF! | G4: ='BASE - Geral'!#REF! -> #REF! | H4: ='BASE - Geral'!#REF! -> #REF! | ... L4: ='BASE - Geral'!#REF! -> #REF! | M4: =VLOOKUP(D4,'Demanda Isolada KIT'!$M$2:$P$1048576,2,0) -> #REF! | N4: =IF(M4=0,100%,IF((G4-L4)/M4>100%,100%,IF(($G4-L4)/$M4<0,0,($G4-L4)/$M4))) -> #REF! | O4: =IF(L4+M4-G4>0,L4+M4-G4,0) -> #REF! | P4: =VLOOKUP(D4,'Demanda Isolada KIT'!$R$2:$U$1048576,2,0) -> #REF! | Q4: =IF(P4=0,100%,IF((G4-L4)/P4>100%,100%,IF(($G4-L4)/$P4<0,0,($G4-L4)/$P4))) -> #REF! | R4: =IF(L4+P4-G4>0,L4+P4-G4,0) -> #REF! | S4: =IF(M4=0,100%,IF((G4+H4-L4)/M4>100%,100%,IF(($G4+H4-L4)/$M4<0,0,($G4+H4-L4)/$M4))) -> #REF! | T4: =IF(M4=0,100%,IF((G4+H4+I4-L4)/M4>100%,100%,IF(($G4+H4+I4-L4)/$M4<0,0,($G4+H4+I4-L4)/$M4))) -> #REF! | U4: =IF(P4=0,100%,IF((G4+H4-L4)/P4>100%,100%,IF(($G4+H4-L4)/$P4<0,0,($G4+H4-L4)/$P4))) -> #REF! | V4: =IF(P4=0,100%,IF((G4+H4+I4-L4)/P4>100%,100%,IF(($G4+H4+I4-L4)/$P4<0,0,($G4+H4+I4-L4)/$P4))) -> #REF!
A5: ='BASE - Geral'!#REF! -> #REF! | B5: ='BASE - Geral'!#REF! -> #REF! | C5: ='BASE - Geral'!#REF! -> #REF! | D5: ='BASE - Geral'!#REF! -> #REF! | E5: ='BASE - Geral'!#REF! -> #REF! | F5: ='BASE - Geral'!#REF! -> #REF! | G5: ='BASE - Geral'!#REF! -> #REF! | H5: ='BASE - Geral'!#REF! -> #REF! | ... L5: ='BASE - Geral'!#REF! -> #REF! | M5: =VLOOKUP(D5,'Demanda Isolada KIT'!$M$2:$P$1048576,2,0) -> #REF! | N5: =IF(M5=0,100%,IF((G5-L5)/M5>100%,100%,IF(($G5-L5)/$M5<0,0,($G5-L5)/$M5))) -> #REF! | O5: =IF(L5+M5-G5>0,L5+M5-G5,0) -> #REF! | P5: =VLOOKUP(D5,'Demanda Isolada KIT'!$R$2:$U$1048576,2,0) -> #REF! | Q5: =IF(P5=0,100%,IF((G5-L5)/P5>100%,100%,IF(($G5-L5)/$P5<0,0,($G5-L5)/$P5))) -> #REF! | R5: =IF(L5+P5-G5>0,L5+P5-G5,0) -> #REF! | S5: =IF(M5=0,100%,IF((G5+H5-L5)/M5>100%,100%,IF(($G5+H5-L5)/$M5<0,0,($G5+H5-L5)/$M5))) -> #REF! | T5: =IF(M5=0,100%,IF((G5+H5+I5-L5)/M5>100%,100%,IF(($G5+H5+I5-L5)/$M5<0,0,($G5+H5+I5-L5)/$M5))) -> #REF! | U5: =IF(P5=0,100%,IF((G5+H5-L5)/P5>100%,100%,IF(($G5+H5-L5)/$P5<0,0,($G5+H5-L5)/$P5))) -> #REF! | V5: =IF(P5=0,100%,IF((G5+H5+I5-L5)/P5>100%,100%,IF(($G5+H5+I5-L5)/$P5<0,0,($G5+H5+I5-L5)/$P5))) -> #REF!
A6: ='BASE - Geral'!#REF! -> #REF! | B6: ='BASE - Geral'!#REF! -> #REF! | C6: ='BASE - Geral'!#REF! -> #REF! | D6: ='BASE - Geral'!#REF! -> #REF! | E6: ='BASE - Geral'!#REF! -> #REF! | F6: ='BASE - Geral'!#REF! -> #REF! | G6: ='BASE - Geral'!#REF! -> #REF! | H6: ='BASE - Geral'!#REF! -> #REF! | ... L6: ='BASE - Geral'!#REF! -> #REF! | M6: =VLOOKUP(D6,'Demanda Isolada KIT'!$M$2:$P$1048576,2,0) -> #REF! | N6: =IF(M6=0,100%,IF((G6-L6)/M6>100%,100%,IF(($G6-L6)/$M6<0,0,($G6-L6)/$M6))) -> #REF! | O6: =IF(L6+M6-G6>0,L6+M6-G6,0) -> #REF! | P6: =VLOOKUP(D6,'Demanda Isolada KIT'!$R$2:$U$1048576,2,0) -> #REF! | Q6: =IF(P6=0,100%,IF((G6-L6)/P6>100%,100%,IF(($G6-L6)/$P6<0,0,($G6-L6)/$P6))) -> #REF! | R6: =IF(L6+P6-G6>0,L6+P6-G6,0) -> #REF! | S6: =IF(M6=0,100%,IF((G6+H6-L6)/M6>100%,100%,IF(($G6+H6-L6)/$M6<0,0,($G6+H6-L6)/$M6))) -> #REF! | T6: =IF(M6=0,100%,IF((G6+H6+I6-L6)/M6>100%,100%,IF(($G6+H6+I6-L6)/$M6<0,0,($G6+H6+I6-L6)/$M6))) -> #REF! | U6: =IF(P6=0,100%,IF((G6+H6-L6)/P6>100%,100%,IF(($G6+H6-L6)/$P6<0,0,($G6+H6-L6)/$P6))) -> #REF! | V6: =IF(P6=0,100%,IF((G6+H6+I6-L6)/P6>100%,100%,IF(($G6+H6+I6-L6)/$P6<0,0,($G6+H6+I6-L6)/$P6))) -> #REF!
A7: ='BASE - Geral'!#REF! -> #REF! | B7: ='BASE - Geral'!#REF! -> #REF! | C7: ='BASE - Geral'!#REF! -> #REF! | D7: ='BASE - Geral'!#REF! -> #REF! | E7: ='BASE - Geral'!#REF! -> #REF! | F7: ='BASE - Geral'!#REF! -> #REF! | G7: ='BASE - Geral'!#REF! -> #REF! | H7: ='BASE - Geral'!#REF! -> #REF! | ... L7: ='BASE - Geral'!#REF! -> #REF! | M7: =VLOOKUP(D7,'Demanda Isolada KIT'!$M$2:$P$1048576,2,0) -> #REF! | N7: =IF(M7=0,100%,IF((G7-L7)/M7>100%,100%,IF(($G7-L7)/$M7<0,0,($G7-L7)/$M7))) -> #REF! | O7: =IF(L7+M7-G7>0,L7+M7-G7,0) -> #REF! | P7: =VLOOKUP(D7,'Demanda Isolada KIT'!$R$2:$U$1048576,2,0) -> #REF! | Q7: =IF(P7=0,100%,IF((G7-L7)/P7>100%,100%,IF(($G7-L7)/$P7<0,0,($G7-L7)/$P7))) -> #REF! | R7: =IF(L7+P7-G7>0,L7+P7-G7,0) -> #REF! | S7: =IF(M7=0,100%,IF((G7+H7-L7)/M7>100%,100%,IF(($G7+H7-L7)/$M7<0,0,($G7+H7-L7)/$M7))) -> #REF! | T7: =IF(M7=0,100%,IF((G7+H7+I7-L7)/M7>100%,100%,IF(($G7+H7+I7-L7)/$M7<0,0,($G7+H7+I7-L7)/$M7))) -> #REF! | U7: =IF(P7=0,100%,IF((G7+H7-L7)/P7>100%,100%,IF(($G7+H7-L7)/$P7<0,0,($G7+H7-L7)/$P7))) -> #REF! | V7: =IF(P7=0,100%,IF((G7+H7+I7-L7)/P7>100%,100%,IF(($G7+H7+I7-L7)/$P7<0,0,($G7+H7+I7-L7)/$P7))) -> #REF!
A8: ='BASE - Geral'!#REF! -> #REF! | B8: ='BASE - Geral'!#REF! -> #REF! | C8: ='BASE - Geral'!#REF! -> #REF! | D8: ='BASE - Geral'!#REF! -> #REF! | E8: ='BASE - Geral'!#REF! -> #REF! | F8: ='BASE - Geral'!#REF! -> #REF! | G8: ='BASE - Geral'!#REF! -> #REF! | H8: ='BASE - Geral'!#REF! -> #REF! | ... L8: ='BASE - Geral'!#REF! -> #REF! | M8: =VLOOKUP(D8,'Demanda Isolada KIT'!$M$2:$P$1048576,2,0) -> #REF! | N8: =IF(M8=0,100%,IF((G8-L8)/M8>100%,100%,IF(($G8-L8)/$M8<0,0,($G8-L8)/$M8))) -> #REF! | O8: =IF(L8+M8-G8>0,L8+M8-G8,0) -> #REF! | P8: =VLOOKUP(D8,'Demanda Isolada KIT'!$R$2:$U$1048576,2,0) -> #REF! | Q8: =IF(P8=0,100%,IF((G8-L8)/P8>100%,100%,IF(($G8-L8)/$P8<0,0,($G8-L8)/$P8))) -> #REF! | R8: =IF(L8+P8-G8>0,L8+P8-G8,0) -> #REF! | S8: =IF(M8=0,100%,IF((G8+H8-L8)/M8>100%,100%,IF(($G8+H8-L8)/$M8<0,0,($G8+H8-L8)/$M8))) -> #REF! | T8: =IF(M8=0,100%,IF((G8+H8+I8-L8)/M8>100%,100%,IF(($G8+H8+I8-L8)/$M8<0,0,($G8+H8+I8-L8)/$M8))) -> #REF! | U8: =IF(P8=0,100%,IF((G8+H8-L8)/P8>100%,100%,IF(($G8+H8-L8)/$P8<0,0,($G8+H8-L8)/$P8))) -> #REF! | V8: =IF(P8=0,100%,IF((G8+H8+I8-L8)/P8>100%,100%,IF(($G8+H8+I8-L8)/$P8<0,0,($G8+H8+I8-L8)/$P8))) -> #REF!
A9: ='BASE - Geral'!#REF! -> #REF! | B9: ='BASE - Geral'!#REF! -> #REF! | C9: ='BASE - Geral'!#REF! -> #REF! | D9: ='BASE - Geral'!#REF! -> #REF! | E9: ='BASE - Geral'!#REF! -> #REF! | F9: ='BASE - Geral'!#REF! -> #REF! | G9: ='BASE - Geral'!#REF! -> #REF! | H9: ='BASE - Geral'!#REF! -> #REF! | ... L9: ='BASE - Geral'!#REF! -> #REF! | M9: =VLOOKUP(D9,'Demanda Isolada KIT'!$M$2:$P$1048576,2,0) -> #REF! | N9: =IF(M9=0,100%,IF((G9-L9)/M9>100%,100%,IF(($G9-L9)/$M9<0,0,($G9-L9)/$M9))) -> #REF! | O9: =IF(L9+M9-G9>0,L9+M9-G9,0) -> #REF! | P9: =VLOOKUP(D9,'Demanda Isolada KIT'!$R$2:$U$1048576,2,0) -> #REF! | Q9: =IF(P9=0,100%,IF((G9-L9)/P9>100%,100%,IF(($G9-L9)/$P9<0,0,($G9-L9)/$P9))) -> #REF! | R9: =IF(L9+P9-G9>0,L9+P9-G9,0) -> #REF! | S9: =IF(M9=0,100%,IF((G9+H9-L9)/M9>100%,100%,IF(($G9+H9-L9)/$M9<0,0,($G9+H9-L9)/$M9))) -> #REF! | T9: =IF(M9=0,100%,IF((G9+H9+I9-L9)/M9>100%,100%,IF(($G9+H9+I9-L9)/$M9<0,0,($G9+H9+I9-L9)/$M9))) -> #REF! | U9: =IF(P9=0,100%,IF((G9+H9-L9)/P9>100%,100%,IF(($G9+H9-L9)/$P9<0,0,($G9+H9-L9)/$P9))) -> #REF! | V9: =IF(P9=0,100%,IF((G9+H9+I9-L9)/P9>100%,100%,IF(($G9+H9+I9-L9)/$P9<0,0,($G9+H9+I9-L9)/$P9))) -> #REF!
A10: ='BASE - Geral'!#REF! -> #REF! | B10: ='BASE - Geral'!#REF! -> #REF! | C10: ='BASE - Geral'!#REF! -> #REF! | D10: ='BASE - Geral'!#REF! -> #REF! | E10: ='BASE - Geral'!#REF! -> #REF! | F10: ='BASE - Geral'!#REF! -> #REF! | G10: ='BASE - Geral'!#REF! -> #REF! | H10: ='BASE - Geral'!#REF! -> #REF! | ... L10: ='BASE - Geral'!#REF! -> #REF! | M10: =VLOOKUP(D10,'Demanda Isolada KIT'!$M$2:$P$1048576,2,0) -> #REF! | N10: =IF(M10=0,100%,IF((G10-L10)/M10>100%,100%,IF(($G10-L10)/$M10<0,0,($G10-L10)/$M10))) -> #REF! | O10: =IF(L10+M10-G10>0,L10+M10-G10,0) -> #REF! | P10: =VLOOKUP(D10,'Demanda Isolada KIT'!$R$2:$U$1048576,2,0) -> #REF! | Q10: =IF(P10=0,100%,IF((G10-L10)/P10>100%,100%,IF(($G10-L10)/$P10<0,0,($G10-L10)/$P10))) -> #REF! | R10: =IF(L10+P10-G10>0,L10+P10-G10,0) -> #REF! | S10: =IF(M10=0,100%,IF((G10+H10-L10)/M10>100%,100%,IF(($G10+H10-L10)/$M10<0,0,($G10+H10-L10)/$M10))) -> #REF! | T10: =IF(M10=0,100%,IF((G10+H10+I10-L10)/M10>100%,100%,IF(($G10+H10+I10-L10)/$M10<0,0,($G10+H10+I10-L10)/$M10))) -> #REF! | U10: =IF(P10=0,100%,IF((G10+H10-L10)/P10>100%,100%,IF(($G10+H10-L10)/$P10<0,0,($G10+H10-L10)/$P10))) -> #REF! | V10: =IF(P10=0,100%,IF((G10+H10+I10-L10)/P10>100%,100%,IF(($G10+H10+I10-L10)/$P10<0,0,($G10+H10+I10-L10)/$P10))) -> #REF!
A11: ='BASE - Geral'!#REF! -> #REF! | B11: ='BASE - Geral'!#REF! -> #REF! | C11: ='BASE - Geral'!#REF! -> #REF! | D11: ='BASE - Geral'!#REF! -> #REF! | E11: ='BASE - Geral'!#REF! -> #REF! | F11: ='BASE - Geral'!#REF! -> #REF! | G11: ='BASE - Geral'!#REF! -> #REF! | H11: ='BASE - Geral'!#REF! -> #REF! | ... L11: ='BASE - Geral'!#REF! -> #REF! | M11: =VLOOKUP(D11,'Demanda Isolada KIT'!$M$2:$P$1048576,2,0) -> #REF! | N11: =IF(M11=0,100%,IF((G11-L11)/M11>100%,100%,IF(($G11-L11)/$M11<0,0,($G11-L11)/$M11))) -> #REF! | O11: =IF(L11+M11-G11>0,L11+M11-G11,0) -> #REF! | P11: =VLOOKUP(D11,'Demanda Isolada KIT'!$R$2:$U$1048576,2,0) -> #REF! | Q11: =IF(P11=0,100%,IF((G11-L11)/P11>100%,100%,IF(($G11-L11)/$P11<0,0,($G11-L11)/$P11))) -> #REF! | R11: =IF(L11+P11-G11>0,L11+P11-G11,0) -> #REF! | S11: =IF(M11=0,100%,IF((G11+H11-L11)/M11>100%,100%,IF(($G11+H11-L11)/$M11<0,0,($G11+H11-L11)/$M11))) -> #REF! | T11: =IF(M11=0,100%,IF((G11+H11+I11-L11)/M11>100%,100%,IF(($G11+H11+I11-L11)/$M11<0,0,($G11+H11+I11-L11)/$M11))) -> #REF! | U11: =IF(P11=0,100%,IF((G11+H11-L11)/P11>100%,100%,IF(($G11+H11-L11)/$P11<0,0,($G11+H11-L11)/$P11))) -> #REF! | V11: =IF(P11=0,100%,IF((G11+H11+I11-L11)/P11>100%,100%,IF(($G11+H11+I11-L11)/$P11<0,0,($G11+H11+I11-L11)/$P11))) -> #REF!
A12: ='BASE - Geral'!#REF! -> #REF! | B12: ='BASE - Geral'!#REF! -> #REF! | C12: ='BASE - Geral'!#REF! -> #REF! | D12: ='BASE - Geral'!#REF! -> #REF! | E12: ='BASE - Geral'!#REF! -> #REF! | F12: ='BASE - Geral'!#REF! -> #REF! | G12: ='BASE - Geral'!#REF! -> #REF! | H12: ='BASE - Geral'!#REF! -> #REF! | ... L12: ='BASE - Geral'!#REF! -> #REF! | M12: =VLOOKUP(D12,'Demanda Isolada KIT'!$M$2:$P$1048576,2,0) -> #REF! | N12: =IF(M12=0,100%,IF((G12-L12)/M12>100%,100%,IF(($G12-L12)/$M12<0,0,($G12-L12)/$M12))) -> #REF! | O12: =IF(L12+M12-G12>0,L12+M12-G12,0) -> #REF! | P12: =VLOOKUP(D12,'Demanda Isolada KIT'!$R$2:$U$1048576,2,0) -> #REF! | Q12: =IF(P12=0,100%,IF((G12-L12)/P12>100%,100%,IF(($G12-L12)/$P12<0,0,($G12-L12)/$P12))) -> #REF! | R12: =IF(L12+P12-G12>0,L12+P12-G12,0) -> #REF! | S12: =IF(M12=0,100%,IF((G12+H12-L12)/M12>100%,100%,IF(($G12+H12-L12)/$M12<0,0,($G12+H12-L12)/$M12))) -> #REF! | T12: =IF(M12=0,100%,IF((G12+H12+I12-L12)/M12>100%,100%,IF(($G12+H12+I12-L12)/$M12<0,0,($G12+H12+I12-L12)/$M12))) -> #REF! | U12: =IF(P12=0,100%,IF((G12+H12-L12)/P12>100%,100%,IF(($G12+H12-L12)/$P12<0,0,($G12+H12-L12)/$P12))) -> #REF! | V12: =IF(P12=0,100%,IF((G12+H12+I12-L12)/P12>100%,100%,IF(($G12+H12+I12-L12)/$P12<0,0,($G12+H12+I12-L12)/$P12))) -> #REF!
A13: ='BASE - Geral'!#REF! -> #REF! | B13: ='BASE - Geral'!#REF! -> #REF! | C13: ='BASE - Geral'!#REF! -> #REF! | D13: ='BASE - Geral'!#REF! -> #REF! | E13: ='BASE - Geral'!#REF! -> #REF! | F13: ='BASE - Geral'!#REF! -> #REF! | G13: ='BASE - Geral'!#REF! -> #REF! | H13: ='BASE - Geral'!#REF! -> #REF! | ... L13: ='BASE - Geral'!#REF! -> #REF! | M13: =VLOOKUP(D13,'Demanda Isolada KIT'!$M$2:$P$1048576,2,0) -> #REF! | N13: =IF(M13=0,100%,IF((G13-L13)/M13>100%,100%,IF(($G13-L13)/$M13<0,0,($G13-L13)/$M13))) -> #REF! | O13: =IF(L13+M13-G13>0,L13+M13-G13,0) -> #REF! | P13: =VLOOKUP(D13,'Demanda Isolada KIT'!$R$2:$U$1048576,2,0) -> #REF! | Q13: =IF(P13=0,100%,IF((G13-L13)/P13>100%,100%,IF(($G13-L13)/$P13<0,0,($G13-L13)/$P13))) -> #REF! | R13: =IF(L13+P13-G13>0,L13+P13-G13,0) -> #REF! | S13: =IF(M13=0,100%,IF((G13+H13-L13)/M13>100%,100%,IF(($G13+H13-L13)/$M13<0,0,($G13+H13-L13)/$M13))) -> #REF! | T13: =IF(M13=0,100%,IF((G13+H13+I13-L13)/M13>100%,100%,IF(($G13+H13+I13-L13)/$M13<0,0,($G13+H13+I13-L13)/$M13))) -> #REF! | U13: =IF(P13=0,100%,IF((G13+H13-L13)/P13>100%,100%,IF(($G13+H13-L13)/$P13<0,0,($G13+H13-L13)/$P13))) -> #REF! | V13: =IF(P13=0,100%,IF((G13+H13+I13-L13)/P13>100%,100%,IF(($G13+H13+I13-L13)/$P13<0,0,($G13+H13+I13-L13)/$P13))) -> #REF!
A14: ='BASE - Geral'!#REF! -> #REF! | B14: ='BASE - Geral'!#REF! -> #REF! | C14: ='BASE - Geral'!#REF! -> #REF! | D14: ='BASE - Geral'!#REF! -> #REF! | E14: ='BASE - Geral'!#REF! -> #REF! | F14: ='BASE - Geral'!#REF! -> #REF! | G14: ='BASE - Geral'!#REF! -> #REF! | H14: ='BASE - Geral'!#REF! -> #REF! | ... L14: ='BASE - Geral'!#REF! -> #REF! | M14: =VLOOKUP(D14,'Demanda Isolada KIT'!$M$2:$P$1048576,2,0) -> #REF! | N14: =IF(M14=0,100%,IF((G14-L14)/M14>100%,100%,IF(($G14-L14)/$M14<0,0,($G14-L14)/$M14))) -> #REF! | O14: =IF(L14+M14-G14>0,L14+M14-G14,0) -> #REF! | P14: =VLOOKUP(D14,'Demanda Isolada KIT'!$R$2:$U$1048576,2,0) -> #REF! | Q14: =IF(P14=0,100%,IF((G14-L14)/P14>100%,100%,IF(($G14-L14)/$P14<0,0,($G14-L14)/$P14))) -> #REF! | R14: =IF(L14+P14-G14>0,L14+P14-G14,0) -> #REF! | S14: =IF(M14=0,100%,IF((G14+H14-L14)/M14>100%,100%,IF(($G14+H14-L14)/$M14<0,0,($G14+H14-L14)/$M14))) -> #REF! | T14: =IF(M14=0,100%,IF((G14+H14+I14-L14)/M14>100%,100%,IF(($G14+H14+I14-L14)/$M14<0,0,($G14+H14+I14-L14)/$M14))) -> #REF! | U14: =IF(P14=0,100%,IF((G14+H14-L14)/P14>100%,100%,IF(($G14+H14-L14)/$P14<0,0,($G14+H14-L14)/$P14))) -> #REF! | V14: =IF(P14=0,100%,IF((G14+H14+I14-L14)/P14>100%,100%,IF(($G14+H14+I14-L14)/$P14<0,0,($G14+H14+I14-L14)/$P14))) -> #REF!
A15: ='BASE - Geral'!#REF! -> #REF! | B15: ='BASE - Geral'!#REF! -> #REF! | C15: ='BASE - Geral'!#REF! -> #REF! | D15: ='BASE - Geral'!#REF! -> #REF! | E15: ='BASE - Geral'!#REF! -> #REF! | F15: ='BASE - Geral'!#REF! -> #REF! | G15: ='BASE - Geral'!#REF! -> #REF! | H15: ='BASE - Geral'!#REF! -> #REF! | ... L15: ='BASE - Geral'!#REF! -> #REF! | M15: =VLOOKUP(D15,'Demanda Isolada KIT'!$M$2:$P$1048576,2,0) -> #REF! | N15: =IF(M15=0,100%,IF((G15-L15)/M15>100%,100%,IF(($G15-L15)/$M15<0,0,($G15-L15)/$M15))) -> #REF! | O15: =IF(L15+M15-G15>0,L15+M15-G15,0) -> #REF! | P15: =VLOOKUP(D15,'Demanda Isolada KIT'!$R$2:$U$1048576,2,0) -> #REF! | Q15: =IF(P15=0,100%,IF((G15-L15)/P15>100%,100%,IF(($G15-L15)/$P15<0,0,($G15-L15)/$P15))) -> #REF! | R15: =IF(L15+P15-G15>0,L15+P15-G15,0) -> #REF! | S15: =IF(M15=0,100%,IF((G15+H15-L15)/M15>100%,100%,IF(($G15+H15-L15)/$M15<0,0,($G15+H15-L15)/$M15))) -> #REF! | T15: =IF(M15=0,100%,IF((G15+H15+I15-L15)/M15>100%,100%,IF(($G15+H15+I15-L15)/$M15<0,0,($G15+H15+I15-L15)/$M15))) -> #REF! | U15: =IF(P15=0,100%,IF((G15+H15-L15)/P15>100%,100%,IF(($G15+H15-L15)/$P15<0,0,($G15+H15-L15)/$P15))) -> #REF! | V15: =IF(P15=0,100%,IF((G15+H15+I15-L15)/P15>100%,100%,IF(($G15+H15+I15-L15)/$P15<0,0,($G15+H15+I15-L15)/$P15))) -> #REF!
... A295: ='BASE - Geral'!#REF! -> #REF! | B295: ='BASE - Geral'!#REF! -> #REF! | C295: ='BASE - Geral'!#REF! -> #REF! | D295: ='BASE - Geral'!#REF! -> #REF! | E295: ='BASE - Geral'!#REF! -> #REF! | F295: ='BASE - Geral'!#REF! -> #REF! | G295: ='BASE - Geral'!#REF! -> #REF! | H295: ='BASE - Geral'!#REF! -> #REF! | ... L295: ='BASE - Geral'!#REF! -> #REF! | M295: =VLOOKUP(D295,'Demanda Isolada KIT'!$M$2:$P$1048576,2,0) -> #REF! | N295: =IF(M295=0,100%,IF((G295-L295)/M295>100%,100%,IF(($G295-L295)/$M295<0,0,($G295-L295)/$M295))) -> #REF! | O295: =IF(L295+M295-G295>0,L295+M295-G295,0) -> #REF! | P295: =VLOOKUP(D295,'Demanda Isolada KIT'!$R$2:$U$1048576,2,0) -> #REF! | Q295: =IF(P295=0,100%,IF((G295-L295)/P295>100%,100%,IF(($G295-L295)/$P295<0,0,($G295-L295)/$P295))) -> #REF! | R295: =IF(L295+P295-G295>0,L295+P295-G295,0) -> #REF! | S295: =IF(M295=0,100%,IF((G295+H295-L295)/M295>100%,100%,IF(($G295+H295-L295)/$M295<0,0,($G295+H295-L295)/$M295))) -> #REF! | T295: =IF(M295=0,100%,IF((G295+H295+I295-L295)/M295>100%,100%,IF(($G295+H295+I295-L295)/$M295<0,0,($G295+H295+I295-L295)/$M295))) -> #REF! | U295: =IF(P295=0,100%,IF((G295+H295-L295)/P295>100%,100%,IF(($G295+H295-L295)/$P295<0,0,($G295+H295-L295)/$P295))) -> #REF! | V295: =IF(P295=0,100%,IF((G295+H295+I295-L295)/P295>100%,100%,IF(($G295+H295+I295-L295)/$P295<0,0,($G295+H295+I295-L295)/$P295))) -> #REF!

Sheet Só KIT CP04
M1: Demanda KIT Cenario Medio | P1: Demanda KIT Cenario Maximo | S1: Cenario Medio | U1: Cenario Maximo
A2: Item Grot | B2: CATEGORIA | C2: PLANEJADOR | D2: FSC | E2: DESCRIÇÃO | F2: VIDA | G2: SKT TOTAL | H2: FALTA PROD W ATUAL | I2: ORDENS W+1 | J2: ORDENS W+2 | K2: TOTAL A PRODUZIR 3 Semanas | L2: Falta Faturar CP Atual | M2: DEMANDA | N2: % COB | O2: FALTA | P2: DEMANDA | Q2: % COB | R2: FALTA | S2: % COB + Prod 1 Semana Antes Medio | T2: % COB + Prod Abertura Medio | U2: % COB + Prod 1 Semana Antes Maximo | V2: % COB + Prod Abertura Maximo
A3: ='BASE - Geral'!B3 -> 0 | B3: ='BASE - Geral'!D3 -> SKIN CARE | C3: ='BASE - Geral'!E3 -> MARCELLY ROLDAN | D3: ='BASE - Geral'!G3 -> 1493955 | E3: ='BASE - Geral'!H3 -> LOCAO CORP SURREAL GARDEN 90ML | F3: ='BASE - Geral'!I3 -> 02 - Active - CM | G3: ='BASE - Geral'!J3 -> 29193 | H3: ='BASE - Geral'!K3 -> 0 | I3: ='BASE - Geral'!L3 -> 0 | J3: ='BASE - Geral'!M3 -> 0 | K3: ='BASE - Geral'!N3 -> 0 | L3: ='BASE - Geral'!Q3+'BASE - Geral'!T3 -> 7160 | M3: =VLOOKUP(D3,'Demanda Isolada KIT'!$M$2:$P$1048576,3,0) -> 0 | N3: =IF(M3=0,100%,IF((G3-L3)/M3>100%,100%,IF(($G3-L3)/$M3<0,0,($G3-L3)/$M3))) -> 1 | O3: =IF(L3+M3-G3>0,L3+M3-G3,0) -> 0 | P3: =VLOOKUP(D3,'Demanda Isolada KIT'!$R$2:$U$1048576,3,0) -> 0 | Q3: =IF(P3=0,100%,IF((G3-L3)/P3>100%,100%,IF(($G3-L3)/$P3<0,0,($G3-L3)/$P3))) -> 1 | R3: =IF(L3+P3-G3>0,L3+P3-G3,0) -> 0 | S3: =IF(M3=0,100%,IF((G3+H3+I3-L3)/M3>100%,100%,IF(($G3+H3+I3-L3)/$M3<0,0,($G3+H3+I3-L3)/$M3))) -> 1 | T3: =IF(M3=0,100%,IF((G3+K3-L3)/M3>100%,100%,IF(($G3+K3-L3)/$M3<0,0,($G3+K3-L3)/$M3))) -> 1 | U3: =IF(P3=0,100%,IF((G3+H3+I3-L3)/P3>100%,100%,IF(($G3+H3+I3-L3)/$P3<0,0,($G3+H3+I3-L3)/$P3))) -> 1 | V3: =IF(P3=0,100%,IF((G3+K3-L3)/P3>100%,100%,IF(($G3+K3-L3)/$P3<0,0,($G3+K3-L3)/$P3))) -> 1
A4: ='BASE - Geral'!#REF! -> #REF! | B4: ='BASE - Geral'!#REF! -> #REF! | C4: ='BASE - Geral'!#REF! -> #REF! | D4: ='BASE - Geral'!#REF! -> #REF! | E4: ='BASE - Geral'!#REF! -> #REF! | F4: ='BASE - Geral'!#REF! -> #REF! | G4: ='BASE - Geral'!#REF! -> #REF! | H4: ='BASE - Geral'!#REF! -> #REF! | ... K4: ='BASE - Geral'!#REF! -> #REF! | L4: ='BASE - Geral'!#REF!+'BASE - Geral'!#REF! -> #REF! | M4: =VLOOKUP(D4,'Demanda Isolada KIT'!$M$2:$P$1048576,3,0) -> #REF! | N4: =IF(M4=0,100%,IF((G4-L4)/M4>100%,100%,IF(($G4-L4)/$M4<0,0,($G4-L4)/$M4))) -> #REF! | O4: =IF(L4+M4-G4>0,L4+M4-G4,0) -> #REF! | P4: =VLOOKUP(D4,'Demanda Isolada KIT'!$R$2:$U$1048576,3,0) -> #REF! | Q4: =IF(P4=0,100%,IF((G4-L4)/P4>100%,100%,IF(($G4-L4)/$P4<0,0,($G4-L4)/$P4))) -> #REF! | R4: =IF(L4+P4-G4>0,L4+P4-G4,0) -> #REF! | S4: =IF(M4=0,100%,IF((G4+H4+I4-L4)/M4>100%,100%,IF(($G4+H4+I4-L4)/$M4<0,0,($G4+H4+I4-L4)/$M4))) -> #REF! | T4: =IF(M4=0,100%,IF((G4+K4-L4)/M4>100%,100%,IF(($G4+K4-L4)/$M4<0,0,($G4+K4-L4)/$M4))) -> #REF! | U4: =IF(P4=0,100%,IF((G4+H4+I4-L4)/P4>100%,100%,IF(($G4+H4+I4-L4)/$P4<0,0,($G4+H4+I4-L4)/$P4))) -> #REF! | V4: =IF(P4=0,100%,IF((G4+K4-L4)/P4>100%,100%,IF(($G4+K4-L4)/$P4<0,0,($G4+K4-L4)/$P4))) -> #REF!
A5: ='BASE - Geral'!#REF! -> #REF! | B5: ='BASE - Geral'!#REF! -> #REF! | C5: ='BASE - Geral'!#REF! -> #REF! | D5: ='BASE - Geral'!#REF! -> #REF! | E5: ='BASE - Geral'!#REF! -> #REF! | F5: ='BASE - Geral'!#REF! -> #REF! | G5: ='BASE - Geral'!#REF! -> #REF! | H5: ='BASE - Geral'!#REF! -> #REF! | ... K5: ='BASE - Geral'!#REF! -> #REF! | L5: ='BASE - Geral'!#REF!+'BASE - Geral'!#REF! -> #REF! | M5: =VLOOKUP(D5,'Demanda Isolada KIT'!$M$2:$P$1048576,3,0) -> #REF! | N5: =IF(M5=0,100%,IF((G5-L5)/M5>100%,100%,IF(($G5-L5)/$M5<0,0,($G5-L5)/$M5))) -> #REF! | O5: =IF(L5+M5-G5>0,L5+M5-G5,0) -> #REF! | P5: =VLOOKUP(D5,'Demanda Isolada KIT'!$R$2:$U$1048576,3,0) -> #REF! | Q5: =IF(P5=0,100%,IF((G5-L5)/P5>100%,100%,IF(($G5-L5)/$P5<0,0,($G5-L5)/$P5))) -> #REF! | R5: =IF(L5+P5-G5>0,L5+P5-G5,0) -> #REF! | S5: =IF(M5=0,100%,IF((G5+H5+I5-L5)/M5>100%,100%,IF(($G5+H5+I5-L5)/$M5<0,0,($G5+H5+I5-L5)/$M5))) -> #REF! | T5: =IF(M5=0,100%,IF((G5+K5-L5)/M5>100%,100%,IF(($G5+K5-L5)/$M5<0,0,($G5+K5-L5)/$M5))) -> #REF! | U5: =IF(P5=0,100%,IF((G5+H5+I5-L5)/P5>100%,100%,IF(($G5+H5+I5-L5)/$P5<0,0,($G5+H5+I5-L5)/$P5))) -> #REF! | V5: =IF(P5=0,100%,IF((G5+K5-L5)/P5>100%,100%,IF(($G5+K5-L5)/$P5<0,0,($G5+K5-L5)/$P5))) -> #REF!
A6: ='BASE - Geral'!#REF! -> #REF! | B6: ='BASE - Geral'!#REF! -> #REF! | C6: ='BASE - Geral'!#REF! -> #REF! | D6: ='BASE - Geral'!#REF! -> #REF! | E6: ='BASE - Geral'!#REF! -> #REF! | F6: ='BASE - Geral'!#REF! -> #REF! | G6: ='BASE - Geral'!#REF! -> #REF! | H6: ='BASE - Geral'!#REF! -> #REF! | ... K6: ='BASE - Geral'!#REF! -> #REF! | L6: ='BASE - Geral'!#REF!+'BASE - Geral'!#REF! -> #REF! | M6: =VLOOKUP(D6,'Demanda Isolada KIT'!$M$2:$P$1048576,3,0) -> #REF! | N6: =IF(M6=0,100%,IF((G6-L6)/M6>100%,100%,IF(($G6-L6)/$M6<0,0,($G6-L6)/$M6))) -> #REF! | O6: =IF(L6+M6-G6>0,L6+M6-G6,0) -> #REF! | P6: =VLOOKUP(D6,'Demanda Isolada KIT'!$R$2:$U$1048576,3,0) -> #REF! | Q6: =IF(P6=0,100%,IF((G6-L6)/P6>100%,100%,IF(($G6-L6)/$P6<0,0,($G6-L6)/$P6))) -> #REF! | R6: =IF(L6+P6-G6>0,L6+P6-G6,0) -> #REF! | S6: =IF(M6=0,100%,IF((G6+H6+I6-L6)/M6>100%,100%,IF(($G6+H6+I6-L6)/$M6<0,0,($G6+H6+I6-L6)/$M6))) -> #REF! | T6: =IF(M6=0,100%,IF((G6+K6-L6)/M6>100%,100%,IF(($G6+K6-L6)/$M6<0,0,($G6+K6-L6)/$M6))) -> #REF! | U6: =IF(P6=0,100%,IF((G6+H6+I6-L6)/P6>100%,100%,IF(($G6+H6+I6-L6)/$P6<0,0,($G6+H6+I6-L6)/$P6))) -> #REF! | V6: =IF(P6=0,100%,IF((G6+K6-L6)/P6>100%,100%,IF(($G6+K6-L6)/$P6<0,0,($G6+K6-L6)/$P6))) -> #REF!
A7: ='BASE - Geral'!#REF! -> #REF! | B7: ='BASE - Geral'!#REF! -> #REF! | C7: ='BASE - Geral'!#REF! -> #REF! | D7: ='BASE - Geral'!#REF! -> #REF! | E7: ='BASE - Geral'!#REF! -> #REF! | F7: ='BASE - Geral'!#REF! -> #REF! | G7: ='BASE - Geral'!#REF! -> #REF! | H7: ='BASE - Geral'!#REF! -> #REF! | ... K7: ='BASE - Geral'!#REF! -> #REF! | L7: ='BASE - Geral'!#REF!+'BASE - Geral'!#REF! -> #REF! | M7: =VLOOKUP(D7,'Demanda Isolada KIT'!$M$2:$P$1048576,3,0) -> #REF! | N7: =IF(M7=0,100%,IF((G7-L7)/M7>100%,100%,IF(($G7-L7)/$M7<0,0,($G7-L7)/$M7))) -> #REF! | O7: =IF(L7+M7-G7>0,L7+M7-G7,0) -> #REF! | P7: =VLOOKUP(D7,'Demanda Isolada KIT'!$R$2:$U$1048576,3,0) -> #REF! | Q7: =IF(P7=0,100%,IF((G7-L7)/P7>100%,100%,IF(($G7-L7)/$P7<0,0,($G7-L7)/$P7))) -> #REF! | R7: =IF(L7+P7-G7>0,L7+P7-G7,0) -> #REF! | S7: =IF(M7=0,100%,IF((G7+H7+I7-L7)/M7>100%,100%,IF(($G7+H7+I7-L7)/$M7<0,0,($G7+H7+I7-L7)/$M7))) -> #REF! | T7: =IF(M7=0,100%,IF((G7+K7-L7)/M7>100%,100%,IF(($G7+K7-L7)/$M7<0,0,($G7+K7-L7)/$M7))) -> #REF! | U7: =IF(P7=0,100%,IF((G7+H7+I7-L7)/P7>100%,100%,IF(($G7+H7+I7-L7)/$P7<0,0,($G7+H7+I7-L7)/$P7))) -> #REF! | V7: =IF(P7=0,100%,IF((G7+K7-L7)/P7>100%,100%,IF(($G7+K7-L7)/$P7<0,0,($G7+K7-L7)/$P7))) -> #REF!
A8: ='BASE - Geral'!#REF! -> #REF! | B8: ='BASE - Geral'!#REF! -> #REF! | C8: ='BASE - Geral'!#REF! -> #REF! | D8: ='BASE - Geral'!#REF! -> #REF! | E8: ='BASE - Geral'!#REF! -> #REF! | F8: ='BASE - Geral'!#REF! -> #REF! | G8: ='BASE - Geral'!#REF! -> #REF! | H8: ='BASE - Geral'!#REF! -> #REF! | ... K8: ='BASE - Geral'!#REF! -> #REF! | L8: ='BASE - Geral'!#REF!+'BASE - Geral'!#REF! -> #REF! | M8: =VLOOKUP(D8,'Demanda Isolada KIT'!$M$2:$P$1048576,3,0) -> #REF! | N8: =IF(M8=0,100%,IF((G8-L8)/M8>100%,100%,IF(($G8-L8)/$M8<0,0,($G8-L8)/$M8))) -> #REF! | O8: =IF(L8+M8-G8>0,L8+M8-G8,0) -> #REF! | P8: =VLOOKUP(D8,'Demanda Isolada KIT'!$R$2:$U$1048576,3,0) -> #REF! | Q8: =IF(P8=0,100%,IF((G8-L8)/P8>100%,100%,IF(($G8-L8)/$P8<0,0,($G8-L8)/$P8))) -> #REF! | R8: =IF(L8+P8-G8>0,L8+P8-G8,0) -> #REF! | S8: =IF(M8=0,100%,IF((G8+H8+I8-L8)/M8>100%,100%,IF(($G8+H8+I8-L8)/$M8<0,0,($G8+H8+I8-L8)/$M8))) -> #REF! | T8: =IF(M8=0,100%,IF((G8+K8-L8)/M8>100%,100%,IF(($G8+K8-L8)/$M8<0,0,($G8+K8-L8)/$M8))) -> #REF! | U8: =IF(P8=0,100%,IF((G8+H8+I8-L8)/P8>100%,100%,IF(($G8+H8+I8-L8)/$P8<0,0,($G8+H8+I8-L8)/$P8))) -> #REF! | V8: =IF(P8=0,100%,IF((G8+K8-L8)/P8>100%,100%,IF(($G8+K8-L8)/$P8<0,0,($G8+K8-L8)/$P8))) -> #REF!
A9: ='BASE - Geral'!#REF! -> #REF! | B9: ='BASE - Geral'!#REF! -> #REF! | C9: ='BASE - Geral'!#REF! -> #REF! | D9: ='BASE - Geral'!#REF! -> #REF! | E9: ='BASE - Geral'!#REF! -> #REF! | F9: ='BASE - Geral'!#REF! -> #REF! | G9: ='BASE - Geral'!#REF! -> #REF! | H9: ='BASE - Geral'!#REF! -> #REF! | ... K9: ='BASE - Geral'!#REF! -> #REF! | L9: ='BASE - Geral'!#REF!+'BASE - Geral'!#REF! -> #REF! | M9: =VLOOKUP(D9,'Demanda Isolada KIT'!$M$2:$P$1048576,3,0) -> #REF! | N9: =IF(M9=0,100%,IF((G9-L9)/M9>100%,100%,IF(($G9-L9)/$M9<0,0,($G9-L9)/$M9))) -> #REF! | O9: =IF(L9+M9-G9>0,L9+M9-G9,0) -> #REF! | P9: =VLOOKUP(D9,'Demanda Isolada KIT'!$R$2:$U$1048576,3,0) -> #REF! | Q9: =IF(P9=0,100%,IF((G9-L9)/P9>100%,100%,IF(($G9-L9)/$P9<0,0,($G9-L9)/$P9))) -> #REF! | R9: =IF(L9+P9-G9>0,L9+P9-G9,0) -> #REF! | S9: =IF(M9=0,100%,IF((G9+H9+I9-L9)/M9>100%,100%,IF(($G9+H9+I9-L9)/$M9<0,0,($G9+H9+I9-L9)/$M9))) -> #REF! | T9: =IF(M9=0,100%,IF((G9+K9-L9)/M9>100%,100%,IF(($G9+K9-L9)/$M9<0,0,($G9+K9-L9)/$M9))) -> #REF! | U9: =IF(P9=0,100%,IF((G9+H9+I9-L9)/P9>100%,100%,IF(($G9+H9+I9-L9)/$P9<0,0,($G9+H9+I9-L9)/$P9))) -> #REF! | V9: =IF(P9=0,100%,IF((G9+K9-L9)/P9>100%,100%,IF(($G9+K9-L9)/$P9<0,0,($G9+K9-L9)/$P9))) -> #REF!
A10: ='BASE - Geral'!#REF! -> #REF! | B10: ='BASE - Geral'!#REF! -> #REF! | C10: ='BASE - Geral'!#REF! -> #REF! | D10: ='BASE - Geral'!#REF! -> #REF! | E10: ='BASE - Geral'!#REF! -> #REF! | F10: ='BASE - Geral'!#REF! -> #REF! | G10: ='BASE - Geral'!#REF! -> #REF! | H10: ='BASE - Geral'!#REF! -> #REF! | ... K10: ='BASE - Geral'!#REF! -> #REF! | L10: ='BASE - Geral'!#REF!+'BASE - Geral'!#REF! -> #REF! | M10: =VLOOKUP(D10,'Demanda Isolada KIT'!$M$2:$P$1048576,3,0) -> #REF! | N10: =IF(M10=0,100%,IF((G10-L10)/M10>100%,100%,IF(($G10-L10)/$M10<0,0,($G10-L10)/$M10))) -> #REF! | O10: =IF(L10+M10-G10>0,L10+M10-G10,0) -> #REF! | P10: =VLOOKUP(D10,'Demanda Isolada KIT'!$R$2:$U$1048576,3,0) -> #REF! | Q10: =IF(P10=0,100%,IF((G10-L10)/P10>100%,100%,IF(($G10-L10)/$P10<0,0,($G10-L10)/$P10))) -> #REF! | R10: =IF(L10+P10-G10>0,L10+P10-G10,0) -> #REF! | S10: =IF(M10=0,100%,IF((G10+H10+I10-L10)/M10>100%,100%,IF(($G10+H10+I10-L10)/$M10<0,0,($G10+H10+I10-L10)/$M10))) -> #REF! | T10: =IF(M10=0,100%,IF((G10+K10-L10)/M10>100%,100%,IF(($G10+K10-L10)/$M10<0,0,($G10+K10-L10)/$M10))) -> #REF! | U10: =IF(P10=0,100%,IF((G10+H10+I10-L10)/P10>100%,100%,IF(($G10+H10+I10-L10)/$P10<0,0,($G10+H10+I10-L10)/$P10))) -> #REF! | V10: =IF(P10=0,100%,IF((G10+K10-L10)/P10>100%,100%,IF(($G10+K10-L10)/$P10<0,0,($G10+K10-L10)/$P10))) -> #REF!
A11: ='BASE - Geral'!#REF! -> #REF! | B11: ='BASE - Geral'!#REF! -> #REF! | C11: ='BASE - Geral'!#REF! -> #REF! | D11: ='BASE - Geral'!#REF! -> #REF! | E11: ='BASE - Geral'!#REF! -> #REF! | F11: ='BASE - Geral'!#REF! -> #REF! | G11: ='BASE - Geral'!#REF! -> #REF! | H11: ='BASE - Geral'!#REF! -> #REF! | ... K11: ='BASE - Geral'!#REF! -> #REF! | L11: ='BASE - Geral'!#REF!+'BASE - Geral'!#REF! -> #REF! | M11: =VLOOKUP(D11,'Demanda Isolada KIT'!$M$2:$P$1048576,3,0) -> #REF! | N11: =IF(M11=0,100%,IF((G11-L11)/M11>100%,100%,IF(($G11-L11)/$M11<0,0,($G11-L11)/$M11))) -> #REF! | O11: =IF(L11+M11-G11>0,L11+M11-G11,0) -> #REF! | P11: =VLOOKUP(D11,'Demanda Isolada KIT'!$R$2:$U$1048576,3,0) -> #REF! | Q11: =IF(P11=0,100%,IF((G11-L11)/P11>100%,100%,IF(($G11-L11)/$P11<0,0,($G11-L11)/$P11))) -> #REF! | R11: =IF(L11+P11-G11>0,L11+P11-G11,0) -> #REF! | S11: =IF(M11=0,100%,IF((G11+H11+I11-L11)/M11>100%,100%,IF(($G11+H11+I11-L11)/$M11<0,0,($G11+H11+I11-L11)/$M11))) -> #REF! | T11: =IF(M11=0,100%,IF((G11+K11-L11)/M11>100%,100%,IF(($G11+K11-L11)/$M11<0,0,($G11+K11-L11)/$M11))) -> #REF! | U11: =IF(P11=0,100%,IF((G11+H11+I11-L11)/P11>100%,100%,IF(($G11+H11+I11-L11)/$P11<0,0,($G11+H11+I11-L11)/$P11))) -> #REF! | V11: =IF(P11=0,100%,IF((G11+K11-L11)/P11>100%,100%,IF(($G11+K11-L11)/$P11<0,0,($G11+K11-L11)/$P11))) -> #REF!
A12: ='BASE - Geral'!#REF! -> #REF! | B12: ='BASE - Geral'!#REF! -> #REF! | C12: ='BASE - Geral'!#REF! -> #REF! | D12: ='BASE - Geral'!#REF! -> #REF! | E12: ='BASE - Geral'!#REF! -> #REF! | F12: ='BASE - Geral'!#REF! -> #REF! | G12: ='BASE - Geral'!#REF! -> #REF! | H12: ='BASE - Geral'!#REF! -> #REF! | ... K12: ='BASE - Geral'!#REF! -> #REF! | L12: ='BASE - Geral'!#REF!+'BASE - Geral'!#REF! -> #REF! | M12: =VLOOKUP(D12,'Demanda Isolada KIT'!$M$2:$P$1048576,3,0) -> #REF! | N12: =IF(M12=0,100%,IF((G12-L12)/M12>100%,100%,IF(($G12-L12)/$M12<0,0,($G12-L12)/$M12))) -> #REF! | O12: =IF(L12+M12-G12>0,L12+M12-G12,0) -> #REF! | P12: =VLOOKUP(D12,'Demanda Isolada KIT'!$R$2:$U$1048576,3,0) -> #REF! | Q12: =IF(P12=0,100%,IF((G12-L12)/P12>100%,100%,IF(($G12-L12)/$P12<0,0,($G12-L12)/$P12))) -> #REF! | R12: =IF(L12+P12-G12>0,L12+P12-G12,0) -> #REF! | S12: =IF(M12=0,100%,IF((G12+H12+I12-L12)/M12>100%,100%,IF(($G12+H12+I12-L12)/$M12<0,0,($G12+H12+I12-L12)/$M12))) -> #REF! | T12: =IF(M12=0,100%,IF((G12+K12-L12)/M12>100%,100%,IF(($G12+K12-L12)/$M12<0,0,($G12+K12-L12)/$M12))) -> #REF! | U12: =IF(P12=0,100%,IF((G12+H12+I12-L12)/P12>100%,100%,IF(($G12+H12+I12-L12)/$P12<0,0,($G12+H12+I12-L12)/$P12))) -> #REF! | V12: =IF(P12=0,100%,IF((G12+K12-L12)/P12>100%,100%,IF(($G12+K12-L12)/$P12<0,0,($G12+K12-L12)/$P12))) -> #REF!
A13: ='BASE - Geral'!#REF! -> #REF! | B13: ='BASE - Geral'!#REF! -> #REF! | C13: ='BASE - Geral'!#REF! -> #REF! | D13: ='BASE - Geral'!#REF! -> #REF! | E13: ='BASE - Geral'!#REF! -> #REF! | F13: ='BASE - Geral'!#REF! -> #REF! | G13: ='BASE - Geral'!#REF! -> #REF! | H13: ='BASE - Geral'!#REF! -> #REF! | ... K13: ='BASE - Geral'!#REF! -> #REF! | L13: ='BASE - Geral'!#REF!+'BASE - Geral'!#REF! -> #REF! | M13: =VLOOKUP(D13,'Demanda Isolada KIT'!$M$2:$P$1048576,3,0) -> #REF! | N13: =IF(M13=0,100%,IF((G13-L13)/M13>100%,100%,IF(($G13-L13)/$M13<0,0,($G13-L13)/$M13))) -> #REF! | O13: =IF(L13+M13-G13>0,L13+M13-G13,0) -> #REF! | P13: =VLOOKUP(D13,'Demanda Isolada KIT'!$R$2:$U$1048576,3,0) -> #REF! | Q13: =IF(P13=0,100%,IF((G13-L13)/P13>100%,100%,IF(($G13-L13)/$P13<0,0,($G13-L13)/$P13))) -> #REF! | R13: =IF(L13+P13-G13>0,L13+P13-G13,0) -> #REF! | S13: =IF(M13=0,100%,IF((G13+H13+I13-L13)/M13>100%,100%,IF(($G13+H13+I13-L13)/$M13<0,0,($G13+H13+I13-L13)/$M13))) -> #REF! | T13: =IF(M13=0,100%,IF((G13+K13-L13)/M13>100%,100%,IF(($G13+K13-L13)/$M13<0,0,($G13+K13-L13)/$M13))) -> #REF! | U13: =IF(P13=0,100%,IF((G13+H13+I13-L13)/P13>100%,100%,IF(($G13+H13+I13-L13)/$P13<0,0,($G13+H13+I13-L13)/$P13))) -> #REF! | V13: =IF(P13=0,100%,IF((G13+K13-L13)/P13>100%,100%,IF(($G13+K13-L13)/$P13<0,0,($G13+K13-L13)/$P13))) -> #REF!
A14: ='BASE - Geral'!#REF! -> #REF! | B14: ='BASE - Geral'!#REF! -> #REF! | C14: ='BASE - Geral'!#REF! -> #REF! | D14: ='BASE - Geral'!#REF! -> #REF! | E14: ='BASE - Geral'!#REF! -> #REF! | F14: ='BASE - Geral'!#REF! -> #REF! | G14: ='BASE - Geral'!#REF! -> #REF! | H14: ='BASE - Geral'!#REF! -> #REF! | ... K14: ='BASE - Geral'!#REF! -> #REF! | L14: ='BASE - Geral'!#REF!+'BASE - Geral'!#REF! -> #REF! | M14: =VLOOKUP(D14,'Demanda Isolada KIT'!$M$2:$P$1048576,3,0) -> #REF! | N14: =IF(M14=0,100%,IF((G14-L14)/M14>100%,100%,IF(($G14-L14)/$M14<0,0,($G14-L14)/$M14))) -> #REF! | O14: =IF(L14+M14-G14>0,L14+M14-G14,0) -> #REF! | P14: =VLOOKUP(D14,'Demanda Isolada KIT'!$R$2:$U$1048576,3,0) -> #REF! | Q14: =IF(P14=0,100%,IF((G14-L14)/P14>100%,100%,IF(($G14-L14)/$P14<0,0,($G14-L14)/$P14))) -> #REF! | R14: =IF(L14+P14-G14>0,L14+P14-G14,0) -> #REF! | S14: =IF(M14=0,100%,IF((G14+H14+I14-L14)/M14>100%,100%,IF(($G14+H14+I14-L14)/$M14<0,0,($G14+H14+I14-L14)/$M14))) -> #REF! | T14: =IF(M14=0,100%,IF((G14+K14-L14)/M14>100%,100%,IF(($G14+K14-L14)/$M14<0,0,($G14+K14-L14)/$M14))) -> #REF! | U14: =IF(P14=0,100%,IF((G14+H14+I14-L14)/P14>100%,100%,IF(($G14+H14+I14-L14)/$P14<0,0,($G14+H14+I14-L14)/$P14))) -> #REF! | V14: =IF(P14=0,100%,IF((G14+K14-L14)/P14>100%,100%,IF(($G14+K14-L14)/$P14<0,0,($G14+K14-L14)/$P14))) -> #REF!
A15: ='BASE - Geral'!#REF! -> #REF! | B15: ='BASE - Geral'!#REF! -> #REF! | C15: ='BASE - Geral'!#REF! -> #REF! | D15: ='BASE - Geral'!#REF! -> #REF! | E15: ='BASE - Geral'!#REF! -> #REF! | F15: ='BASE - Geral'!#REF! -> #REF! | G15: ='BASE - Geral'!#REF! -> #REF! | H15: ='BASE - Geral'!#REF! -> #REF! | ... K15: ='BASE - Geral'!#REF! -> #REF! | L15: ='BASE - Geral'!#REF!+'BASE - Geral'!#REF! -> #REF! | M15: =VLOOKUP(D15,'Demanda Isolada KIT'!$M$2:$P$1048576,3,0) -> #REF! | N15: =IF(M15=0,100%,IF((G15-L15)/M15>100%,100%,IF(($G15-L15)/$M15<0,0,($G15-L15)/$M15))) -> #REF! | O15: =IF(L15+M15-G15>0,L15+M15-G15,0) -> #REF! | P15: =VLOOKUP(D15,'Demanda Isolada KIT'!$R$2:$U$1048576,3,0) -> #REF! | Q15: =IF(P15=0,100%,IF((G15-L15)/P15>100%,100%,IF(($G15-L15)/$P15<0,0,($G15-L15)/$P15))) -> #REF! | R15: =IF(L15+P15-G15>0,L15+P15-G15,0) -> #REF! | S15: =IF(M15=0,100%,IF((G15+H15+I15-L15)/M15>100%,100%,IF(($G15+H15+I15-L15)/$M15<0,0,($G15+H15+I15-L15)/$M15))) -> #REF! | T15: =IF(M15=0,100%,IF((G15+K15-L15)/M15>100%,100%,IF(($G15+K15-L15)/$M15<0,0,($G15+K15-L15)/$M15))) -> #REF! | U15: =IF(P15=0,100%,IF((G15+H15+I15-L15)/P15>100%,100%,IF(($G15+H15+I15-L15)/$P15<0,0,($G15+H15+I15-L15)/$P15))) -> #REF! | V15: =IF(P15=0,100%,IF((G15+K15-L15)/P15>100%,100%,IF(($G15+K15-L15)/$P15<0,0,($G15+K15-L15)/$P15))) -> #REF!
... A135: ='BASE - Geral'!#REF! -> #REF! | B135: ='BASE - Geral'!#REF! -> #REF! | C135: ='BASE - Geral'!#REF! -> #REF! | D135: ='BASE - Geral'!#REF! -> #REF! | E135: ='BASE - Geral'!#REF! -> #REF! | F135: ='BASE - Geral'!#REF! -> #REF! | G135: ='BASE - Geral'!#REF! -> #REF! | H135: ='BASE - Geral'!#REF! -> #REF! | ... K135: ='BASE - Geral'!#REF! -> #REF! | L135: ='BASE - Geral'!#REF!+'BASE - Geral'!#REF! -> #REF! | M135: =VLOOKUP(D135,'Demanda Isolada KIT'!$M$2:$P$1048576,3,0) -> #REF! | N135: =IF(M135=0,100%,IF((G135-L135)/M135>100%,100%,IF(($G135-L135)/$M135<0,0,($G135-L135)/$M135))) -> #REF! | O135: =IF(L135+M135-G135>0,L135+M135-G135,0) -> #REF! | P135: =VLOOKUP(D135,'Demanda Isolada KIT'!$R$2:$U$1048576,3,0) -> #REF! | Q135: =IF(P135=0,100%,IF((G135-L135)/P135>100%,100%,IF(($G135-L135)/$P135<0,0,($G135-L135)/$P135))) -> #REF! | R135: =IF(L135+P135-G135>0,L135+P135-G135,0) -> #REF! | S135: =IF(M135=0,100%,IF((G135+H135+I135-L135)/M135>100%,100%,IF(($G135+H135+I135-L135)/$M135<0,0,($G135+H135+I135-L135)/$M135))) -> #REF! | T135: =IF(M135=0,100%,IF((G135+K135-L135)/M135>100%,100%,IF(($G135+K135-L135)/$M135<0,0,($G135+K135-L135)/$M135))) -> #REF! | U135: =IF(P135=0,100%,IF((G135+H135+I135-L135)/P135>100%,100%,IF(($G135+H135+I135-L135)/$P135<0,0,($G135+H135+I135-L135)/$P135))) -> #REF! | V135: =IF(P135=0,100%,IF((G135+K135-L135)/P135>100%,100%,IF(($G135+K135-L135)/$P135<0,0,($G135+K135-L135)/$P135))) -> #REF!
A136: ='BASE - Geral'!#REF! -> #REF! | B136: ='BASE - Geral'!#REF! -> #REF! | L136: ='BASE - Geral'!#REF!+'BASE - Geral'!#REF! -> #REF! | M136: =VLOOKUP(D136,'Demanda Isolada KIT'!$M$2:$P$1048576,3,0) -> #N/A | U136: =IF(P136=0,100%,IF((G136+H136+I136-L136)/P136>100%,100%,IF(($G136+H136+I136-L136)/$P136<0,0,($G136+H136+I136-L136)/$P136))) -> 1 | V136: =IF(P136=0,100%,IF((G136+K136-L136)/P136>100%,100%,IF(($G136+K136-L136)/$P136<0,0,($G136+K136-L136)/$P136))) -> 1
A137: ='BASE - Geral'!#REF! -> #REF! | B137: ='BASE - Geral'!#REF! -> #REF! | L137: ='BASE - Geral'!#REF!+'BASE - Geral'!#REF! -> #REF! | M137: =VLOOKUP(D137,'Demanda Isolada KIT'!$M$2:$P$1048576,3,0) -> #N/A | U137: =IF(P137=0,100%,IF((G137+H137+I137-L137)/P137>100%,100%,IF(($G137+H137+I137-L137)/$P137<0,0,($G137+H137+I137-L137)/$P137))) -> 1 | V137: =IF(P137=0,100%,IF((G137+K137-L137)/P137>100%,100%,IF(($G137+K137-L137)/$P137<0,0,($G137+K137-L137)/$P137))) -> 1
A138: ='BASE - Geral'!#REF! -> #REF! | B138: ='BASE - Geral'!#REF! -> #REF! | L138: ='BASE - Geral'!#REF!+'BASE - Geral'!#REF! -> #REF! | M138: =VLOOKUP(D138,'Demanda Isolada KIT'!$M$2:$P$1048576,3,0) -> #N/A | U138: =IF(P138=0,100%,IF((G138+H138+I138-L138)/P138>100%,100%,IF(($G138+H138+I138-L138)/$P138<0,0,($G138+H138+I138-L138)/$P138))) -> 1 | V138: =IF(P138=0,100%,IF((G138+K138-L138)/P138>100%,100%,IF(($G138+K138-L138)/$P138<0,0,($G138+K138-L138)/$P138))) -> 1
A139: ='BASE - Geral'!#REF! -> #REF! | B139: ='BASE - Geral'!#REF! -> #REF! | L139: ='BASE - Geral'!#REF!+'BASE - Geral'!#REF! -> #REF! | M139: =VLOOKUP(D139,'Demanda Isolada KIT'!$M$2:$P$1048576,3,0) -> #N/A | U139: =IF(P139=0,100%,IF((G139+H139+I139-L139)/P139>100%,100%,IF(($G139+H139+I139-L139)/$P139<0,0,($G139+H139+I139-L139)/$P139))) -> 1 | V139: =IF(P139=0,100%,IF((G139+K139-L139)/P139>100%,100%,IF(($G139+K139-L139)/$P139<0,0,($G139+K139-L139)/$P139))) -> 1
A140: ='BASE - Geral'!#REF! -> #REF! | B140: ='BASE - Geral'!#REF! -> #REF! | L140: ='BASE - Geral'!#REF!+'BASE - Geral'!#REF! -> #REF! | M140: =VLOOKUP(D140,'Demanda Isolada KIT'!$M$2:$P$1048576,3,0) -> #N/A | U140: =IF(P140=0,100%,IF((G140+H140+I140-L140)/P140>100%,100%,IF(($G140+H140+I140-L140)/$P140<0,0,($G140+H140+I140-L140)/$P140))) -> 1 | V140: =IF(P140=0,100%,IF((G140+K140-L140)/P140>100%,100%,IF(($G140+K140-L140)/$P140<0,0,($G140+K140-L140)/$P140))) -> 1
A141: ='BASE - Geral'!#REF! -> #REF! | B141: ='BASE - Geral'!#REF! -> #REF! | L141: ='BASE - Geral'!#REF!+'BASE - Geral'!#REF! -> #REF! | M141: =VLOOKUP(D141,'Demanda Isolada KIT'!$M$2:$P$1048576,3,0) -> #N/A | U141: =IF(P141=0,100%,IF((G141+H141+I141-L141)/P141>100%,100%,IF(($G141+H141+I141-L141)/$P141<0,0,($G141+H141+I141-L141)/$P141))) -> 1 | V141: =IF(P141=0,100%,IF((G141+K141-L141)/P141>100%,100%,IF(($G141+K141-L141)/$P141<0,0,($G141+K141-L141)/$P141))) -> 1
A142: ='BASE - Geral'!#REF! -> #REF! | B142: ='BASE - Geral'!#REF! -> #REF! | L142: ='BASE - Geral'!#REF!+'BASE - Geral'!#REF! -> #REF! | M142: =VLOOKUP(D142,'Demanda Isolada KIT'!$M$2:$P$1048576,3,0) -> #N/A | U142: =IF(P142=0,100%,IF((G142+H142+I142-L142)/P142>100%,100%,IF(($G142+H142+I142-L142)/$P142<0,0,($G142+H142+I142-L142)/$P142))) -> 1 | V142: =IF(P142=0,100%,IF((G142+K142-L142)/P142>100%,100%,IF(($G142+K142-L142)/$P142<0,0,($G142+K142-L142)/$P142))) -> 1
A143: ='BASE - Geral'!#REF! -> #REF! | B143: ='BASE - Geral'!#REF! -> #REF! | L143: ='BASE - Geral'!#REF!+'BASE - Geral'!#REF! -> #REF! | M143: =VLOOKUP(D143,'Demanda Isolada KIT'!$M$2:$P$1048576,3,0) -> #N/A | U143: =IF(P143=0,100%,IF((G143+H143+I143-L143)/P143>100%,100%,IF(($G143+H143+I143-L143)/$P143<0,0,($G143+H143+I143-L143)/$P143))) -> 1 | V143: =IF(P143=0,100%,IF((G143+K143-L143)/P143>100%,100%,IF(($G143+K143-L143)/$P143<0,0,($G143+K143-L143)/$P143))) -> 1
A144: ='BASE - Geral'!#REF! -> #REF! | B144: ='BASE - Geral'!#REF! -> #REF! | L144: ='BASE - Geral'!#REF!+'BASE - Geral'!#REF! -> #REF! | M144: =VLOOKUP(D144,'Demanda Isolada KIT'!$M$2:$P$1048576,3,0) -> #N/A | U144: =IF(P144=0,100%,IF((G144+H144+I144-L144)/P144>100%,100%,IF(($G144+H144+I144-L144)/$P144<0,0,($G144+H144+I144-L144)/$P144))) -> 1 | V144: =IF(P144=0,100%,IF((G144+K144-L144)/P144>100%,100%,IF(($G144+K144-L144)/$P144<0,0,($G144+K144-L144)/$P144))) -> 1
A145: ='BASE - Geral'!#REF! -> #REF! | B145: ='BASE - Geral'!#REF! -> #REF! | L145: ='BASE - Geral'!#REF!+'BASE - Geral'!#REF! -> #REF! | M145: =VLOOKUP(D145,'Demanda Isolada KIT'!$M$2:$P$1048576,3,0) -> #N/A | U145: =IF(P145=0,100%,IF((G145+H145+I145-L145)/P145>100%,100%,IF(($G145+H145+I145-L145)/$P145<0,0,($G145+H145+I145-L145)/$P145))) -> 1 | V145: =IF(P145=0,100%,IF((G145+K145-L145)/P145>100%,100%,IF(($G145+K145-L145)/$P145<0,0,($G145+K145-L145)/$P145))) -> 1
A146: ='BASE - Geral'!#REF! -> #REF! | B146: ='BASE - Geral'!#REF! -> #REF! | L146: ='BASE - Geral'!#REF!+'BASE - Geral'!#REF! -> #REF! | M146: =VLOOKUP(D146,'Demanda Isolada KIT'!$M$2:$P$1048576,3,0) -> #N/A | U146: =IF(P146=0,100%,IF((G146+H146+I146-L146)/P146>100%,100%,IF(($G146+H146+I146-L146)/$P146<0,0,($G146+H146+I146-L146)/$P146))) -> 1 | V146: =IF(P146=0,100%,IF((G146+K146-L146)/P146>100%,100%,IF(($G146+K146-L146)/$P146<0,0,($G146+K146-L146)/$P146))) -> 1
A147: ='BASE - Geral'!#REF! -> #REF! | B147: ='BASE - Geral'!#REF! -> #REF! | L147: ='BASE - Geral'!#REF!+'BASE - Geral'!#REF! -> #REF! | M147: =VLOOKUP(D147,'Demanda Isolada KIT'!$M$2:$P$1048576,3,0) -> #N/A | U147: =IF(P147=0,100%,IF((G147+H147+I147-L147)/P147>100%,100%,IF(($G147+H147+I147-L147)/$P147<0,0,($G147+H147+I147-L147)/$P147))) -> 1 | V147: =IF(P147=0,100%,IF((G147+K147-L147)/P147>100%,100%,IF(($G147+K147-L147)/$P147<0,0,($G147+K147-L147)/$P147))) -> 1
... A171: ='BASE - Geral'!#REF! -> #REF! | B171: ='BASE - Geral'!#REF! -> #REF! | L171: ='BASE - Geral'!#REF!+'BASE - Geral'!#REF! -> #REF! | M171: =VLOOKUP(D171,'Demanda Isolada KIT'!$M$2:$P$1048576,3,0) -> #N/A | U171: =IF(P171=0,100%,IF((G171+H171+I171-L171)/P171>100%,100%,IF(($G171+H171+I171-L171)/$P171<0,0,($G171+H171+I171-L171)/$P171))) -> 1 | V171: =IF(P171=0,100%,IF((G171+K171-L171)/P171>100%,100%,IF(($G171+K171-L171)/$P171<0,0,($G171+K171-L171)/$P171))) -> 1

Sheet Planilha1
A1: Contagem de FSC | B1: Rótulos de Coluna
A2: Categoria | B2: 0 | C2: 0.71 | D2: 0.63 | E2: 0.86 | F2: 0.81 | G2: 0.78 | H2: 0.77 | I2: 0.73 | J2: 0.37 | K2: 0.61 | L2: 0.31 | M2: 0.12 | N2: 0.11 | O2: 0.88 | P2: 0.14 | Q2: 0.13 | R2: 0.53 | S2: 0.72 | T2: 0.26 | U2: 0.32 | V2: 0.25 | W2: 0.34 | X2: 0.21 | Y2: 0.83 | Z2: 0.62 | AA2: 0.01 | AB2: 0.42 | AC2: 0.41 | AD2: 0.16 | AE2: 0.79 | AF2: 0.69 | AG2: 0.85 | AH2: Cod 100% | AI2: Total Geral cod | AJ2: Cob OH %
A3: COLOR I | B3: 1 | G3: 1 | AH3: 16 | AI3: 18 | AJ3: =GETPIVOTDATA("FSC",$A$1,"CATEGORIA","COLOR I","% COB2","Cod 100%")/GETPIVOTDATA("FSC",$A$1,"CATEGORIA","COLOR I") -> 0.88888889
A4: COLOR II | B4: 2 | AF4: 1 | AH4: 2 | AI4: 5 | AJ4: =GETPIVOTDATA("FSC",$A$1,"CATEGORIA","COLOR II","% COB2","Cod 100%")/GETPIVOTDATA("FSC",$A$1,"CATEGORIA","COLOR II") -> 0.4
A5: FRAGRANCE | B5: 8 | D5: 1 | F5: 1 | H5: 1 | I5: 1 | J5: 1 | K5: 1 | O5: 1 | T5: 1 | U5: 2 | X5: 1 | AA5: 1 | AG5: 1 | AH5: 20 | AI5: 41 | AJ5: =GETPIVOTDATA("FSC",$A$1,"CATEGORIA","FRAGRANCE","% COB2","Cod 100%")/GETPIVOTDATA("FSC",$A$1,"CATEGORIA","FRAGRANCE") -> 0.48780488
A6: OV | G6: 1 | S6: 1 | AH6: 7 | AI6: 9 | AJ6: =GETPIVOTDATA("FSC",$A$1,"CATEGORIA","OV","% COB2","Cod 100%")/GETPIVOTDATA("FSC",$A$1,"CATEGORIA","OV") -> 0.77777778
A7: PERSONAL CARE | P7: 1 | Q7: 2 | V7: 1 | Y7: 1 | AH7: 11 | AI7: 16 | AJ7: =GETPIVOTDATA("FSC",$A$1,"CATEGORIA","PERSONAL CARE","% COB2","Cod 100%")/GETPIVOTDATA("FSC",$A$1,"CATEGORIA","PERSONAL CARE") -> 0.6875
A8: SKIN CARE | C8: 1 | E8: 1 | L8: 1 | M8: 1 | N8: 1 | R8: 1 | W8: 1 | Z8: 1 | AB8: 1 | AC8: 1 | AD8: 1 | AE8: 1 | AH8: 26 | AI8: 38 | AJ8: =GETPIVOTDATA("FSC",$A$1,"CATEGORIA","SKIN CARE","% COB2","Cod 100%")/GETPIVOTDATA("FSC",$A$1,"CATEGORIA","SKIN CARE") -> 0.68421053
A9: Total Geral cod | B9: 11 | C9: 1 | D9: 1 | E9: 1 | F9: 1 | G9: 2 | H9: 1 | I9: 1 | J9: 1 | K9: 1 | L9: 1 | M9: 1 | N9: 1 | O9: 1 | P9: 1 | Q9: 2 | R9: 1 | S9: 1 | T9: 1 | U9: 2 | V9: 1 | W9: 1 | X9: 1 | Y9: 1 | Z9: 1 | AA9: 1 | AB9: 1 | AC9: 1 | AD9: 1 | AE9: 1 | AF9: 1 | AG9: 1 | AH9: 82 | AI9: 127 | AJ9: =GETPIVOTDATA("FSC",$A$1,"% COB2","Cod 100%")/GETPIVOTDATA("FSC",$A$1) -> 0.64566929

Sheet Demanda Isolada KIT
E1: cenário Central | H1: cenário Maximo | M1: cenário Central | R1: cenário Maximo
A2: Nome do Presente | B2: Lançamento/Linha/Exclusivo | C2: Profile | D2: FSC | E2: 03 | F2: 04 | G2: 05 | H2: 03-M | I2: 04-M | J2: 05-M | M2: Rótulos de Linha | N2: Soma de 03 | O2: Soma de 04 | P2: Soma de 05 | R2: Rótulos de Linha | S2: Soma de 03-M | T2: Soma de 04-M | U2: Soma de 05-M
A3: PRESENTE RENEW TUDINHO | B3: Lançamento | C3: 1230123 | D3: 1476641 | E3: 10986 | F3: 0 | G3: 0 | I3: 0 | J3: 0 | M3: 1176230 | N3: 37245 | O3: 0 | P3: 13859 | R3: 1176230 | T3: 0 | U3: 22943
A4: PRESENTE RENEW TUDINHO | B4: Lançamento | C4: 1229615 | D4: 1480339 | E4: 10986 | F4: 0 | G4: 0 | I4: 0 | J4: 0 | M4: 1218418 | N4: 3655 | O4: 5674 | P4: 2826 | R4: 1218418 | T4: 5548.3731 | U4: 4663.0514
A5: PRESENTE RENEW TUDINHO | B5: Lançamento | C5: 1229613 | D5: 1473466 | E5: 10986 | F5: 0 | G5: 0 | I5: 0 | J5: 0 | M5: 1227787 | N5: 34038 | O5: 16689 | P5: 0 | R5: 1227787 | S5: 1888 | T5: 11728.218 | U5: 0
A6: PRESENTE RENEW TUDINHO | B6: Lançamento | C6: 1228372 | D6: 1465456 | E6: 10986 | F6: 0 | G6: 0 | I6: 0 | J6: 0 | M6: 1238957 | N6: 23211 | O6: 0 | P6: 9257 | R6: 1238957 | S6: 1396 | T6: 0 | U6: 12266.365
A7: PRESENTE RENEW TUDINHO | B7: Lançamento Exclusivo | C7: 1232257 | D7: 1500863 | E7: 10986 | F7: 0 | G7: 0 | I7: 0 | J7: 0 | M7: 1248943 | N7: 3655 | O7: 5674 | P7: 2826 | R7: 1248943 | T7: 5548.3731 | U7: 4663.0514
A8: PRESENTE RENEW TODA VITAMINADA | B8: Linha | C8: 1221720 | D8: 1341738 | E8: 0 | F8: 2395 | G8: 0 | I8: 9205 | J8: 0 | M8: 1259903 | N8: 0 | O8: 28049 | P8: 11326 | R8: 1259903 | T8: 35114.715 | U8: 9778.2846
A9: PRESENTE RENEW TODA VITAMINADA | B9: Lançamento | C9: 1230123 | D9: 1476641 | E9: 0 | F9: 0 | G9: 0 | I9: 9205 | J9: 0 | M9: 1299936 | N9: 26038 | O9: 15304 | P9: 0 | R9: 1299936 | T9: 16458.771 | U9: 0
A10: PRESENTE RENEW TODA VITAMINADA | B10: Linha | C10: 1222993 | D10: 1401315 | E10: 18001 | F10: 2395 | G10: 8794 | I10: 7870.2765 | J10: 0 | M10: 1306875 | N10: 26038 | O10: 15304 | P10: 0 | R10: 1306875 | T10: 16458.771 | U10: 0
A11: PRESENTE RENEW TODA VITAMINADA | B11: Lançamento | C11: 5607158 | D11: 1500417 | E11: 0 | F11: 2395 | G11: 0 | I11: 9205 | J11: 0 | M11: 1307048 | N11: 12688 | O11: 0 | P11: 6135 | R11: 1307048 | T11: 0 | U11: 7675.5801
A12: PRESENTE RENEW TODA VITAMINADA | B12: Linha | C12: 1230474 | D12: 1477481 | E12: 0 | F12: =1248+1147 -> 2395 | H12: 1099 | I12: 9205 | J12: 0 | M12: 1328771 | N12: 34038 | O12: 16689 | P12: 0 | R12: 1328771 | S12: 1888 | T12: 11728.218 | U12: 0
A13: PRESENTE FROZEN | B13: Linha | C13: 1224297 | D13: 1444367 | E13: 67438 | F13: 15894 | G13: 16017 | H13: 4243 | I13: 18520.731 | J13: 15531.011 | M13: 1329248 | N13: 0 | O13: 19523 | P13: 5296 | R13: 1329248 | S13: 738 | T13: 24867.295 | U13: 11694.705
A14: PRESENTE FROZEN | B14: Linha | C14: 1224296 | D14: 1444366 | E14: 67438 | F14: 15894 | G14: 16017 | H14: 4243 | I14: 18520.731 | J14: 15531.011 | M14: 1341738 | N14: 0 | O14: 2395 | P14: 0 | R14: 1341738 | T14: 9205 | U14: 0
A15: PRESENTE FROZEN | B15: Linha | C15: 1224299 | D15: 1444369 | E15: 67438 | F15: 15894 | G15: 16017 | H15: 4243 | I15: 18520.731 | J15: 15531.011 | M15: 1358076 | N15: 24075 | O15: 0 | P15: 17160 | R15: 1358076 | T15: 0 | U15: 17640.464
A16: PRESENTE FROZEN | B16: Linha | C16: 1230471 | D16: 1477479 | E16: 63174 | F16: 15894 | G16: 245548 | H16: 19342 | I16: 18626.319 | J16: 15619.554 | M16: 1358077 | N16: 15963 | O16: 12359 | P16: 12248 | R16: 1358077 | T16: 8301 | U16: 3438
A17: PRESENTE HOMEM ARANHA | B17: Linha | C17: 1227142 | D17: 1440062 | E17: 104311 | F17: 12740 | G17: 19708 | H17: 6429 | I17: 32980.04 | J17: 23778.185 | M17: 1358078 | N17: 15963 | O17: 12359 | P17: 12248 | R17: 1358078 | T17: 8301 | U17: 3438
A18: PRESENTE HOMEM ARANHA | B18: Linha | C18: 5561189 | D18: 1444438 | E18: 97715 | F18: 0 | I18: 33157.265 | J18: 23905.962 | M18: 1372314 | N18: 0 | O18: 28049 | P18: 11326 | R18: 1372314 | T18: 35114.715 | U18: 9778.2846
A19: PRESENTE HOMEM ARANHA | B19: Linha | C19: 1230471 | D19: 1477479 | E19: 97715 | F19: 12740 | I19: 33157.265 | J19: 23905.962 | M19: 1374965 | N19: 0 | O19: 3094 | P19: 1413 | R19: 1374965 | S19: 212 | T19: 3854.7716 | U19: 1465.2284
A20: PRESENTE COLOR TREND OLHOS PERFEITOS - ESCURO | B20: Linha | C20: 1223381 | D20: 1424077 | E20: 12635 | F20: 0 | G20: 9257 | H20: 1396 | I20: 0 | J20: 5714.882 | M20: 1376493 | N20: 0 | O20: 19056 | P20: 8479 | R20: 1376493 | T20: 15277.819 | U20: 3858.1807
A21: PRESENTE COLOR TREND OLHOS PERFEITOS - ESCURO | B21: Linha | C21: 1198883 | D21: 1238957 | E21: 12635 | F21: 0 | G21: 9257 | H21: 1396 | I21: 0 | J21: 5714.882 | M21: 1376738 | N21: 10516 | O21: 0 | P21: 4130 | R21: 1376738 | S21: 632 | T21: 0 | U21: 5438.5102
A22: PRESENTE COLOR TREND OLHOS PERFEITOS - ESCURO | B22: Linha | C22: 1222176 | D22: 1376739 | E22: 12635 | F22: 0 | G22: 5127 | H22: 764 | I22: 0 | J22: 6806.0661 | M22: 1376739 | N22: 12635 | O22: 0 | P22: 5127 | R22: 1376739 | S22: 764 | T22: 0 | U22: 6806.0661
A23: PRESENTE COLOR TREND OLHOS PERFEITOS - ESCURO | B23: Linha | C23: 1230470 | D23: 1477478 | E23: 12635 | F23: 0 | H23: 1642 | I23: 0 | J23: 5714.882 | M23: 1381752 | N23: 71700 | O23: 17648 | P23: 30839 | R23: 1381752 | S23: 2753 | T23: 22134.555 | U23: 20458
A24: PRESENTE COLOR TREND OLHOS PERFEITOS - MEDIO | B24: Linha | C24: 1223381 | D24: 1424077 | E24: 10576 | F24: 0 | I24: 0 | J24: 6551.4834 | M24: 1381761 | N24: 34517 | O24: 17648 | P24: 0 | R24: 1381761 | S24: 2753 | T24: 22251.065 | U24: 0
A25: PRESENTE COLOR TREND OLHOS PERFEITOS - MEDIO | B25: Linha | C25: 1198883 | D25: 1238957 | E25: 10576 | F25: 0 | I25: 0 | J25: 6551.4834 | M25: 1381805 | N25: 0 | O25: 44878 | P25: 17665 | R25: 1381805 | T25: 39225.852 | U25: 17514.148
A26: PRESENTE COLOR TREND OLHOS PERFEITOS - MEDIO | B26: Linha | C26: 1222176 | D26: 1376738 | E26: 10516 | F26: 0 | G26: 4130 | H26: 632 | I26: 0 | J26: 5438.5102 | M26: 1381806 | N26: 37236 | O26: 0 | P26: 30839 | R26: 1381806 | T26: 0 | U26: 20458
A27: PRESENTE COLOR TREND OLHOS PERFEITOS - MEDIO | B27: Linha | C27: 1230470 | D27: 1477478 | E27: 10576 | F27: 0 | I27: 0 | J27: 6551.4834 | M27: 1381812 | N27: 0 | O27: 6562 | P27: 0 | R27: 1381812 | T27: 10286 | U27: 0
A28: PRESENTE PALETA BIG PRO | B28: Lançamento | C28: 1227759 | D28: 1464637 | E28: 15040 | F28: 2940 | G28: 942 | I28: 6968.6758 | J28: 2434.8972 | M28: 1381816 | N28: 0 | O28: 6592 | P28: 0 | R28: 1381816 | T28: 10286 | U28: 0
A29: PRESENTE PALETA BIG PRO | B29: Linha | C29: 1230471 | D29: 1477479 | E29: 15040 | F29: 2940 | I29: 6968.6758 | J29: 2434.8972 | M29: 1381817 | N29: 0 | O29: 0 | P29: 0 | R29: 1381817 | T29: 10286 | U29: 0
A30: PRESENTE AVON COLOR RED MAJESTY | B30: Lançamento | C30: 1229735 | D30: 1481282 | E30: 51 | F30: 6938 | G30: 2826 | I30: 9508.3173 | J30: 4666.1809 | M30: 1386588 | N30: 0 | O30: 19056 | P30: 8479 | R30: 1386588 | T30: 15277.819 | U30: 3858.1807
A31: PRESENTE AVON COLOR RED MAJESTY | B31: Linha | C31: 1220643 | D31: 1329248 | E31: 0 | F31: 6938 | G31: 5296 | H31: 246 | I31: 9520.0576 | J31: 4671.9424 | M31: 1392389 | N31: 69010 | O31: 0 | P31: 22405 | R31: 1392389 | T31: 0 | U31: 29726
A32: PRESENTE AVON COLOR RED MAJESTY | B32: Linha | C32: 1230470 | D32: 1477478 | E32: 0 | F32: 6938 | I32: 9520.0576 | J32: 4671.9424 | M32: 1401315 | N32: 18001 | O32: 2395 | P32: 8794 | R32: 1401315 | T32: 7870.2765 | U32: 0
A33: PRESENTE AVON COLOR QUEEN BEE | B33: Lançamento | C33: 1229735 | D33: 1481281 | E33: 0 | F33: 6876 | G33: 2103 | I33: 8346.5787 | J33: 5353.4213 | M33: 1406455 | N33: 15399 | O33: 8714 | P33: 4685 | R33: 1406455 | T33: 7114 | U33: 4973
A34: PRESENTE AVON COLOR QUEEN BEE | B34: Linha | C34: 1220643 | D34: 1329248 | E34: 0 | F34: 6876 | H34: 246 | I34: 8346.5787 | J34: 5353.4213 | M34: 1406456 | N34: 15399 | O34: 8714 | P34: 4685 | R34: 1406456 | T34: 7114 | U34: 4973
A35: PRESENTE AVON COLOR QUEEN BEE | B35: Linha | C35: 1230470 | D35: 1477478 | E35: 0 | F35: 6876 | I35: 8346.5787 | J35: 5353.4213 | M35: 1408126 | N35: 12161 | O35: 0 | P35: 1754 | R35: 1408126 | S35: 606 | T35: 0 | U35: 2763.3928
A36: PRESENTE AVON COLOR ICE FAIRY | B36: Lançamento | C36: 1229735 | D36: 1481283 | E36: 0 | F36: 5709 | G36: 1309 | H36: 246 | I36: 7000.6584 | J36: 1669.3416 | M36: 1408127 | N36: 9801 | O36: 0 | P36: 2885 | R36: 1408127 | S36: 493 | T36: 0 | U36: 2402.2764
A37: PRESENTE AVON COLOR ICE FAIRY | B37: Linha | C37: 1220643 | D37: 1329248 | E37: 0 | F37: 5709 | H37: 246 | I37: 7000.6584 | J37: 1669.3416 | M37: 1408128 | N37: 12161 | O37: 0 | P37: 1754 | R37: 1408128 | S37: 606 | T37: 0 | U37: 2763.3928
A38: PRESENTE AVON COLOR ICE FAIRY | B38: Linha | C38: 1230470 | D38: 1477478 | E38: 0 | F38: 5709 | I38: 7000.6584 | J38: 1669.3416 | M38: 1408542 | N38: 9803 | O38: 0 | P38: 2885 | R38: 1408542 | S38: 493 | T38: 0 | U38: 2402.2088
A39: PRESENTE AVON COLOR COLECAO WONDERLAND | B39: Lançamento | C39: 1229735 | D39: 1481282 | E39: 0 | F39: 1909 | I39: 6966.3548 | J39: 1994.6452 | M39: 1419191 | N39: 37236 | O39: 0 | P39: 30839 | R39: 1419191 | T39: 0 | U39: 20458
A40: PRESENTE AVON COLOR COLECAO WONDERLAND | B40: Lançamento | C40: 1222636 | D40: 1486442 | E40: 51 | F40: 1909 | G40: 942 | I40: 6958.7837 | J40: 1992.4773 | M40: 1420731 | N40: 12688 | O40: 0 | P40: 6135 | R40: 1420731 | T40: 0 | U40: 7675.5801
A41: PRESENTE AVON COLOR COLECAO WONDERLAND | B41: Lançamento | C41: 1226823 | D41: 1482644 | E41: 51 | F41: 1909 | G41: 942 | I41: 6958.7837 | J41: 1992.4773 | M41: 1424077 | N41: 23211 | O41: 0 | P41: 9257 | R41: 1424077 | S41: 1396 | T41: 0 | U41: 12266.365
A42: PRESENTE AVON COLOR COLECAO WONDERLAND | B42: Lançamento | C42: 1227984 | D42: 1483631 | E42: 51 | F42: 1909 | G42: 942 | I42: 6958.7837 | J42: 1992.4773 | M42: 1436923 | N42: 0 | O42: 23272 | P42: 8008 | R42: 1436923 | T42: 17875.727 | U42: 3723.2731
A43: PRESENTE AVON COLOR COLECAO WONDERLAND | B43: Exclusivo | C43: 1232260 | D43: 1500866 | E43: 51 | F43: 1909 | G43: 942 | I43: 6958.7837 | J43: 1992.4773 | M43: 1440062 | N43: 104311 | O43: 12740 | P43: 19708 | R43: 1440062 | S43: 6429 | T43: 32980.04 | U43: 23778.185
A44: PRESENTE AVON CARE BABY ESPECIAL | B44: Linha | C44: 1231944 | D44: 1499435 | E44: 0 | F44: 9537 | G44: 0 | H44: 429 | I44: 12276 | J44: 0 | M44: 1444123 | N44: 0 | O44: 1870 | P44: 1413 | R44: 1444123 | T44: 2426.7881 | U44: 3874.2119
A45: PRESENTE AVON CARE BABY ESPECIAL | B45: Linha | C45: 1232045 | D45: 1499432 | E45: 0 | F45: 9537 | G45: 0 | H45: 429 | I45: 12276 | J45: 0 | M45: 1444366 | N45: 67438 | O45: 15894 | P45: 16017 | R45: 1444366 | S45: 4243 | T45: 18520.731 | U45: 15531.011
A46: PRESENTE AVON CARE BABY ESPECIAL | B46: Exclusivo | C46: 5583314 | D46: 1472624 | E46: 0 | F46: 9537 | G46: 0 | H46: 429 | I46: 12276 | J46: 0 | M46: 1444367 | N46: 67438 | O46: 15894 | P46: 16017 | R46: 1444367 | S46: 4243 | T46: 18520.731 | U46: 15531.011
A47: PRESENTE AVON CARE BABY ESPECIAL | B47: Linha | C47: 1230472 | D47: 1477653 | E47: 0 | F47: 9537 | G47: 0 | H47: 429 | I47: 12276 | J47: 0 | M47: 1444369 | N47: 67438 | O47: 15894 | P47: 16017 | R47: 1444369 | S47: 4243 | T47: 18520.731 | U47: 15531.011
A48: PRESENTE AVON CARE BABY CALMING | B48: Linha | C48: 1231945 | D48: 1499434 | E48: 44417 | F48: 0 | G48: 19131 | I48: 0 | J48: 22047.252 | M48: 1444430 | N48: 22191 | O48: 0 | P48: 2885 | R48: 1444430 | S48: 1099 | T48: 0 | U48: 5158.8789
A49: PRESENTE AVON CARE BABY CALMING | B49: Linha | C49: 1232044 | D49: 1497050 | E49: 44417 | F49: 0 | G49: 19131 | I49: 0 | J49: 22047.252 | M49: 1444438 | N49: 97715 | O49: 0 | R49: 1444438 | T49: 33157.265 | U49: 23905.962
A50: PRESENTE AVON CARE BABY CALMING | B50: Linha | C50: 1231760 | D50: 1499433 | E50: 44417 | F50: 0 | G50: 28839 | I50: 0 | J50: 22047.252 | M50: 1444924 | N50: 0 | O50: 0 | P50: 7405 | R50: 1444924 | T50: 0 | U50: 8836
A51: PRESENTE AVON CARE BABY CALMING | B51: Exclusivo | C51: 1232261 | D51: 1500867 | E51: 44417 | F51: 0 | G51: 28839 | I51: 0 | J51: 22047.252 | M51: 1444925 | N51: 0 | O51: 0 | P51: 5873 | R51: 1444925 | T51: 0 | U51: 7011
A52: PRESENTE ENCANTO SABONETE MIX ATRAENTE E IRRESISTIVEL | B52: Lançamento | C52: 1228764 | D52: 1473013 | E52: 697458 | F52: 0 | G52: 171354 | I52: 0 | J52: 367293.95 | M52: 1445772 | N52: 0 | O52: 3094 | P52: 1413 | R52: 1445772 | S52: 212 | T52: 3854.7716 | U52: 1465.2284
A53: PRESENTE ENCANTO SABONETE MIX IRRESISTIVEL E SEDUTORA | B53: Exclusivo | C53: 1228528 | D53: 1466437 | E53: 0 | F53: 186200 | G53: 0 | I53: 293313 | J53: 0 | M53: 1446416 | N53: 4192 | O53: 1522 | P53: 0 | R53: 1446416 | T53: 1912.5283 | U53: 0
A54: PRESENTE ENCANTO TRIO DE MAOS | B54: Linha | C54: 1221600 | D54: 1381761 | E54: 34517 | F54: 17648 | G54: 0 | H54: 2753 | I54: 22251.065 | J54: 0 | M54: 1446844 | N54: 11932 | O54: 20877 | P54: 10155 | R54: 1446844 | S54: 694 | T54: 32546 | U54: 5822.2433
A55: PRESENTE ENCANTO TRIO DE MAOS | B55: Linha | C55: 1221550 | D55: 1381752 | E55: 36000 | F55: 17648 | G55: 0 | H55: 2753 | I55: 22134.555 | J55: 0 | M55: 1454186 | N55: 0 | O55: 20877 | P55: 0 | R55: 1454186 | T55: 32546 | U55: 0
A56: PRESENTE ENCANTO TRIO DE MAOS | B56: Linha | C56: 1229869 | D56: 1472711 | E56: 34517 | F56: 17648 | H56: 2753 | I56: 22251.065 | J56: 0 | M56: 1456084 | N56: 0 | O56: 29918 | P56: 14299 | R56: 1456084 | S56: 2684 | T56: 55532.932 | U56: 18405.068
A57: PRESENTE ENCANTO TRIO DE MAOS | B57: Exclusivo | C57: 1232258 | D57: 1500864 | E57: 34517 | F57: 17648 | G57: 0 | H57: 2753 | I57: 22251.065 | J57: 0 | M57: 1456085 | N57: 0 | O57: 29918 | P57: 14299 | R57: 1456085 | S57: 2684 | T57: 55532.932 | U57: 18405.068
A58: PRESENTE ENCANTO GLAMOUROSA E CATIVANTE MAOS | B58: Lançamento | C58: 1228774 | D58: 1499821 | E58: 0 | F58: 24289 | G58: 17648 | I58: 18359 | J58: 18671 | M58: 1456087 | N58: 0 | O58: 12927 | P58: 3138 | R58: 1456087 | T58: 15950.791 | U58: 4028.2095
A59: PRESENTE ENCANTO GLAMOUROSA E CATIVANTE MAOS | B59: Linha | C59: 1228772 | D59: 1477908 | E59: 0 | F59: 24289 | G59: 17648 | I59: 18359 | J59: 18671 | M59: 1457667 | N59: 69010 | O59: 0 | P59: 22405 | R59: 1457667 | T59: 0 | U59: 29726
A60: PRESENTE ENCANTO GLAMOUROSA E CATIVANTE MAOS | B60: Exclusivo | C60: 1232259 | D60: 1500865 | E60: 0 | F60: 24289 | H60: 6694 | I60: 18359 | J60: 18671 | M60: 1457841 | N60: 0 | O60: 12927 | P60: 3138 | R60: 1457841 | T60: 15950.791 | U60: 4028.2095
A61: PRESENTE ENCANTO IRRESISTIVEL E PODEROSA | B61: Linha | C61: 1229844 | D61: 1472705 | E61: 0 | F61: 24108 | G61: 27960 | I61: 31881.232 | J61: 25639.768 | M61: 1460934 | N61: 37243 | O61: 0 | P61: 13859 | R61: 1460934 | T61: 0 | U61: 22943
A62: PRESENTE ENCANTO IRRESISTIVEL E PODEROSA | B62: Linha | C62: 1229869 | D62: 1472711 | E62: 0 | F62: 24108 | I62: 31881.232 | J62: 25639.768 | M62: 1462840 | N62: 0 | O62: 0 | P62: 3633 | R62: 1462840 | T62: 0 | U62: 9001
A63: PRESENTE ENCANTO IRRESISTIVEL E PODEROSA | B63: Exclusivo | C63: 1232259 | D63: 1500865 | E63: 0 | F63: 24108 | I63: 31881.232 | J63: 25639.768 | M63: 1464637 | N63: 15040 | O63: 2940 | P63: 942 | R63: 1464637 | T63: 6968.6758 | U63: 2434.8972
A64: PRESENTE ENCANTO GLAMOUROSA E CATIVANTE | B64: Linha | C64: 1227242 | D64: 1467558 | E64: 24559 | F64: 0 | G64: 14950 | I64: 0 | J64: 15929 | M64: 1465456 | N64: 10986 | O64: 0 | P64: 0 | R64: 1465456 | T64: 0 | U64: 0
A65: PRESENTE ENCANTO GLAMOUROSA E CATIVANTE | B65: Linha | C65: 1227245 | D65: 1467962 | E65: 24559 | F65: 0 | G65: 14950 | I65: 0 | J65: 15929 | M65: 1465716 | N65: 0 | O65: 8650 | P65: 5668 | R65: 1465716 | T65: 22398.279 | U65: 7632.7206
A66: PRESENTE ENCANTO GLAMOUROSA E CATIVANTE | B66: Linha | C66: 1230470 | D66: 1477478 | E66: 24559 | I66: 0 | J66: 15929 | M66: 1465877 | N66: 4192 | O66: 1522 | P66: 0 | R66: 1465877 | T66: 1912.5283 | U66: 0
A67: PRESENTE ENCANTO TRIO DE LOCOES | B67: Linha | C67: 1229942 | D67: 1472921 | E67: 0 | F67: 44878 | G67: 17665 | I67: 39225.852 | J67: 17514.148 | M67: 1466437 | N67: 0 | O67: 186200 | P67: 0 | R67: 1466437 | T67: 293313 | U67: 0
A68: PRESENTE ENCANTO TRIO DE LOCOES | B68: Linha | C68: 1229854 | D68: 1472708 | E68: 0 | F68: 44878 | G68: 17665 | I68: 39225.852 | J68: 17514.148 | M68: 1467555 | N68: 0 | O68: 46431 | P68: 22216 | R68: 1467555 | S68: 1655 | T68: 19170.553 | U68: 16316.447
A69: PRESENTE ENCANTO TRIO DE LOCOES | B69: Linha | C69: 1221551 | D69: 1381805 | E69: 0 | F69: 44878 | G69: 17665 | I69: 39225.852 | J69: 17514.148 | M69: 1467558 | N69: 24559 | O69: 0 | P69: 14950 | R69: 1467558 | T69: 0 | U69: 15929
A70: PRESENTE ENCANTO TRIO DE LOCOES | B70: Exclusivo | C70: 1232262 | D70: 1500868 | E70: 0 | F70: 44878 | G70: 17665 | I70: 39225.852 | J70: 17514.148 | M70: 1467962 | N70: 24559 | O70: 0 | P70: 14950 | R70: 1467962 | T70: 0 | U70: 15929
A71: PRESENTE ENCANTO FASCINANTE E SOFISTICADA | B71: Linha | C71: 1225954 | D71: 1419191 | E71: 37236 | F71: 0 | G71: 30839 | I71: 0 | J71: 20458 | M71: 1472624 | N71: 0 | O71: 9537 | P71: 0 | R71: 1472624 | S71: 429 | T71: 12276 | U71: 0
A72: PRESENTE ENCANTO FASCINANTE E SOFISTICADA | B72: Linha | C72: 1221550 | D72: 1381752 | E72: 35700 | F72: 0 | G72: 30839 | I72: 0 | J72: 20458 | M72: 1472689 | N72: 0 | O72: 25920 | P72: 8321 | R72: 1472689 | T72: 32081.694 | U72: 10713.306
A73: PRESENTE ENCANTO FASCINANTE E SOFISTICADA | B73: Linha | C73: 1221562 | D73: 1381806 | E73: 37236 | F73: 0 | G73: 30839 | I73: 0 | J73: 20458 | M73: 1472705 | N73: 0 | O73: 24108 | P73: 27960 | R73: 1472705 | T73: 31881.232 | U73: 25639.768
A74: PRESENTE ENCANTO FASCINANTE E SOFISTICADA | B74: Linha | C74: 1230471 | D74: 1477479 | E74: 34398 | F74: 0 | I74: 0 | J74: 20458 | M74: 1472708 | N74: 0 | O74: 44878 | P74: 17665 | R74: 1472708 | T74: 39225.852 | U74: 17514.148
A75: PRESENTE ENCANTO ATRAENTE E DESLUMBRANTE | B75: Linha | C75: 1225203 | D75: 1446844 | E75: 0 | F75: 11902 | G75: 0 | H75: 694 | I75: 32546 | J75: 0 | M75: 1472711 | N75: 34517 | O75: 50406 | P75: 33628 | R75: 1472711 | S75: 2753 | T75: 76530.577 | U75: 33272.489
A76: PRESENTE ENCANTO ATRAENTE E DESLUMBRANTE | B76: Exclusivo | C76: 1228019 | D76: 1454186 | E76: 0 | F76: 20877 | G76: 0 | I76: 32546 | J76: 0 | M76: 1472921 | N76: 0 | O76: 44878 | P76: 17665 | R76: 1472921 | T76: 39225.852 | U76: 17514.148
A77: PRESENTE ENCANTO ATRAENTE E DESLUMBRANTE | B77: Exclusivo | C77: 1232259 | D77: 1500865 | E77: 0 | F77: 20877 | I77: 32546 | J77: 0 | M77: 1473013 | N77: 697458 | O77: 0 | P77: 171354 | R77: 1473013 | T77: 0 | U77: 367293.95
A78: PRESENTE ENCANTO IRRESISTIVEL E PODEROSA MINIATURA | B78: Lançamento | C78: 1227995 | D78: 1465716 | E78: 0 | F78: 8650 | G78: 5668 | I78: 22398.279 | J78: 7632.7206 | M78: 1473118 | N78: 0 | O78: 0 | P78: 3633 | R78: 1473118 | T78: 0 | U78: 9001
A79: PRESENTE ENCANTO IRRESISTIVEL E PODEROSA MINIATURA | B79: Linha | C79: 1229869 | D79: 1472711 | E79: 0 | F79: 8650 | G79: 33628 | I79: 22398.279 | J79: 7632.7206 | M79: 1473466 | N79: 10986 | O79: 0 | P79: 0 | R79: 1473466 | T79: 0 | U79: 0
A80: PRESENTE ENCANTO IRRESISTIVEL E PODEROSA MINIATURA | B80: Linha | C80: 1230470 | D80: 1477478 | E80: 0 | F80: 8650 | I80: 22398.279 | J80: 7632.7206 | M80: 1474505 | N80: 56965 | O80: 16829 | P80: 9158 | R80: 1474505 | T80: 21198.534 | U80: 11999.17
A81: PRESENTE ENCANTO DIVINA E GLORIOSA BANHO | B81: Lançamento | C81: 1226860 | D81: 1467555 | E81: 0 | F81: 46431 | G81: 22216 | H81: 1655 | I81: 19170.553 | J81: 16316.447 | M81: 1475634 | N81: 0 | O81: 0 | P81: 46474 | R81: 1475634 | T81: 0 | U81: 66906
A82: PRESENTE ENCANTO DIVINA E GLORIOSA BANHO | B82: Linha | C82: 1228767 | D82: 1500294 | E82: 0 | F82: 46431 | G82: 22216 | H82: 1655 | I82: 19170.553 | J82: 16316.447 | M82: 1475636 | N82: 0 | O82: 14334 | P82: 5130 | R82: 1475636 | T82: 12125.223 | U82: 6770.7765
A83: PRESENTE ENCANTO DIVINA E GLORIOSA BANHO | B83: Lançamento | C83: 1230471 | D83: 1477479 | E83: 48000 | F83: =25071+21360 -> 46431 | I83: 18058.572 | J83: 15370.018 | M83: 1475637 | N83: 0 | O83: 14334 | P83: 5130 | R83: 1475637 | T83: 12125.223 | U83: 6770.7765
A84: PRESENTE ENCANTO DIVINA E GLORIOSA BANHO | B84: Linha | C84: 5607539 | D84: 1502532 | E84: 0 | F84: 46431 | G84: 22216 | H84: 1655 | I84: 19170.553 | J84: 16316.447 | M84: 1475824 | N84: 0 | O84: 18137 | P84: 12701 | R84: 1475824 | T84: 14615.803 | U84: 9464.1969
A85: PRESENTE ENCANTO IRRESISTIVEL E PODEROSA MAIS QUE ESPECIAL | B85: Linha | C85: 1221570 | D85: 1381812 | E85: 0 | F85: 6562 | G85: 0 | I85: 10286 | J85: 0 | M85: 1475825 | N85: 0 | O85: 18137 | P85: 12701 | R85: 1475825 | T85: 14615.803 | U85: 9464.1969
A86: PRESENTE ENCANTO IRRESISTIVEL E PODEROSA MAIS QUE ESPECIAL | B86: Linha | C86: 1221575 | D86: 1381816 | E86: 0 | F86: 6592 | G86: 0 | I86: 10286 | J86: 0 | M86: 1475863 | N86: 0 | O86: 20454 | P86: 2826 | R86: 1475863 | T86: 44373.511 | U86: 9312.4892
A87: PRESENTE ENCANTO IRRESISTIVEL E PODEROSA MAIS QUE ESPECIAL | B87: Linha | C87: 1221576 | D87: 1381817 | E87: 0 | F87: 0 | G87: 0 | I87: 10286 | J87: 0 | M87: 1476001 | N87: 0 | O87: 25920 | P87: 8321 | R87: 1476001 | T87: 32081.694 | U87: 10713.306
A88: PRESENTE ENCANTO IRRESISTIVEL E PODEROSA MAIS QUE ESPECIAL | B88: Lançamento | C88: 1230474 | D88: 1477481 | E88: 19000 | F88: =3560+3032 -> 6592 | I88: 8984.1173 | J88: 0 | M88: 1476641 | N88: 10986 | O88: 0 | P88: 0 | R88: 1476641 | T88: 9205 | U88: 0
A89: PRESENTE ENCANTO IRRESISTIVEL E PODEROSA MAIS QUE ESPECIAL | B89: Linha | C89: 5612597 | D89: 1499274 | E89: 0 | F89: 6592 | G89: 0 | I89: 10286 | J89: 0 | M89: 1477478 | N89: 63733 | O89: 40532 | P89: 80615 | R89: 1477478 | S89: 1642 | T89: 55566.574 | U89: 101958.79
A90: PRESENTE ENCANTO ATRAENTE E DESLUMBRANTE ESPECIAL | B90: Linha | C90: 1225203 | D90: 1446844 | E90: 11932 | F90: 8975 | G90: 10155 | I90: 0 | J90: 5822.2433 | M90: 1477479 | N90: 500294 | O90: 279982 | P90: 245548 | R90: 1477479 | S90: 19342 | T90: 293574.11 | U90: 236563.52
A91: PRESENTE ENCANTO ATRAENTE E DESLUMBRANTE ESPECIAL | B91: Lançamento | C91: 1228773 | D91: 1492059 | E91: 11932 | F91: 0 | G91: 10155 | H91: 694 | I91: 0 | J91: 5822.2433 | M91: 1477481 | N91: 40191 | O91: 70622 | P91: 56874 | R91: 1477481 | S91: 1099 | T91: 72438.93 | U91: 66914.385
A92: PRESENTE ENCANTO ATRAENTE E DESLUMBRANTE ESPECIAL | B92: Lançamento | C92: 1232259 | D92: 1500865 | E92: 14000 | I92: 0 | J92: 5721.3333 | M92: 1477653 | N92: 0 | O92: 9537 | P92: 0 | R92: 1477653 | S92: 429 | T92: 12276 | U92: 0
A93: PRESENTE ENCANTO ATRAENTE E DESLUMBRANTE ESPECIAL | B93: Exclusivo | C93: 5607086 | D93: 1500485 | E93: 11176 | F93: 0 | G93: 10155 | H93: 694 | I93: 0 | J93: 5865.6133 | M93: 1477908 | N93: 0 | O93: 24289 | P93: 17648 | R93: 1477908 | T93: 18359 | U93: 18671
A94: PRESENTE AQUAVIBE MINI | B94: Exclusivo | C94: 1229679 | D94: 1493048 | E94: 56965 | F94: 16829 | G94: 9158 | I94: 21198.534 | J94: 11999.17 | M94: 1480339 | N94: 10986 | O94: 0 | P94: 0 | R94: 1480339 | T94: 0 | U94: 0
A95: PRESENTE AQUAVIBE MINI | B95: Exclusivo | C95: 1229680 | D95: 1493049 | E95: 56965 | F95: 16829 | G95: 9158 | I95: 21198.534 | J95: 11999.17 | M95: 1480481 | N95: 0 | O95: 3094 | P95: 1413 | R95: 1480481 | S95: 212 | T95: 3854.7716 | U95: 1465.2284
A96: PRESENTE AQUAVIBE MINI | B96: Exclusivo | C96: 1230201 | D96: 1474505 | E96: 56965 | F96: 16829 | G96: 9158 | I96: 21198.534 | J96: 11999.17 | M96: 1481281 | N96: 0 | O96: 6876 | P96: 2103 | R96: 1481281 | T96: 8346.5787 | U96: 5353.4213
A97: PRESENTE PUR BLANCA NOITE | B97: Exclusivo | C97: 1225245 | D97: 1456084 | E97: 0 | F97: 29918 | G97: 14299 | H97: 2684 | I97: 55532.932 | J97: 18405.068 | M97: 1481282 | N97: 51 | O97: 8847 | P97: 2826 | R97: 1481282 | T97: 16474.672 | U97: 6660.826
A98: PRESENTE PUR BLANCA NOITE | B98: Exclusivo | C98: 1225251 | D98: 1456085 | E98: 0 | F98: 29918 | G98: 14299 | H98: 2684 | I98: 55532.932 | J98: 18405.068 | M98: 1481283 | N98: 0 | O98: 5709 | P98: 1309 | R98: 1481283 | S98: 246 | T98: 7000.6584 | U98: 1669.3416
A99: PRESENTE PUR BLANCA NOITE | B99: Linha | C99: 1230471 | D99: 1477479 | E99: 0 | F99: =15583+14335 -> 29918 | I99: 55532.932 | J99: 18405.068 | M99: 1481544 | N99: 24249 | O99: 0 | P99: 22126 | R99: 1481544 | T99: 0 | U99: 17770.685
A100: PRESENTE PETIT GIRL POWER | B100: Novo | C100: 1229477 | D100: 1488316 | E100: 0 | F100: 92957 | G100: 37686 | H100: 6000 | I100: 51369.191 | J100: 11128.765 | M100: 1482644 | N100: 51 | O100: 1909 | P100: 942 | R100: 1482644 | T100: 6958.7837 | U100: 1992.4773
...

Sheet Composição 22.06.22
O1: 0 | V1: 0 | W1: =SUBTOTAL(9,W5:W214) -> 3446259 | X1: =SUBTOTAL(9,X5:X214) -> 2118087 | Y1: =SUBTOTAL(9,Y5:Y214) -> 1875009 | Z1: =SUBTOTAL(9,Z5:Z214) -> 7439355 | AA1: 0 | AB1: =SUBTOTAL(9,AB5:AB214) -> 5877032 | AC1: =SUBTOTAL(9,AC5:AC214) -> 7052853.2 | AD1: =SUBTOTAL(9,AD5:AD214) -> 8628990.2
O2: 0 | P2: CAMPANHA | V2: 0 | AA2: 0
K3: Preço FO | O3: 0 | P3: 03 | R3: 04 | T3: 05 | V3: 0 | W3: ESTIMATIVA CENTRAL | AA3: 0 | AB3: ESTIMATIVA DIR | AE3: ESTIMATIVA MAXIMO | AI3: Calculo ESTIMATIVA
A4: IMAGEM | B4: Risco | C4: CAT. PRESENTE | D4: CAT. ITEM | E4: NEGOCIO | F4: Nome do Presente FS 1414108 | G4: Descrição Sistema | H4: Lançamento/Linha/Exclusivo | I4: Profile | J4: FSC | K4: ANTES | L4: ATUAL | M4: % | N4: QTD, PRESENTES | P4: REVISTA | Q4: ACV | R4: REVISTA | S4: ACV | T4: REVISTA | U4: ACV | W4: 03 | X4: 04 | Y4: 05 | Z4: TOTAL | AB4: MIN | AC4: CENTRAL | AD4: MAX | AE4: 03 | AF4: 04 | AG4: 05 | AH4: TOTAL | AN4: CHECK SUPPLY | AO4: COMENTÁRIOS SUPPLY | AP4: Acordos/ Ação | AQ4: Responsável | AR4: PAI
C5: FACE | D5: FACE | E5: BEAUTY | F5: PRESENTE RENEW TUDINHO | G5: RENEW MINI VITAMIN C 10G | H5: Lançamento | I5: 1230123 | J5: 1476641 | K5: 99.9 | L5: 129.9 | M5: 0.3003003 | N5: 1 | O5: 0 | P5: Sim | Q5: Sim | R5: Nâo | S5: Nâo | T5: Sim | U5: Sim | V5: 0 | W5: 10986 | X5: 0 | Y5: 0 | Z5: =SUM(W5:Y5) -> 10986 | AA5: 0 | AB5: 12800 | AC5: 16055 | AD5: 19400 | AE5: =AL5*AI5+W5 -> 14331 | AF5: =AL5*AJ5+X5 -> 0 | AG5: =AL5*AK5+Y5 -> 0 | AH5: =SUM(AE5:AG5) -> 14331 | AI5: =W5/Z5 -> 1 | AJ5: =X5/Z5 -> 0 | AK5: =Y5/Z5 -> 0 | AL5: =AD5-AC5 -> 3345 | AN5: Atenção | AO5: Ponto de atenção, pois é inovação e não produzimos ainda. | AR5: X
C6: FACE | D6: FACE | E6: BEAUTY | F6: PRESENTE RENEW TUDINHO | G6: RENEW HYALURONIC ACID 10ML | H6: Lançamento | I6: 1229615 | J6: 1480339 | K6: 99.9 | L6: 129.9 | M6: 0.3003003 | O6: 0 | V6: 0 | W6: 10986 | X6: 0 | Y6: 0 | Z6: =SUM(W6:Y6) -> 10986 | AA6: 0 | AB6: 12800 | AC6: 16055 | AD6: 19400 | AE6: =AL6*AI6+W6 -> 14331 | AF6: =AL6*AJ6+X6 -> 0 | AG6: =AL6*AK6+Y6 -> 0 | AH6: =SUM(AE6:AG6) -> 14331 | AI6: =W6/Z6 -> 1 | AJ6: =X6/Z6 -> 0 | AK6: =Y6/Z6 -> 0 | AL6: =AD6-AC6 -> 3345 | AN6: Atenção | AO6: Ponto de atenção, pois é inovação e não produzimos ainda.
C7: FACE | D7: FACE | E7: BEAUTY | F7: PRESENTE RENEW TUDINHO | G7: VITA C SPF 50 LOTION 10G | H7: Lançamento | I7: 1229613 | J7: 1473466 | K7: 99.9 | L7: 129.9 | M7: 0.3003003 | O7: 0 | V7: 0 | W7: 10986 | X7: 0 | Y7: 0 | Z7: =SUM(W7:Y7) -> 10986 | AA7: 0 | AB7: 12800 | AC7: 16055 | AD7: 19400 | AE7: =AL7*AI7+W7 -> 14331 | AF7: =AL7*AJ7+X7 -> 0 | AG7: =AL7*AK7+Y7 -> 0 | AH7: =SUM(AE7:AG7) -> 14331 | AI7: =W7/Z7 -> 1 | AJ7: =X7/Z7 -> 0 | AK7: =Y7/Z7 -> 0 | AL7: =AD7-AC7 -> 3345 | AN7: Atenção | AO7: Ponto de atenção, pois é inovação e não produzimos ainda.
C8: FACE | D8: FACE | E8: BEAUTY | F8: PRESENTE RENEW TUDINHO | G8: RENEW VITAMINA D GEL CREME 15G | H8: Lançamento | I8: 1228372 | J8: 1465456 | K8: 99.9 | L8: 129.9 | M8: 0.3003003 | O8: 0 | V8: 0 | W8: 10986 | X8: 0 | Y8: 0 | Z8: =SUM(W8:Y8) -> 10986 | AA8: 0 | AB8: 12800 | AC8: 16055 | AD8: 19400 | AE8: =AL8*AI8+W8 -> 14331 | AF8: =AL8*AJ8+X8 -> 0 | AG8: =AL8*AK8+Y8 -> 0 | AH8: =SUM(AE8:AG8) -> 14331 | AI8: =W8/Z8 -> 1 | AJ8: =X8/Z8 -> 0 | AK8: =Y8/Z8 -> 0 | AL8: =AD8-AC8 -> 3345 | AN8: Atenção | AO8: Ponto de atenção, pois é inovação e não produzimos ainda.
C9: FACE | D9: GIFTABLES | E9: HOME | F9: PRESENTE RENEW TUDINHO | G9: CAIXA RENEW TUDINHO | H9: Lançamento Exclusivo | I9: 1232257 | J9: 1500863 | K9: 99.9 | L9: 129.9 | M9: 0.3003003 | O9: 0 | V9: 0 | W9: 10986 | X9: 0 | Y9: 0 | Z9: =SUM(W9:Y9) -> 10986 | AA9: 0 | AB9: 12800 | AC9: 16055 | AD9: 19400 | AE9: =AL9*AI9+W9 -> 14331 | AF9: =AL9*AJ9+X9 -> 0 | AG9: =AL9*AK9+Y9 -> 0 | AH9: =SUM(AE9:AG9) -> 14331 | AI9: =W9/Z9 -> 1 | AJ9: =X9/Z9 -> 0 | AK9: =Y9/Z9 -> 0 | AL9: =AD9-AC9 -> 3345 | AN9: Sem restrição | AO9: MOQ 15k | AP9: Carregar demanda maxima em JDA Checar se compra de caixa é em multiplo | AQ9: Fabiana Garcia Renata Rasch
C10: FACE | D10: FACE | E10: BEAUTY | F10: PRESENTE RENEW TODA VITAMINADA | G10: ANEW MICELLAR WATER + TRIAL SIZE | H10: Linha | I10: 1221720 | J10: 1341738 | K10: 149.9 | L10: 169.9 | M10: 0.13342228 | N10: 2 | O10: 0 | P10: Não | Q10: Não | R10: Sim | S10: Sim | T10: Não | U10: Não | V10: 0 | W10: 0 | X10: 7327 | Y10: 0 | Z10: =SUM(W10:Y10) -> 7327 | AA10: 0 | AB10: 6000 | AC10: 7522 | AD10: 9400 | AE10: =AL10*AI10+W10 -> 0 | AF10: =AL10*AJ10+X10 -> 9205 | AG10: =AL10*AK10+Y10 -> 0 | AH10: =SUM(AE10:AG10) -> 9205 | AI10: =W10/Z10 -> 0 | AJ10: =X10/Z10 -> 1 | AK10: =Y10/Z10 -> 0 | AL10: =AD10-AC10 -> 1878 | AN10: Ok | AO10: 0 | AR10: X
C11: FACE | D11: FACE | E11: BEAUTY | F11: PRESENTE RENEW TODA VITAMINADA | G11: RENEW MINI VITAMIN C 10G | H11: Lançamento | I11: 1230123 | J11: 1476641 | K11: 149.9 | L11: 169.9 | M11: 0.13342228 | O11: 0 | V11: 0 | W11: 0 | X11: 7327 | Y11: 0 | Z11: =SUM(W11:Y11) -> 7327 | AA11: 0 | AB11: 6000 | AC11: 7522 | AD11: 9400 | AE11: =AL11*AI11+W11 -> 0 | AF11: =AL11*AJ11+X11 -> 9205 | AG11: =AL11*AK11+Y11 -> 0 | AH11: =SUM(AE11:AG11) -> 9205 | AI11: =W11/Z11 -> 0 | AJ11: =X11/Z11 -> 1 | AK11: =Y11/Z11 -> 0 | AL11: =AD11-AC11 -> 1878 | AN11: Atenção | AO11: Ponto de atenção, pois é inovação e não produzimos ainda.
C12: FACE | D12: FACE | E12: BEAUTY | F12: PRESENTE RENEW TODA VITAMINADA | G12: 1Q21 ANEW DAILY HYDRATION GEL CREAM | H12: Linha | I12: 1222993 | J12: 1401315 | K12: 149.9 | L12: 169.9 | M12: 0.13342228 | O12: 0 | V12: 0 | W12: 18001 | X12: 7327 | Y12: 0 | Z12: =SUM(W12:Y12) -> 25328 | AA12: 0 | AB12: 6000 | AC12: 7522 | AD12: 9400 | AE12: =AL12*AI12+W12 -> 19335.724 | AF12: =AL12*AJ12+X12 -> 7870.2765 | AG12: =AL12*AK12+Y12 -> 0 | AH12: =SUM(AE12:AG12) -> 27206 | AI12: =W12/Z12 -> 0.71071541 | AJ12: =X12/Z12 -> 0.28928459 | AK12: =Y12/Z12 -> 0 | AL12: =AD12-AC12 -> 1878 | AN12: Sem restrição | AO12: Sem restrições
C13: FACE | D13: ACCESSORIES | E13: FASHION | F13: PRESENTE RENEW TODA VITAMINADA | G13: NECESSAIRE RENEW Q4 2022 ADULTS | H13: Lançamento | I13: 5607158 | J13: 1500417 | K13: 149.9 | L13: 169.9 | M13: 0.13342228 | O13: 0 | V13: 0 | W13: 0 | X13: 7327 | Y13: 0 | Z13: =SUM(W13:Y13) -> 7327 | AA13: 0 | AB13: 6000 | AC13: 7522 | AD13: 9400 | AE13: =AL13*AI13+W13 -> 0 | AF13: =AL13*AJ13+X13 -> 9205 | AG13: =AL13*AK13+Y13 -> 0 | AH13: =SUM(AE13:AG13) -> 9205 | AI13: =W13/Z13 -> 0 | AJ13: =X13/Z13 -> 1 | AK13: =Y13/Z13 -> 0 | AL13: =AD13-AC13 -> 1878 | AN13: Ok | AO13: Criar Kit sem necessaire/ Sem risco | pedido será enviado conforme LT | AP13: MOQ Necessaire 5k - Carregar demanda máxima em JDA | AQ13: Fabiana Garcia
C14: FACE | D14: GIFTABLES | E14: BEAUTY | F14: PRESENTE RENEW TODA VITAMINADA | G14: CAIXA UNISEX 2022 | H14: Linha | I14: 1230474 | J14: 1477481 | K14: 149.9 | L14: 169.9 | M14: 0.13342228 | O14: 0 | V14: 0 | W14: 0 | X14: 7327 | Y14: 0 | Z14: =SUM(W14:Y14) -> 7327 | AA14: 0 | AB14: 6000 | AC14: 7522 | AD14: 9400 | AE14: =AL14*AI14+W14 -> 0 | AF14: =AL14*AJ14+X14 -> 9205 | AG14: =AL14*AK14+Y14 -> 0 | AH14: =SUM(AE14:AG14) -> 9205 | AI14: =W14/Z14 -> 0 | AJ14: =X14/Z14 -> 1 | AK14: =Y14/Z14 -> 0 | AL14: =AD14-AC14 -> 1878 | AN14: Atenção | AO14: Ponto de atenção para novas Variações, pois existe restrição de cartão no mercado.
C15: KIDS BEAUTY | D15: KIDS BEAUTY | E15: HOME | F15: PRESENTE FROZEN | G15: DISNEY FROZEN COLOGNE RELABEL LATAM | H15: Linha | I15: 1224297 | J15: 1444367 | K15: 38.99 | L15: 39.99 | M15: 0.025647602 | N15: 3 | O15: 0 | P15: Sim | Q15: Sim | R15: Sim | S15: Não | T15: Sim | U15: Não | V15: 0 | W15: 67438 | X15: 16218 | Y15: 13600 | Z15: =SUM(W15:Y15) -> 97256 | AA15: 0 | AB15: 73900 | AC15: 92391 | AD15: 106200 | AE15: =AL15*AI15+W15 -> 77013.259 | AF15: =AL15*AJ15+X15 -> 18520.731 | AG15: =AL15*AK15+Y15 -> 15531.011 | AH15: =SUM(AE15:AG15) -> 111065 | AI15: =W15/Z15 -> 0.69340709 | AJ15: =X15/Z15 -> 0.16675578 | AK15: =Y15/Z15 -> 0.13983713 | AL15: =AD15-AC15 -> 13809 | AN15: Sem restrição
C16: KIDS BEAUTY | D16: KIDS BEAUTY | E16: HOME | F16: PRESENTE FROZEN | G16: DISNEY FROZEN BAR SOAPS RELABEL LATAM | H16: Linha | I16: 1224296 | J16: 1444366 | K16: 38.99 | L16: 39.99 | M16: 0.025647602 | O16: 0 | V16: 0 | W16: 67438 | X16: 16218 | Y16: 13600 | Z16: =SUM(W16:Y16) -> 97256 | AA16: 0 | AB16: 73900 | AC16: 92391 | AD16: 106200 | AE16: =AL16*AI16+W16 -> 77013.259 | AF16: =AL16*AJ16+X16 -> 18520.731 | AG16: =AL16*AK16+Y16 -> 15531.011 | AH16: =SUM(AE16:AG16) -> 111065 | AI16: =W16/Z16 -> 0.69340709 | AJ16: =X16/Z16 -> 0.16675578 | AK16: =Y16/Z16 -> 0.13983713 | AL16: =AD16-AC16 -> 13809 | AN16: Sem restrição
C17: KIDS BEAUTY | D17: KIDS BEAUTY | E17: HOME | F17: PRESENTE FROZEN | G17: DISNEY FROZEN LIPBALM RELABEL LATAM | H17: Linha | I17: 1224299 | J17: 1444369 | K17: 38.99 | L17: 39.99 | M17: 0.025647602 | O17: 0 | V17: 0 | W17: 67438 | X17: 16218 | Y17: 13600 | Z17: =SUM(W17:Y17) -> 97256 | AA17: 0 | AB17: 73900 | AC17: 92391 | AD17: 106200 | AE17: =AL17*AI17+W17 -> 77013.259 | AF17: =AL17*AJ17+X17 -> 18520.731 | AG17: =AL17*AK17+Y17 -> 15531.011 | AH17: =SUM(AE17:AG17) -> 111065 | AI17: =W17/Z17 -> 0.69340709 | AJ17: =X17/Z17 -> 0.16675578 | AK17: =Y17/Z17 -> 0.13983713 | AL17: =AD17-AC17 -> 13809 | AN17: Sem restrição | AO17: 0
C18: KIDS BEAUTY | D18: GIFTABLES | E18: BEAUTY | F18: PRESENTE FROZEN | G18: SACOLA P UNISEX 2022 | H18: Linha | I18: 1230471 | J18: 1477479 | K18: 38.99 | L18: 39.99 | M18: 0.025647602 | O18: 0 | V18: 0 | W18: 63174 | X18: 16218 | Y18: 13600 | Z18: =SUM(W18:Y18) -> 92992 | AA18: 0 | AB18: 73900 | AC18: 92391 | AD18: 106200 | AE18: =AL18*AI18+W18 -> 72555.127 | AF18: =AL18*AJ18+X18 -> 18626.319 | AG18: =AL18*AK18+Y18 -> 15619.554 | AH18: =SUM(AE18:AG18) -> 106801 | AI18: =W18/Z18 -> 0.67934876 | AJ18: =X18/Z18 -> 0.1744021 | AK18: =Y18/Z18 -> 0.14624914 | AL18: =AD18-AC18 -> 13809 | AN18: Atenção | AO18: Lead time esta Maior por restrição de Capacidade na Fabrica, risco de reação para variações
C19: KIDS BEAUTY | D19: KIDS BEAUTY | E19: HOME | F19: PRESENTE HOMEM ARANHA | G19: COLONIA SPIDER 150ML REDESENHO 2020 | H19: Linha | I19: 1227142 | J19: 1440062 | K19: 36.99 | L19: 39.99 | M19: 0.081103001 | N19: 4 | O19: 0 | P19: Sim | Q19: Sim | R19: Sim | S19: Não | T19: Sim | U19: Não | V19: 0 | W19: 104311 | X19: 29013 | Y19: 20918 | Z19: =SUM(W19:Y19) -> 154242 | AA19: 0 | AB19: 112600 | AC19: 140810 | AD19: 161900 | AE19: =AL19*AI19+W19 -> 118573.78 | AF19: =AL19*AJ19+X19 -> 32980.04 | AG19: =AL19*AK19+Y19 -> 23778.185 | AH19: =SUM(AE19:AG19) -> 175332 | AI19: =W19/Z19 -> 0.67628143 | AJ19: =X19/Z19 -> 0.18810052 | AK19: =Y19/Z19 -> 0.13561805 | AL19: =AD19-AC19 -> 21090 | AN19: PONTO DE ATENÇÃO | AO19: Data de descontinuação em Cp 10, 2022. Ajustar | AP19: Ajustar CP/ data Descontinuação | AQ19: Jean Roque
C20: KIDS BEAUTY | D20: KIDS | E20: HOME | F20: PRESENTE HOMEM ARANHA | G20: CANECA C DESENHO PINTAR SPIDER CHILDREN | H20: Linha | I20: 5561189 | J20: 1444438 | K20: 36.99 | L20: 39.99 | M20: 0.081103001 | O20: 0 | V20: 0 | W20: 97715 | X20: 29013 | Y20: 20918 | Z20: =SUM(W20:Y20) -> 147646 | AA20: 0 | AB20: 112600 | AC20: 140810 | AD20: 161900 | AE20: =AL20*AI20+W20 -> 111672.77 | AF20: =AL20*AJ20+X20 -> 33157.265 | AG20: =AL20*AK20+Y20 -> 23905.962 | AH20: =SUM(AE20:AG20) -> 168736 | AI20: =W20/Z20 -> 0.66181949 | AJ20: =X20/Z20 -> 0.1965038 | AK20: =Y20/Z20 -> 0.14167671 | AL20: =AD20-AC20 -> 21090 | AN20: =VLOOKUP(J20,'[1]22.06.22'!$I:$AE,23,0) -> Ok | AO20: =VLOOKUP(J20,'[1]22.06.22'!$I:$AF,24,0) -> Sem risco. Dentro de LT
C21: KIDS BEAUTY | D21: GIFTABLES | E21: BEAUTY | F21: PRESENTE HOMEM ARANHA | G21: SACOLA P UNISEX 2022 | H21: Linha | I21: 1230471 | J21: 1477479 | K21: 36.99 | L21: 39.99 | M21: 0.081103001 | O21: 0 | V21: 0 | W21: 97715 | X21: 29013 | Y21: 20918 | Z21: =SUM(W21:Y21) -> 147646 | AA21: 0 | AB21: 112600 | AC21: 140810 | AD21: 161900 | AE21: =AL21*AI21+W21 -> 111672.77 | AF21: =AL21*AJ21+X21 -> 33157.265 | AG21: =AL21*AK21+Y21 -> 23905.962 | AH21: =SUM(AE21:AG21) -> 168736 | AI21: =W21/Z21 -> 0.66181949 | AJ21: =X21/Z21 -> 0.1965038 | AK21: =Y21/Z21 -> 0.14167671 | AL21: =AD21-AC21 -> 21090 | AN21: Atenção | AO21: Lead time esta Maior por restrição de Capacidade na Fabrica, risco de reação para variações | AP21: Avaliar proposta de SUB/ PAI antecipadamente da sacola ( reunião em 30/6) | AQ21: Kelly Piovesan
C22: COLOR | D22: COLOR | E22: BEAUTY | F22: PRESENTE COLOR TREND OLHOS PERFEITOS - ESCURO | G22: COLOR TREND MASCARA SO LONG CRUSH | H22: Linha | I22: 1223381 | J22: 1424077 | K22: 34.99 | L22: 34.99 | M22: 0 | N22: 5 | O22: 0 | P22: Sim | Q22: Sim | R22: Nâo | S22: Nâo | T22: Sim | U22: Sim | V22: 0 | W22: 12635 | X22: 0 | Y22: 4520 | Z22: =SUM(W22:Y22) -> 17155 | AA22: 0 | AB22: 14700 | AC22: 18465 | AD22: 23000 | AE22: =AL22*AI22+W22 -> 15975.118 | AF22: =AL22*AJ22+X22 -> 0 | AG22: =AL22*AK22+Y22 -> 5714.882 | AH22: =SUM(AE22:AG22) -> 21690 | AI22: =W22/Z22 -> 0.73651997 | AJ22: =X22/Z22 -> 0 | AK22: =Y22/Z22 -> 0.26348003 | AL22: =AD22-AC22 -> 4535 | AN22: Sem restrição | AO22: 0
C23: COLOR | D23: COLOR | E23: BEAUTY | F23: PRESENTE COLOR TREND OLHOS PERFEITOS - ESCURO | G23: AVON COLOR TREND DELINEADOR RETRATIL PARA OLHOS PRETO | H23: Linha | I23: 1198883 | J23: 1238957 | L23: 34.99 | M23: 0 | O23: 0 | V23: 0 | W23: 12635 | X23: 0 | Y23: 4520 | Z23: =SUM(W23:Y23) -> 17155 | AA23: 0 | AB23: 14700 | AC23: 18465 | AD23: 23000 | AE23: =AL23*AI23+W23 -> 15975.118 | AF23: =AL23*AJ23+X23 -> 0 | AG23: =AL23*AK23+Y23 -> 5714.882 | AH23: =SUM(AE23:AG23) -> 21690 | AI23: =W23/Z23 -> 0.73651997 | AJ23: =X23/Z23 -> 0 | AK23: =Y23/Z23 -> 0.26348003 | AL23: =AD23-AC23 -> 4535 | AN23: Sem restrição | AO23: 0
C24: COLOR | D24: COLOR | E24: BEAUTY | F24: PRESENTE COLOR TREND OLHOS PERFEITOS - ESCURO | G24: CT LAPIS PARA SOBRANCELHAS ESCURO | H24: Linha | I24: 1222176 | J24: 1376739 | L24: 34.99 | M24: 0 | O24: 0 | V24: 0 | W24: 12635 | X24: 0 | Y24: 5441 | Z24: =SUM(W24:Y24) -> 18076 | AA24: 0 | AB24: 14700 | AC24: 18465 | AD24: 23000 | AE24: =AL24*AI24+W24 -> 15804.934 | AF24: =AL24*AJ24+X24 -> 0 | AG24: =AL24*AK24+Y24 -> 6806.0661 | AH24: =SUM(AE24:AG24) -> 22611 | AI24: =W24/Z24 -> 0.69899314 | AJ24: =X24/Z24 -> 0 | AK24: =Y24/Z24 -> 0.30100686 | AL24: =AD24-AC24 -> 4535 | AN24: Ok | AO24: 0
C25: COLOR | D25: GIFTABLES | E25: BEAUTY | F25: PRESENTE COLOR TREND OLHOS PERFEITOS - ESCURO | G25: SACOLA PP UNISEX 2022 | H25: Linha | I25: 1230470 | J25: 1477478 | L25: 34.99 | M25: 0 | O25: 0 | V25: 0 | W25: 12635 | X25: 0 | Y25: 4520 | Z25: =SUM(W25:Y25) -> 17155 | AA25: 0 | AB25: 14700 | AC25: 18465 | AD25: 23000 | AE25: =AL25*AI25+W25 -> 15975.118 | AF25: =AL25*AJ25+X25 -> 0 | AG25: =AL25*AK25+Y25 -> 5714.882 | AH25: =SUM(AE25:AG25) -> 21690 | AI25: =W25/Z25 -> 0.73651997 | AJ25: =X25/Z25 -> 0 | AK25: =Y25/Z25 -> 0.26348003 | AL25: =AD25-AC25 -> 4535 | AN25: Atenção | AO25: Lead time esta Maior por restrição de Capacidade na Fabrica, risco de reação para variações | AP25: Avaliar proposta de SUB/ PAI antecipadamente da sacola ( reunião em 30/6) | AQ25: Kelly Piovesan
C26: COLOR | D26: COLOR | E26: BEAUTY | F26: PRESENTE COLOR TREND OLHOS PERFEITOS - MEDIO | G26: COLOR TREND MASCARA SO LONG CRUSH | H26: Linha | I26: 1223381 | J26: 1424077 | L26: 34.99 | M26: 0 | O26: 0 | V26: 0 | W26: 10576 | X26: 0 | Y26: 5306 | Z26: =SUM(W26:Y26) -> 15882 | AA26: 0 | AB26: 12200 | AC26: 15272 | AD26: 19000 | AE26: =AL26*AI26+W26 -> 13058.517 | AF26: =AL26*AJ26+X26 -> 0 | AG26: =AL26*AK26+Y26 -> 6551.4834 | AH26: =SUM(AE26:AG26) -> 19610 | AI26: =W26/Z26 -> 0.66591109 | AJ26: =X26/Z26 -> 0 | AK26: =Y26/Z26 -> 0.33408891 | AL26: =AD26-AC26 -> 3728 | AN26: Sem restrição | AO26: 0
C27: COLOR | D27: COLOR | E27: BEAUTY | F27: PRESENTE COLOR TREND OLHOS PERFEITOS - MEDIO | G27: AVON COLOR TREND DELINEADOR RETRATIL PARA OLHOS PRETO | H27: Linha | I27: 1198883 | J27: 1238957 | L27: 34.99 | M27: 0 | O27: 0 | V27: 0 | W27: 10576 | X27: 0 | Y27: 5306 | Z27: =SUM(W27:Y27) -> 15882 | AA27: 0 | AB27: 12200 | AC27: 15272 | AD27: 19000 | AE27: =AL27*AI27+W27 -> 13058.517 | AF27: =AL27*AJ27+X27 -> 0 | AG27: =AL27*AK27+Y27 -> 6551.4834 | AH27: =SUM(AE27:AG27) -> 19610 | AI27: =W27/Z27 -> 0.66591109 | AJ27: =X27/Z27 -> 0 | AK27: =Y27/Z27 -> 0.33408891 | AL27: =AD27-AC27 -> 3728 | AN27: Sem restrição | AO27: 0
C28: COLOR | D28: COLOR | E28: BEAUTY | F28: PRESENTE COLOR TREND OLHOS PERFEITOS - MEDIO | G28: CT LAPIS PARA SOBRANCELHAS MEDIO | H28: Linha | I28: 1222176 | J28: 1376738 | L28: 34.99 | M28: 0 | O28: 0 | V28: 0 | W28: 10516 | X28: 0 | Y28: 4348 | Z28: =SUM(W28:Y28) -> 14864 | AA28: 0 | AB28: 12200 | AC28: 15272 | AD28: 19000 | AE28: =AL28*AI28+W28 -> 13153.49 | AF28: =AL28*AJ28+X28 -> 0 | AG28: =AL28*AK28+Y28 -> 5438.5102 | AH28: =SUM(AE28:AG28) -> 18592 | AI28: =W28/Z28 -> 0.70748116 | AJ28: =X28/Z28 -> 0 | AK28: =Y28/Z28 -> 0.29251884 | AL28: =AD28-AC28 -> 3728 | AN28: Ok | AO28: 0
C29: COLOR | D29: GIFTABLES | E29: BEAUTY | F29: PRESENTE COLOR TREND OLHOS PERFEITOS - MEDIO | G29: SACOLA PP UNISEX 2022 | H29: Linha | I29: 1230470 | J29: 1477478 | L29: 34.99 | M29: 0 | O29: 0 | V29: 0 | W29: 10576 | X29: 0 | Y29: 5306 | Z29: =SUM(W29:Y29) -> 15882 | AA29: 0 | AB29: 12200 | AC29: 15272 | AD29: 19000 | AE29: =AL29*AI29+W29 -> 13058.517 | AF29: =AL29*AJ29+X29 -> 0 | AG29: =AL29*AK29+Y29 -> 6551.4834 | AH29: =SUM(AE29:AG29) -> 19610 | AI29: =W29/Z29 -> 0.66591109 | AJ29: =X29/Z29 -> 0 | AK29: =Y29/Z29 -> 0.33408891 | AL29: =AD29-AC29 -> 3728 | AN29: Atenção | AO29: Lead time esta Maior por restrição de Capacidade na Fabrica, risco de reação para variações | AP29: Avaliar proposta de SUB/ PAI antecipadamente da sacola ( reunião em 30/6) | AQ29: Kelly Piovesan
C30: COLOR | D30: COLOR | E30: BEAUTY | F30: PRESENTE PALETA BIG PRO | G30: AVON BIG PRO PALETA DE MAQUIAGENS | H30: Lançamento | I30: 1227759 | J30: 1464637 | K30: 329.9 | L30: 329.9 | M30: 0 | N30: 6 | O30: 0 | P30: Sim | Q30: Sim | R30: Sim | S30: Não | T30: Sim | U30: Não | V30: 0 | W30: 15040 | X30: 5724 | Y30: 2000 | Z30: =SUM(W30:Y30) -> 22764 | AA30: 0 | AB30: 20800 | AC30: 26050 | AD30: 31000 | AE30: =AL30*AI30+W30 -> 18310.427 | AF30: =AL30*AJ30+X30 -> 6968.6758 | AG30: =AL30*AK30+Y30 -> 2434.8972 | AH30: =SUM(AE30:AG30) -> 27714 | AI30: =W30/Z30 -> 0.66069232 | AJ30: =X30/Z30 -> 0.25144966 | AK30: =Y30/Z30 -> 0.087858021 | AL30: =AD30-AC30 -> 4950 | AN30: Sem restrição | AO30: Estoque 50k
C31: COLOR | D31: GIFTABLES | E31: BEAUTY | F31: PRESENTE PALETA BIG PRO | G31: SACOLA P UNISEX 2022 | H31: Linha | I31: 1230471 | J31: 1477479 | K31: 329.9 | L31: 329.9 | M31: 0 | O31: 0 | V31: 0 | W31: 15040 | X31: 5724 | Y31: 2000 | Z31: =SUM(W31:Y31) -> 22764 | AA31: 0 | AB31: 20800 | AC31: 26050 | AD31: 31000 | AE31: =AL31*AI31+W31 -> 18310.427 | AF31: =AL31*AJ31+X31 -> 6968.6758 | AG31: =AL31*AK31+Y31 -> 2434.8972 | AH31: =SUM(AE31:AG31) -> 27714 | AI31: =W31/Z31 -> 0.66069232 | AJ31: =X31/Z31 -> 0.25144966 | AK31: =Y31/Z31 -> 0.087858021 | AL31: =AD31-AC31 -> 4950 | AN31: Atenção | AO31: Lead time esta Maior por restrição de Capacidade na Fabrica, risco de reação para variações | AP31: Avaliar proposta de SUB/ PAI antecipadamente da sacola ( reunião em 30/6) | AQ31: Kelly Piovesan
C32: COLOR | D32: COLOR | E32: BEAUTY | F32: PRESENTE AVON COLOR RED MAJESTY | G32: AVON PALETA DE SOMBRAS PARA OLHOS RED MAJESTY | H32: Lançamento | I32: 1229735 | J32: 1481282 | K32: 89.9 | L32: 99.9 | M32: 0.11123471 | N32: 7 | O32: 0 | P32: Não | Q32: Não | R32: Sim | S32: Sim | T32: Sim | U32: Não | V32: 0 | W32: 51 | X32: 7079 | Y32: 3474 | Z32: =SUM(W32:Y32) -> 10604 | AA32: 0 | AB32: 11800 | AC32: 14861 | AD32: 18500 | AE32: =AL32*AI32+W32 -> 68.501792 | AF32: =AL32*AJ32+X32 -> 9508.3173 | AG32: =AL32*AK32+Y32 -> 4666.1809 | AH32: =SUM(AE32:AG32) -> 14243 | AI32: =W32/Z32 -> 0.0048095058 | AJ32: =X32/Z32 -> 0.66757827 | AK32: =Y32/Z32 -> 0.32761222 | AL32: =AD32-AC32 -> 3639 | AN32: Atenção | AO32: Conseguimos atender uma variação até 5k que seria a sobra atual. Não existe recompra de Paletas | AP32: Verificar se há excesso da pelate 1481281 Plano B PAI com paleta 1481281, em caso de ser excesso | AQ32: Renata Rasch/ Welton Rosa Kelly Piovesan | AR32: X
C33: COLOR | D33: COLOR | E33: BEAUTY | F33: PRESENTE AVON COLOR RED MAJESTY | G33: AVON MASCARA PARA CILIOS GENIUS | H33: Linha | I33: 1220643 | J33: 1329248 | K33: 89.9 | L33: 99.9 | M33: 0.11123471 | O33: 0 | V33: 0 | W33: 0 | X33: 7079 | Y33: 3474 | Z33: =SUM(W33:Y33) -> 10553 | AA33: 0 | AB33: 11800 | AC33: 14861 | AD33: 18500 | AE33: =AL33*AI33+W33 -> 0 | AF33: =AL33*AJ33+X33 -> 9520.0576 | AG33: =AL33*AK33+Y33 -> 4671.9424 | AH33: =SUM(AE33:AG33) -> 14192 | AI33: =W33/Z33 -> 0 | AJ33: =X33/Z33 -> 0.67080451 | AK33: =Y33/Z33 -> 0.32919549 | AL33: =AD33-AC33 -> 3639 | AN33: Sem restrição | AO33: 0
C34: COLOR | D34: GIFTABLES | E34: BEAUTY | F34: PRESENTE AVON COLOR RED MAJESTY | G34: SACOLA PP UNISEX 2022 | H34: Linha | I34: 1230470 | J34: 1477478 | K34: 89.9 | L34: 99.9 | M34: 0.11123471 | O34: 0 | V34: 0 | W34: 0 | X34: 7079 | Y34: 3474 | Z34: =SUM(W34:Y34) -> 10553 | AA34: 0 | AB34: 11800 | AC34: 14861 | AD34: 18500 | AE34: =AL34*AI34+W34 -> 0 | AF34: =AL34*AJ34+X34 -> 9520.0576 | AG34: =AL34*AK34+Y34 -> 4671.9424 | AH34: =SUM(AE34:AG34) -> 14192 | AI34: =W34/Z34 -> 0 | AJ34: =X34/Z34 -> 0.67080451 | AK34: =Y34/Z34 -> 0.32919549 | AL34: =AD34-AC34 -> 3639 | AN34: Atenção | AO34: Lead time esta Maior por restrição de Capacidade na Fabrica, risco de reação para variações | AP34: Avaliar proposta de SUB/ PAI antecipadamente da sacola ( reunião em 30/6) | AQ34: Kelly Piovesan
C35: COLOR | D35: COLOR | E35: BEAUTY | F35: PRESENTE AVON COLOR QUEEN BEE | G35: AVON PALETA DE SOMBRAS PARA OLHOS QUEEN BEE | H35: Lançamento | I35: 1229735 | J35: 1481281 | K35: 89.9 | L35: 99.9 | M35: 0.11123471 | N35: 8 | O35: 0 | P35: Não | Q35: Não | R35: Sim | S35: Sim | T35: Sim | U35: Não | V35: 0 | W35: 0 | X35: 7016 | Y35: 4500 | Z35: =SUM(W35:Y35) -> 11516 | AA35: 0 | AB35: 7100 | AC35: 8916 | AD35: 11100 | AE35: =AL35*AI35+W35 -> 0 | AF35: =AL35*AJ35+X35 -> 8346.5787 | AG35: =AL35*AK35+Y35 -> 5353.4213 | AH35: =SUM(AE35:AG35) -> 13700 | AI35: =W35/Z35 -> 0 | AJ35: =X35/Z35 -> 0.60923932 | AK35: =Y35/Z35 -> 0.39076068 | AL35: =AD35-AC35 -> 2184 | AN35: Sem restrição | AO35: Considerando numero atual carregado no sistema, ainda existe Excesso
C36: COLOR | D36: COLOR | E36: BEAUTY | F36: PRESENTE AVON COLOR QUEEN BEE | G36: AVON MASCARA PARA CILIOS GENIUS | H36: Linha | I36: 1220643 | J36: 1329248 | K36: 89.9 | L36: 99.9 | M36: 0.11123471 | O36: 0 | V36: 0 | W36: 0 | X36: 7016 | Y36: 4500 | Z36: =SUM(W36:Y36) -> 11516 | AA36: 0 | AB36: 7100 | AC36: 8916 | AD36: 11100 | AE36: =AL36*AI36+W36 -> 0 | AF36: =AL36*AJ36+X36 -> 8346.5787 | AG36: =AL36*AK36+Y36 -> 5353.4213 | AH36: =SUM(AE36:AG36) -> 13700 | AI36: =W36/Z36 -> 0 | AJ36: =X36/Z36 -> 0.60923932 | AK36: =Y36/Z36 -> 0.39076068 | AL36: =AD36-AC36 -> 2184 | AN36: Sem restrição | AO36: 0
C37: COLOR | D37: GIFTABLES | E37: BEAUTY | F37: PRESENTE AVON COLOR QUEEN BEE | G37: SACOLA PP UNISEX 2022 | H37: Linha | I37: 1230470 | J37: 1477478 | K37: 89.9 | L37: 99.9 | M37: 0.11123471 | O37: 0 | V37: 0 | W37: 0 | X37: 7016 | Y37: 4500 | Z37: =SUM(W37:Y37) -> 11516 | AA37: 0 | AB37: 7100 | AC37: 8916 | AD37: 11100 | AE37: =AL37*AI37+W37 -> 0 | AF37: =AL37*AJ37+X37 -> 8346.5787 | AG37: =AL37*AK37+Y37 -> 5353.4213 | AH37: =SUM(AE37:AG37) -> 13700 | AI37: =W37/Z37 -> 0 | AJ37: =X37/Z37 -> 0.60923932 | AK37: =Y37/Z37 -> 0.39076068 | AL37: =AD37-AC37 -> 2184 | AN37: Atenção | AO37: Lead time esta Maior por restrição de Capacidade na Fabrica, risco de reação para variações | AP37: Avaliar proposta de SUB/ PAI antecipadamente da sacola ( reunião em 30/6) | AQ37: Kelly Piovesan
C38: COLOR | D38: COLOR | E38: BEAUTY | F38: PRESENTE AVON COLOR ICE FAIRY | G38: AVON PALETA DE SOMBRAS PARA OLHOS ICE FAIRY | H38: Lançamento | I38: 1229735 | J38: 1481283 | K38: 89.9 | L38: 99.9 | M38: 0.11123471 | N38: 9 | O38: 0 | P38: Não | Q38: Não | R38: Sim | S38: Sim | T38: Sim | U38: Não | V38: 0 | W38: 0 | X38: 5825 | Y38: 1389 | Z38: =SUM(W38:Y38) -> 7214 | AA38: 0 | AB38: 4700 | AC38: 5944 | AD38: 7400 | AE38: =AL38*AI38+W38 -> 0 | AF38: =AL38*AJ38+X38 -> 7000.6584 | AG38: =AL38*AK38+Y38 -> 1669.3416 | AH38: =SUM(AE38:AG38) -> 8670 | AI38: =W38/Z38 -> 0 | AJ38: =X38/Z38 -> 0.80745772 | AK38: =Y38/Z38 -> 0.19254228 | AL38: =AD38-AC38 -> 1456 | AN38: Risco | AO38: Validar volume carrega se existe risco de variação, pois atualmente Não existe sobra nenhuma para qualquer variação no numero. Não existe recompra de Paletas, será importante revisar oferta para evitar risco de aumento na demanda. | AP38: Plano B com paleta 1481281 (verificar excesso) | AQ38: Renata Rasch/ Welton Rosa | AR38: x
C39: COLOR | D39: COLOR | E39: BEAUTY | F39: PRESENTE AVON COLOR ICE FAIRY | G39: AVON MASCARA PARA CILIOS GENIUS | H39: Linha | I39: 1220643 | J39: 1329248 | K39: 89.9 | L39: 99.9 | M39: 0.11123471 | O39: 0 | V39: 0 | W39: 0 | X39: 5825 | Y39: 1389 | Z39: =SUM(W39:Y39) -> 7214 | AA39: 0 | AB39: 4700 | AC39: 5944 | AD39: 7400 | AE39: =AL39*AI39+W39 -> 0 | AF39: =AL39*AJ39+X39 -> 7000.6584 | AG39: =AL39*AK39+Y39 -> 1669.3416 | AH39: =SUM(AE39:AG39) -> 8670 | AI39: =W39/Z39 -> 0 | AJ39: =X39/Z39 -> 0.80745772 | AK39: =Y39/Z39 -> 0.19254228 | AL39: =AD39-AC39 -> 1456 | AN39: Sem restrição | AO39: 0
C40: COLOR | D40: GIFTABLES | E40: BEAUTY | F40: PRESENTE AVON COLOR ICE FAIRY | G40: SACOLA PP UNISEX 2022 | H40: Linha | I40: 1230470 | J40: 1477478 | K40: 89.9 | L40: 99.9 | M40: 0.11123471 | O40: 0 | V40: 0 | W40: 0 | X40: 5825 | Y40: 1389 | Z40: =SUM(W40:Y40) -> 7214 | AA40: 0 | AB40: 4700 | AC40: 5944 | AD40: 7400 | AE40: =AL40*AI40+W40 -> 0 | AF40: =AL40*AJ40+X40 -> 7000.6584 | AG40: =AL40*AK40+Y40 -> 1669.3416 | AH40: =SUM(AE40:AG40) -> 8670 | AI40: =W40/Z40 -> 0 | AJ40: =X40/Z40 -> 0.80745772 | AK40: =Y40/Z40 -> 0.19254228 | AL40: =AD40-AC40 -> 1456 | AN40: Atenção | AO40: Lead time esta Maior por restrição de Capacidade na Fabrica, risco de reação para variações | AP40: Avaliar proposta de SUB/ PAI antecipadamente da sacola ( reunião em 30/6) | AQ40: Kelly Piovesan
C41: COLOR | D41: COLOR | E41: BEAUTY | F41: PRESENTE AVON COLOR COLECAO WONDERLAND | G41: AVON PALETA DE SOMBRAS PARA OLHOS RED MAJESTY | H41: Lançamento | I41: 1229735 | J41: 1481282 | K41: 129.9 | L41: 135.9 | M41: 0.046189376 | N41: 10 | O41: 0 | P41: Não | Q41: Não | R41: Sim | S41: Sim | T41: Sim | U41: Não | V41: 0 | W41: 0 | X41: 5843 | Y41: 1673 | Z41: =SUM(W41:Y41) -> 7516 | AA41: 0 | AB41: 5700 | AC41: 7155 | AD41: 8600 | AE41: =AL41*AI41+W41 -> 0 | AF41: =AL41*AJ41+X41 -> 6966.3548 | AG41: =AL41*AK41+Y41 -> 1994.6452 | AH41: =SUM(AE41:AG41) -> 8961 | AI41: =W41/Z41 -> 0 | AJ41: =X41/Z41 -> 0.7774082 | AK41: =Y41/Z41 -> 0.2225918 | AL41: =AD41-AC41 -> 1445 | AN41: Atenção | AO41: Conseguimos atender uma variação até 5k que seria a sobra atual. Não existe recompra de Paletas | AP41: Verificar se há excesso da pelate 1481281 Plano B PAI com paleta 1481281, em caso de ser excesso | AQ41: Renata Rasch/ Welton Rosa Kelly Piovesan
C42: COLOR | D42: COLOR | E42: BEAUTY | F42: PRESENTE AVON COLOR COLECAO WONDERLAND | G42: AVON BATOM ULTRAMATTE ENCANTO REAL | H42: Lançamento | I42: 1222636 | J42: 1486442 | L42: 135.9 | M42: 0 | O42: 0 | V42: 0 | W42: 51 | X42: 5843 | Y42: 1673 | Z42: =SUM(W42:Y42) -> 7567 | AA42: 0 | AB42: 5700 | AC42: 7155 | AD42: 8600 | AE42: =AL42*AI42+W42 -> 60.738998 | AF42: =AL42*AJ42+X42 -> 6958.7837 | AG42: =AL42*AK42+Y42 -> 1992.4773 | AH42: =SUM(AE42:AG42) -> 9012 | AI42: =W42/Z42 -> 0.0067397912 | AJ42: =X42/Z42 -> 0.77216863 | AK42: =Y42/Z42 -> 0.22109158 | AL42: =AD42-AC42 -> 1445 | AN42: Ok | AO42: Sem restrição
C43: COLOR | D43: COLOR | E43: BEAUTY | F43: PRESENTE AVON COLOR COLECAO WONDERLAND | G43: AVON DELINEADOR RETRATIL PARA OLHOS SUA ALTEZA REAL | H43: Lançamento | I43: 1226823 | J43: 1482644 | L43: 135.9 | M43: 0 | O43: 0 | V43: 0 | W43: 51 | X43: 5843 | Y43: 1673 | Z43: =SUM(W43:Y43) -> 7567 | AA43: 0 | AB43: 5700 | AC43: 7155 | AD43: 8600 | AE43: =AL43*AI43+W43 -> 60.738998 | AF43: =AL43*AJ43+X43 -> 6958.7837 | AG43: =AL43*AK43+Y43 -> 1992.4773 | AH43: =SUM(AE43:AG43) -> 9012 | AI43: =W43/Z43 -> 0.0067397912 | AJ43: =X43/Z43 -> 0.77216863 | AK43: =Y43/Z43 -> 0.22109158 | AL43: =AD43-AC43 -> 1445 | AN43: Ponto de Atenção | AO43: O AVO de Batom está mais alto, precisamos estimar no potencial maximo de vendas
C44: COLOR | D44: COLOR | E44: BEAUTY | F44: PRESENTE AVON COLOR COLECAO WONDERLAND | G44: AVON ESMALTE WONDERLAND TESOURO GUARDADO | H44: Lançamento | I44: 1227984 | J44: 1483631 | L44: 135.9 | M44: 0 | O44: 0 | V44: 0 | W44: 51 | X44: 5843 | Y44: 1673 | Z44: =SUM(W44:Y44) -> 7567 | AA44: 0 | AB44: 5700 | AC44: 7155 | AD44: 8600 | AE44: =AL44*AI44+W44 -> 60.738998 | AF44: =AL44*AJ44+X44 -> 6958.7837 | AG44: =AL44*AK44+Y44 -> 1992.4773 | AH44: =SUM(AE44:AG44) -> 9012 | AI44: =W44/Z44 -> 0.0067397912 | AJ44: =X44/Z44 -> 0.77216863 | AK44: =Y44/Z44 -> 0.22109158 | AL44: =AD44-AC44 -> 1445 | AN44: Sem restrição | AO44: 0
C45: COLOR | D45: GIFTABLES | E45: HOME | F45: PRESENTE AVON COLOR COLECAO WONDERLAND | G45: CAIXA COLEÃ‡ÃƒO WONDERLAND | H45: Exclusivo | I45: 1232260 | J45: 1500866 | L45: 135.9 | M45: 0 | O45: 0 | V45: 0 | W45: 51 | X45: 5843 | Y45: 1673 | Z45: =SUM(W45:Y45) -> 7567 | AA45: 0 | AB45: 5700 | AC45: 7155 | AD45: 8600 | AE45: =AL45*AI45+W45 -> 60.738998 | AF45: =AL45*AJ45+X45 -> 6958.7837 | AG45: =AL45*AK45+Y45 -> 1992.4773 | AH45: =SUM(AE45:AG45) -> 9012 | AI45: =W45/Z45 -> 0.0067397912 | AJ45: =X45/Z45 -> 0.77216863 | AK45: =Y45/Z45 -> 0.22109158 | AL45: =AD45-AC45 -> 1445 | AN45: Sem restrição | AO45: 0
C46: KIDS & BABIES | D46: KIDS & BABIES | E46: BEAUTY | F46: PRESENTE AVON CARE BABY ESPECIAL | G46: AVON CARE BABY SHAMPOO 2 IN 1 REFORMULATION | H46: Linha | I46: 1231944 | J46: 1499435 | K46: 89.9 | L46: 99.9 | M46: 0.11123471 | N46: 11 | O46: 0 | P46: Não | Q46: Não | R46: Sim | S46: Sim | T46: Não | U46: Não | V46: 0 | W46: 0 | X46: 9732 | Y46: 0 | Z46: =SUM(W46:Y46) -> 9732 | AA46: 0 | AB46: 8200 | AC46: 10356 | AD46: 12900 | AE46: =AL46*AI46+W46 -> 0 | AF46: =AL46*AJ46+X46 -> 12276 | AG46: =AL46*AK46+Y46 -> 0 | AH46: =SUM(AE46:AG46) -> 12276 | AI46: =W46/Z46 -> 0 | AJ46: =X46/Z46 -> 1 | AK46: =Y46/Z46 -> 0 | AL46: =AD46-AC46 -> 2544 | AN46: Sem restrição | AO46: Sem risco | AR46: X
C47: KIDS & BABIES | D47: KIDS & BABIES | E47: BEAUTY | F47: PRESENTE AVON CARE BABY ESPECIAL | G47: AC BABY COLOGNE-PLUTO REFORMULATION | H47: Linha | I47: 1232045 | J47: 1499432 | K47: 89.9 | L47: 99.9 | M47: 0.11123471 | O47: 0 | V47: 0 | W47: 0 | X47: 9732 | Y47: 0 | Z47: =SUM(W47:Y47) -> 9732 | AA47: 0 | AB47: 8200 | AC47: 10356 | AD47: 12900 | AE47: =AL47*AI47+W47 -> 0 | AF47: =AL47*AJ47+X47 -> 12276 | AG47: =AL47*AK47+Y47 -> 0 | AH47: =SUM(AE47:AG47) -> 12276 | AI47: =W47/Z47 -> 0 | AJ47: =X47/Z47 -> 1 | AK47: =Y47/Z47 -> 0 | AL47: =AD47-AC47 -> 2544 | AN47: Sem restrição
C48: KIDS & BABIES | D48: GIFTABLES | E48: BEAUTY | F48: PRESENTE AVON CARE BABY ESPECIAL | G48: FRASQUEIRA BABY MULTI COLOR GROUP | H48: Exclusivo | I48: 5583314 | J48: 1472624 | K48: 89.9 | L48: 99.9 | M48: 0.11123471 | O48: 0 | V48: 0 | W48: 0 | X48: 9732 | Y48: 0 | Z48: =SUM(W48:Y48) -> 9732 | AA48: 0 | AB48: 8200 | AC48: 10356 | AD48: 12900 | AE48: =AL48*AI48+W48 -> 0 | AF48: =AL48*AJ48+X48 -> 12276 | AG48: =AL48*AK48+Y48 -> 0 | AH48: =SUM(AE48:AG48) -> 12276 | AI48: =W48/Z48 -> 0 | AJ48: =X48/Z48 -> 1 | AK48: =Y48/Z48 -> 0 | AL48: =AD48-AC48 -> 2544 | AN48: Ok | AO48: Criar Kit sem frasqueira/ Sem risco | pedido será enviado conforme LT | pedido de 2,9 k já colcoado com fornecedor ,excesso de CP dia das mães
C49: KIDS & BABIES | D49: GIFTABLES | E49: BEAUTY | F49: PRESENTE AVON CARE BABY ESPECIAL | G49: SACOLA M UNISEX 2022 | H49: Linha | I49: 1230472 | J49: 1477653 | K49: 89.9 | L49: 99.9 | M49: 0.11123471 | O49: 0 | V49: 0 | W49: 0 | X49: 9732 | Y49: 0 | Z49: =SUM(W49:Y49) -> 9732 | AA49: 0 | AB49: 8200 | AC49: 10356 | AD49: 12900 | AE49: =AL49*AI49+W49 -> 0 | AF49: =AL49*AJ49+X49 -> 12276 | AG49: =AL49*AK49+Y49 -> 0 | AH49: =SUM(AE49:AG49) -> 12276 | AI49: =W49/Z49 -> 0 | AJ49: =X49/Z49 -> 1 | AK49: =Y49/Z49 -> 0 | AL49: =AD49-AC49 -> 2544 | AN49: Sem restrição | AO49: 0 | AP49: Avaliar proposta de SUB/ PAI antecipadamente da sacola ( reunião em 30/6) | AQ49: Kelly Piovesan
C50: KIDS & BABIES | D50: KIDS & BABIES | E50: BEAUTY | F50: PRESENTE AVON CARE BABY CALMING | G50: AVON CARE BABY CALMING HEAD-TO-TOE WASH REFORMULATION | H50: Linha | I50: 1231945 | J50: 1499434 | K50: 67.9 | L50: 67.9 | M50: 0 | N50: 12 | O50: 0 | P50: Sim | Q50: Sim | R50: Nâo | S50: Nâo | T50: Sim | U50: Sim | V50: 0 | W50: 44417 | X50: 0 | Y50: 19131 | Z50: =SUM(W50:Y50) -> 63548 | AA50: 0 | AB50: 51900 | AC50: 64913 | AD50: 74600 | AE50: =AL50*AI50+W50 -> 51187.748 | AF50: =AL50*AJ50+X50 -> 0 | AG50: =AL50*AK50+Y50 -> 22047.252 | AH50: =SUM(AE50:AG50) -> 73235 | AI50: =W50/Z50 -> 0.69895197 | AJ50: =X50/Z50 -> 0 | AK50: =Y50/Z50 -> 0.30104803 | AL50: =AD50-AC50 -> 9687 | AN50: Sem restrição | AO50: Sem risco
C51: KIDS & BABIES | D51: KIDS & BABIES | E51: BEAUTY | F51: PRESENTE AVON CARE BABY CALMING | G51: AC BABY CALMING COLOGNE-PLUTO REFORMULATION | H51: Linha | I51: 1232044 | J51: 1497050 | K51: 67.9 | L51: 67.9 | M51: 0 | O51: 0 | V51: 0 | W51: 44417 | X51: 0 | Y51: 19131 | Z51: =SUM(W51:Y51) -> 63548 | AA51: 0 | AB51: 51900 | AC51: 64913 | AD51: 74600 | AE51: =AL51*AI51+W51 -> 51187.748 | AF51: =AL51*AJ51+X51 -> 0 | AG51: =AL51*AK51+Y51 -> 22047.252 | AH51: =SUM(AE51:AG51) -> 73235 | AI51: =W51/Z51 -> 0.69895197 | AJ51: =X51/Z51 -> 0 | AK51: =Y51/Z51 -> 0.30104803 | AL51: =AD51-AC51 -> 9687 | AN51: Sem restrição
C52: KIDS & BABIES | D52: KIDS & BABIES | E52: BEAUTY | F52: PRESENTE AVON CARE BABY CALMING | G52: AC BABY CALMING LOTION REFORMULATION | H52: Linha | I52: 1231760 | J52: 1499433 | K52: 67.9 | L52: 67.9 | M52: 0 | O52: 0 | V52: 0 | W52: 44417 | X52: 0 | Y52: 19131 | Z52: =SUM(W52:Y52) -> 63548 | AA52: 0 | AB52: 51900 | AC52: 64913 | AD52: 74600 | AE52: =AL52*AI52+W52 -> 51187.748 | AF52: =AL52*AJ52+X52 -> 0 | AG52: =AL52*AK52+Y52 -> 22047.252 | AH52: =SUM(AE52:AG52) -> 73235 | AI52: =W52/Z52 -> 0.69895197 | AJ52: =X52/Z52 -> 0 | AK52: =Y52/Z52 -> 0.30104803 | AL52: =AD52-AC52 -> 9687 | AN52: Sem restrição | AO52: Sem risco
C53: KIDS & BABIES | D53: GIFTABLES | E53: HOME | F53: PRESENTE AVON CARE BABY CALMING | G53: CAIXA AVON CARE BABY | H53: Exclusivo | I53: 1232261 | J53: 1500867 | K53: 67.9 | L53: 67.9 | M53: 0 | O53: 0 | V53: 0 | W53: 44417 | X53: 0 | Y53: 19131 | Z53: =SUM(W53:Y53) -> 63548 | AA53: 0 | AB53: 51900 | AC53: 64913 | AD53: 74600 | AE53: =AL53*AI53+W53 -> 51187.748 | AF53: =AL53*AJ53+X53 -> 0 | AG53: =AL53*AK53+Y53 -> 22047.252 | AH53: =SUM(AE53:AG53) -> 73235 | AI53: =W53/Z53 -> 0.69895197 | AJ53: =X53/Z53 -> 0 | AK53: =Y53/Z53 -> 0.30104803 | AL53: =AD53-AC53 -> 9687 | AN53: Sem restrição | AO53: 0
C54: SOAPS | D54: SOAPS | E54: BEAUTY | F54: PRESENTE ENCANTO SABONETE MIX ATRAENTE E IRRESISTIVEL | G54: ENCANTO SABONETE 4X80G COMPOSIÃ‡ÃƒO 2 | H54: Lançamento | I54: 1228764 | J54: 1473013 | K54: 19.99 | L54: 19.99 | M54: 0 | N54: 13 | O54: 0 | P54: Sim | Q54: Sim | R54: Nâo | S54: Nâo | T54: Sim | U54: Sim | V54: 0 | W54: 697458 | X54: 0 | Y54: 292500 | Z54: =SUM(W54:Y54) -> 989958 | AA54: 0 | AB54: 859200 | AC54: 1010862 | AD54: 1264000 | AE54: =AL54*AI54+W54 -> 875802.05 | AF54: =AL54*AJ54+X54 -> 0 | AG54: =AL54*AK54+Y54 -> 367293.95 | AH54: =SUM(AE54:AG54) -> 1243096 | AI54: =W54/Z54 -> 0.70453292 | AJ54: =X54/Z54 -> 0 | AK54: =Y54/Z54 -> 0.29546708 | AL54: =AD54-AC54 -> 253138 | AN54: Ponto de Atenção | AO54: Item ainda será produzido no Ecoparque - recomendação de ber bi supplier com a Razzo, devido ao tempo de resposta em caso de over. Já colocar pedido com a Razzo | AP54: Carregar demanda máxima em JDA. Item será PAI do presente Encanto Sabonete Mix Irresistivel (1466437) | AQ54: Fabiana Garcia
C55: SOAPS | D55: SOAPS | E55: BEAUTY | F55: PRESENTE ENCANTO SABONETE MIX IRRESISTIVEL E SEDUTORA | G55: ENCANTO SABONETE MIX IRRESISTÃVEL E SEDUTORA 4X80G | H55: Exclusivo | I55: 1228528 | J55: 1466437 | K55: 19.99 | L55: 19.99 | M55: 0 | N55: 14 | O55: 0 | P55: Não | Q55: Não | R55: Sim | S55: Sim | T55: Não | U55: Não | V55: 0 | W55: 0 | X55: 231828 | Y55: 0 | Z55: =SUM(W55:Y55) -> 231828 | AA55: 0 | AB55: 208700 | AC55: 245615 | AD55: 307100 | AE55: =AL55*AI55+W55 -> 0 | AF55: =AL55*AJ55+X55 -> 293313 | AG55: =AL55*AK55+Y55 -> 0 | AH55: =SUM(AE55:AG55) -> 293313 | AI55: =W55/Z55 -> 0 | AJ55: =X55/Z55 -> 1 | AK55: =Y55/Z55 -> 0 | AL55: =AD55-AC55 -> 61485 | AN55: Ponto de Atenção | AO55: Este item em Phaseout CP15 desconsiderando o consumo das CP´s anteriores tem disponibilidade de 191k e a demanda carregada é de 245,6k. Teremos de avaliar se será desenvolvido no Eco parque, ou colocar demanda adicional ( falta 55k na Razzo ) | AP55: Não produzir demanda faltante. Demanda será coberta com 1473013 | AQ55: Renata Rasch | AR55: X
C56: BODY | D56: BODY | E56: BEAUTY | F56: PRESENTE ENCANTO TRIO DE MAOS | G56: AVON ENCANTO SEDUT OUSADA CREME MAOS 30G | H56: Linha | I56: 1221600 | J56: 1381761 | K56: 27.99 | L56: 32.99 | M56: 0.17863523 | N56: 15 | O56: 0 | P56: Sim | Q56: Sim | R56: Sim | S56: Sim | T56: Não | U56: Não | V56: 0 | W56: 34517 | X56: 18008 | Y56: 0 | Z56: =SUM(W56:Y56) -> 52525 | AA56: 0 | AB56: 39600 | AC56: 49624 | AD56: 62000 | AE56: =AL56*AI56+W56 -> 42649.935 | AF56: =AL56*AJ56+X56 -> 22251.065 | AG56: =AL56*AK56+Y56 -> 0 | AH56: =SUM(AE56:AG56) -> 64901 | AI56: =W56/Z56 -> 0.65715374 | AJ56: =X56/Z56 -> 0.34284626 | AK56: =Y56/Z56 -> 0 | AL56: =AD56-AC56 -> 12376 | AN56: Sem restrição | AO56: Sem restrições
C57: BODY | D57: BODY | E57: BEAUTY | F57: PRESENTE ENCANTO TRIO DE MAOS | G57: AVON ENCANTO FASCIN SOFIST CREME MAOS 30G | H57: Linha | I57: 1221550 | J57: 1381752 | K57: #N/A | L57: 32.99 | M57: 0 | O57: 0 | V57: 0 | W57: 36000 | X57: 18008 | Y57: 0 | Z57: =SUM(W57:Y57) -> 54008 | AA57: 0 | AB57: 39600 | AC57: 49624 | AD57: 62000 | AE57: =AL57*AI57+W57 -> 44249.445 | AF57: =AL57*AJ57+X57 -> 22134.555 | AG57: =AL57*AK57+Y57 -> 0 | AH57: =SUM(AE57:AG57) -> 66384 | AI57: =W57/Z57 -> 0.66656792 | AJ57: =X57/Z57 -> 0.33343208 | AK57: =Y57/Z57 -> 0 | AL57: =AD57-AC57 -> 12376 | AN57: Sem restrição | AO57: Sem restrições
C58: BODY | D58: BODY | E58: BEAUTY | F58: PRESENTE ENCANTO TRIO DE MAOS | G58: MINI HAND CREAM IRRESISTIBLE REFORMULATION | H58: Linha | I58: 1229869 | J58: 1472711 | K58: #N/A | L58: 32.99 | M58: 0 | O58: 0 | V58: 0 | W58: 34517 | X58: 18008 | Y58: 0 | Z58: =SUM(W58:Y58) -> 52525 | AA58: 0 | AB58: 39600 | AC58: 49624 | AD58: 62000 | AE58: =AL58*AI58+W58 -> 42649.935 | AF58: =AL58*AJ58+X58 -> 22251.065 | AG58: =AL58*AK58+Y58 -> 0 | AH58: =SUM(AE58:AG58) -> 64901 | AI58: =W58/Z58 -> 0.65715374 | AJ58: =X58/Z58 -> 0.34284626 | AK58: =Y58/Z58 -> 0 | AL58: =AD58-AC58 -> 12376 | AN58: Sem restrição | AO58: Sem restrições
C59: BODY | D59: GIFTABLES | E59: HOME | F59: PRESENTE ENCANTO TRIO DE MAOS | G59: CAIXA ENCANTO TRIO MAOS | H59: Exclusivo | I59: 1232258 | J59: 1500864 | K59: #N/A | L59: 32.99 | M59: 0 | O59: 0 | V59: 0 | W59: 34517 | X59: 18008 | Y59: 0 | Z59: =SUM(W59:Y59) -> 52525 | AA59: 0 | AB59: 39600 | AC59: 49624 | AD59: 62000 | AE59: =AL59*AI59+W59 -> 42649.935 | AF59: =AL59*AJ59+X59 -> 22251.065 | AG59: =AL59*AK59+Y59 -> 0 | AH59: =SUM(AE59:AG59) -> 64901 | AI59: =W59/Z59 -> 0.65715374 | AJ59: =X59/Z59 -> 0.34284626 | AK59: =Y59/Z59 -> 0 | AL59: =AD59-AC59 -> 12376 | AN59: Sem restrição | AO59: 0
C60: BODY | D60: BODY | E60: BEAUTY | F60: PRESENTE ENCANTO GLAMOUROSA E CATIVANTE MAOS | G60: ENCANTO FASCINANTE E SOFISTICADA ESFOLIANTE PARA MÃƒOS 75G | H60: Lançamento | I60: 1228774 | J60: 1499821 | K60: 19.99 | L60: 25.99 | M60: 0.30015008 | N60: 16 | O60: 0 | P60: Não | Q60: Não | R60: Sim | S60: Sim | T60: Sim | U60: Sim | V60: 0 | W60: 0 | X60: 18359 | Y60: 18671 | Z60: =SUM(W60:Y60) -> 37030 | AA60: 0 | AB60: 34600 | AC60: 43339 | AD60: 54100 | AE60: =AL60*AI60+W60 -> 0 | AF60: 18359 | AG60: 18671 | AH60: =SUM(AE60:AG60) -> 37030 | AI60: =W60/Z60 -> 0 | AJ60: =X60/Z60 -> 0.4957872 | AK60: =Y60/Z60 -> 0.5042128 | AL60: =AD60-AC60 -> 10761 | AN60: Atenção | AO60: Ponto de atenção, pois é inovação e não produzimos ainda.
C61: BODY | D61: BODY | E61: BEAUTY | F61: PRESENTE ENCANTO GLAMOUROSA E CATIVANTE MAOS | G61: ENCANTO GLAMOROUS CREME PARA MÃƒOS 75G | H61: Linha | I61: 1228772 | J61: 1477908 | K61: #N/A | L61: 25.99 | M61: 0 | O61: 0 | V61: 0 | W61: 0 | X61: 18359 | Y61: 18671 | Z61: =SUM(W61:Y61) -> 37030 | AA61: 0 | AB61: 34600 | AC61: 43339 | AD61: 54100 | AE61: =AL61*AI61+W61 -> 0 | AF61: 18359 | AG61: 18671 | AH61: =SUM(AE61:AG61) -> 37030 | AI61: =W61/Z61 -> 0 | AJ61: =X61/Z61 -> 0.4957872 | AK61: =Y61/Z61 -> 0.5042128 | AL61: =AD61-AC61 -> 10761 | AN61: Sem restrição | AO61: Sem restrições
C62: BODY | D62: GIFTABLES | E62: HOME | F62: PRESENTE ENCANTO GLAMOUROSA E CATIVANTE MAOS | G62: CAIXA STD EXCLUSIVA NATAL | H62: Exclusivo | I62: 1232259 | J62: 1500865 | K62: #N/A | L62: 25.99 | M62: 0 | O62: 0 | V62: 0 | W62: 0 | X62: 18359 | Y62: 18671 | Z62: =SUM(W62:Y62) -> 37030 | AA62: 0 | AB62: 34600 | AC62: 43339 | AD62: 54100 | AE62: =AL62*AI62+W62 -> 0 | AF62: 18359 | AG62: 18671 | AH62: =SUM(AE62:AG62) -> 37030 | AI62: =W62/Z62 -> 0 | AJ62: =X62/Z62 -> 0.4957872 | AK62: =Y62/Z62 -> 0.5042128 | AL62: =AD62-AC62 -> 10761 | AN62: Sem restrição | AO62: 0
C63: BODY | D63: BODY | E63: BEAUTY | F63: PRESENTE ENCANTO IRRESISTIVEL E PODEROSA | G63: BODY LOTION IRRESISTIBLE 200ML REFORMULATION | H63: Linha | I63: 1229844 | J63: 1472705 | K63: 24.99 | L63: 26.99 | M63: 0.080032013 | N63: 17 | O63: 0 | P63: Não | Q63: Não | R63: Sim | S63: Sim | T63: Sim | U63: Sim | V63: 0 | W63: 0 | X63: 24600 | Y63: 19784 | Z63: =SUM(W63:Y63) -> 44384 | AA63: 0 | AB63: 42000 | AC63: 52563 | AD63: 65700 | AE63: =AL63*AI63+W63 -> 0 | AF63: =AL63*AJ63+X63 -> 31881.232 | AG63: =AL63*AK63+Y63 -> 25639.768 | AH63: =SUM(AE63:AG63) -> 57521 | AI63: =W63/Z63 -> 0 | AJ63: =X63/Z63 -> 0.55425379 | AK63: =Y63/Z63 -> 0.44574621 | AL63: =AD63-AC63 -> 13137 | AN63: Sem restrição | AO63: Sem risco.
C64: BODY | D64: BODY | E64: BEAUTY | F64: PRESENTE ENCANTO IRRESISTIVEL E PODEROSA | G64: MINI HAND CREAM IRRESISTIBLE REFORMULATION | H64: Linha | I64: 1229869 | J64: 1472711 | K64: 24.99 | L64: 26.99 | M64: 0.080032013 | O64: 0 | V64: 0 | W64: 0 | X64: 24600 | Y64: 19784 | Z64: =SUM(W64:Y64) -> 44384 | AA64: 0 | AB64: 42000 | AC64: 52563 | AD64: 65700 | AE64: =AL64*AI64+W64 -> 0 | AF64: =AL64*AJ64+X64 -> 31881.232 | AG64: =AL64*AK64+Y64 -> 25639.768 | AH64: =SUM(AE64:AG64) -> 57521 | AI64: =W64/Z64 -> 0 | AJ64: =X64/Z64 -> 0.55425379 | AK64: =Y64/Z64 -> 0.44574621 | AL64: =AD64-AC64 -> 13137 | AN64: Sem restrição | AO64: Sem restrições
C65: BODY | D65: GIFTABLES | E65: HOME | F65: PRESENTE ENCANTO IRRESISTIVEL E PODEROSA | G65: CAIXA STD EXCLUSIVA NATAL | H65: Exclusivo | I65: 1232259 | J65: 1500865 | K65: 24.99 | L65: 26.99 | M65: 0.080032013 | O65: 0 | V65: 0 | W65: 0 | X65: 24600 | Y65: 19784 | Z65: =SUM(W65:Y65) -> 44384 | AA65: 0 | AB65: 42000 | AC65: 52563 | AD65: 65700 | AE65: =AL65*AI65+W65 -> 0 | AF65: =AL65*AJ65+X65 -> 31881.232 | AG65: =AL65*AK65+Y65 -> 25639.768 | AH65: =SUM(AE65:AG65) -> 57521 | AI65: =W65/Z65 -> 0 | AJ65: =X65/Z65 -> 0.55425379 | AK65: =Y65/Z65 -> 0.44574621 | AL65: =AD65-AC65 -> 13137 | AN65: Sem restrição | AO65: 0
C66: BODY | D66: BODY | E66: BEAUTY | F66: PRESENTE ENCANTO GLAMOUROSA E CATIVANTE | G66: 3Q22 ENCANTO GLAMOROUS BODY LOTION 200ML LATAM | H66: Linha | I66: 1227242 | J66: 1467558 | K66: 36.99 | L66: 37.99 | M66: 0.027034334 | N66: 18 | O66: 0 | P66: Sim | Q66: Sim | R66: Nâo | S66: Nâo | T66: Sim | U66: Sim | V66: 0 | W66: 24559 | X66: 0 | Y66: 15929 | Z66: =SUM(W66:Y66) -> 40488 | AA66: 0 | AB66: 28700 | AC66: 35892 | AD66: 44800 | AE66: =AL66*AI66+W66 -> 29962.368 | AF66: =AL66*AJ66+X66 -> 0 | AG66: 15929 | AH66: =SUM(AE66:AG66) -> 45891.368 | AI66: =W66/Z66 -> 0.60657479 | AJ66: =X66/Z66 -> 0 | AK66: =Y66/Z66 -> 0.39342521 | AL66: =AD66-AC66 -> 8908 | AN66: Sem restrição | AO66: Sem risco.
C67: BODY | D67: SOAPS | E67: BEAUTY | F67: PRESENTE ENCANTO GLAMOUROSA E CATIVANTE | G67: 3Q22 ENCANTO GLAMOROUS NEW FORM LATAM | H67: Linha | I67: 1227245 | J67: 1467962 | K67: 36.99 | L67: 37.99 | M67: 0.027034334 | O67: 0 | V67: 0 | W67: 24559 | X67: 0 | Y67: 15929 | Z67: =SUM(W67:Y67) -> 40488 | AA67: 0 | AB67: 28700 | AC67: 35892 | AD67: 44800 | AE67: =AL67*AI67+W67 -> 29962.368 | AF67: =AL67*AJ67+X67 -> 0 | AG67: 15929 | AH67: =SUM(AE67:AG67) -> 45891.368 | AI67: =W67/Z67 -> 0.60657479 | AJ67: =X67/Z67 -> 0 | AK67: =Y67/Z67 -> 0.39342521 | AL67: =AD67-AC67 -> 8908 | AN67: Sem restrição | AO67: Sem restrições
C68: BODY | D68: GIFTABLES | E68: BEAUTY | F68: PRESENTE ENCANTO GLAMOUROSA E CATIVANTE | G68: SACOLA PP UNISEX 2022 | H68: Linha | I68: 1230470 | J68: 1477478 | K68: 36.99 | L68: 37.99 | M68: 0.027034334 | O68: 0 | V68: 0 | W68: 24559 | X68: 0 | Y68: 15929 | Z68: =SUM(W68:Y68) -> 40488 | AA68: 0 | AB68: 28700 | AC68: 35892 | AD68: 44800 | AE68: =AL68*AI68+W68 -> 29962.368 | AF68: =AL68*AJ68+X68 -> 0 | AG68: 15929 | AH68: =SUM(AE68:AG68) -> 45891.368 | AI68: =W68/Z68 -> 0.60657479 | AJ68: =X68/Z68 -> 0 | AK68: =Y68/Z68 -> 0.39342521 | AL68: =AD68-AC68 -> 8908 | AN68: Atenção | AO68: Lead time esta Maior por restrição de Capacidade na Fabrica, risco de reação para variações | AP68: Avaliar proposta de SUB/ PAI antecipadamente da sacola ( reunião em 30/6) | AQ68: Kelly Piovesan
C69: BODY | D69: BODY | E69: BEAUTY | F69: PRESENTE ENCANTO TRIO DE LOCOES | G69: MINI BODY LOTION SEDUCTION 80ML REFORMULATION | H69: Linha | I69: 1229942 | J69: 1472921 | K69: 35.99 | L69: 35.99 | M69: 0 | N69: 19 | O69: 0 | P69: Não | Q69: Não | R69: Sim | S69: Sim | T69: Sim | U69: Não | V69: 0 | W69: 0 | X69: 33595 | Y69: 15000 | Z69: =SUM(W69:Y69) -> 48595 | AA69: 0 | AB69: 32600 | AC69: 40855 | AD69: 49000 | AE69: =AL69*AI69+W69 -> 0 | AF69: =AL69*AJ69+X69 -> 39225.852 | AG69: =AL69*AK69+Y69 -> 17514.148 | AH69: =SUM(AE69:AG69) -> 56740 | AI69: =W69/Z69 -> 0 | AJ69: =X69/Z69 -> 0.69132627 | AK69: =Y69/Z69 -> 0.30867373 | AL69: =AD69-AC69 -> 8145 | AN69: Sem restrição | AO69: Sem risco.
C70: BODY | D70: BODY | E70: BEAUTY | F70: PRESENTE ENCANTO TRIO DE LOCOES | G70: LOCAO CORPO IRRESISTI REF 80ML | H70: Linha | I70: 1229854 | J70: 1472708 | K70: #N/A | L70: 35.99 | M70: 0 | O70: 0 | V70: 0 | W70: 0 | X70: 33595 | Y70: 15000 | Z70: =SUM(W70:Y70) -> 48595 | AA70: 0 | AB70: 32600 | AC70: 40855 | AD70: 49000 | AE70: =AL70*AI70+W70 -> 0 | AF70: =AL70*AJ70+X70 -> 39225.852 | AG70: =AL70*AK70+Y70 -> 17514.148 | AH70: =SUM(AE70:AG70) -> 56740 | AI70: =W70/Z70 -> 0 | AJ70: =X70/Z70 -> 0.69132627 | AK70: =Y70/Z70 -> 0.30867373 | AL70: =AD70-AC70 -> 8145 | AN70: Sem restrição | AO70: Sem risco.
C71: BODY | D71: BODY | E71: BEAUTY | F71: PRESENTE ENCANTO TRIO DE LOCOES | G71: AVON ENCANTO FASCIN SOFIST LOCAO CORP 80ML | H71: Linha | I71: 1221551 | J71: 1381805 | K71: #N/A | L71: 35.99 | M71: 0 | O71: 0 | V71: 0 | W71: 0 | X71: 33595 | Y71: 15000 | Z71: =SUM(W71:Y71) -> 48595 | AA71: 0 | AB71: 32600 | AC71: 40855 | AD71: 49000 | AE71: =AL71*AI71+W71 -> 0 | AF71: =AL71*AJ71+X71 -> 39225.852 | AG71: =AL71*AK71+Y71 -> 17514.148 | AH71: =SUM(AE71:AG71) -> 56740 | AI71: =W71/Z71 -> 0 | AJ71: =X71/Z71 -> 0.69132627 | AK71: =Y71/Z71 -> 0.30867373 | AL71: =AD71-AC71 -> 8145 | AN71: Sem restrição | AO71: Sem risco.
C72: BODY | D72: GIFTABLES | E72: HOME | F72: PRESENTE ENCANTO TRIO DE LOCOES | G72: CAIXA ENCANTO TRIO LOCOES | H72: Exclusivo | I72: 1232262 | J72: 1500868 | K72: #N/A | L72: 35.99 | M72: 0 | O72: 0 | V72: 0 | W72: 0 | X72: 33595 | Y72: 15000 | Z72: =SUM(W72:Y72) -> 48595 | AA72: 0 | AB72: 32600 | AC72: 40855 | AD72: 49000 | AE72: =AL72*AI72+W72 -> 0 | AF72: =AL72*AJ72+X72 -> 39225.852 | AG72: =AL72*AK72+Y72 -> 17514.148 | AH72: =SUM(AE72:AG72) -> 56740 | AI72: =W72/Z72 -> 0 | AJ72: =X72/Z72 -> 0.69132627 | AK72: =Y72/Z72 -> 0.30867373 | AL72: =AD72-AC72 -> 8145 | AN72: Sem restrição | AO72: 0
C73: BODY | D73: SOAPS | E73: BEAUTY | F73: PRESENTE ENCANTO FASCINANTE E SOFISTICADA | G73: ENCANTO FASCIN SOFIST SABONETE BARRA 4X80G ECOP | H73: Linha | I73: 1225954 | J73: 1419191 | K73: 42.99 | L73: 46.99 | M73: 0.093044894 | N73: 20 | O73: 0 | P73: Sim | Q73: Sim | R73: Nâo | S73: Nâo | T73: Sim | U73: Sim | V73: 0 | W73: 37236 | X73: 0 | Y73: 20458 | Z73: =SUM(W73:Y73) -> 57694 | AA73: 0 | AB73: 28100 | AC73: 31278 | AD73: 41704 | AE73: =W73 -> 37236 | AF73: =X73 -> 0 | AG73: =Y73 -> 20458 | AH73: =SUM(AE73:AG73) -> 57694 | AI73: =W73/Z73 -> 0.64540507 | AJ73: =X73/Z73 -> 0 | AK73: =Y73/Z73 -> 0.35459493 | AL73: =AD73-AC73 -> 10426 | AN73: Sem restrição | AO73: Sem risco.
C74: BODY | D74: BODY | E74: BEAUTY | F74: PRESENTE ENCANTO FASCINANTE E SOFISTICADA | G74: AVON ENCANTO FASCIN SOFIST CREME MAOS 30G | H74: Linha | I74: 1221550 | J74: 1381752 | K74: 42.99 | L74: 46.99 | M74: 0.093044894 | O74: 0 | V74: 0 | W74: 35700 | X74: 0 | Y74: 20458 | Z74: =SUM(W74:Y74) -> 56158 | AA74: 0 | AB74: 28100 | AC74: 31278 | AD74: 41704 | AE74: =W74 -> 35700 | AF74: =X74 -> 0 | AG74: =Y74 -> 20458 | AH74: =SUM(AE74:AG74) -> 56158 | AI74: =W74/Z74 -> 0.6357064 | AJ74: =X74/Z74 -> 0 | AK74: =Y74/Z74 -> 0.3642936 | AL74: =AD74-AC74 -> 10426 | AN74: Sem restrição | AO74: Sem restrições
C75: BODY | D75: BODY | E75: BEAUTY | F75: PRESENTE ENCANTO FASCINANTE E SOFISTICADA | G75: AVON ENCANTO FASCIN SOFIST LOCAO CORP 200ML | H75: Linha | I75: 1221562 | J75: 1381806 | K75: 42.99 | L75: 46.99 | M75: 0.093044894 | O75: 0 | V75: 0 | W75: 37236 | X75: 0 | Y75: 20458 | Z75: =SUM(W75:Y75) -> 57694 | AA75: 0 | AB75: 28100 | AC75: 31278 | AD75: 41704 | AE75: =W75 -> 37236 | AF75: =X75 -> 0 | AG75: =Y75 -> 20458 | AH75: =SUM(AE75:AG75) -> 57694 | AI75: =W75/Z75 -> 0.64540507 | AJ75: =X75/Z75 -> 0 | AK75: =Y75/Z75 -> 0.35459493 | AL75: =AD75-AC75 -> 10426 | AN75: Sem restrição | AO75: Sem risco.
C76: BODY | D76: GIFTABLES | E76: BEAUTY | F76: PRESENTE ENCANTO FASCINANTE E SOFISTICADA | G76: SACOLA P UNISEX 2022 | H76: Linha | I76: 1230471 | J76: 1477479 | K76: 42.99 | L76: 46.99 | M76: 0.093044894 | O76: 0 | V76: 0 | W76: 34398 | X76: 0 | Y76: 20458 | Z76: =SUM(W76:Y76) -> 54856 | AA76: 0 | AB76: 28100 | AC76: 31278 | AD76: 41704 | AE76: =W76 -> 34398 | AF76: =X76 -> 0 | AG76: =Y76 -> 20458 | AH76: =SUM(AE76:AG76) -> 54856 | AI76: =W76/Z76 -> 0.62705994 | AJ76: =X76/Z76 -> 0 | AK76: =Y76/Z76 -> 0.37294006 | AL76: =AD76-AC76 -> 10426 | AN76: Atenção | AO76: Lead time esta Maior por restrição de Capacidade na Fabrica, risco de reação para variações | AP76: Avaliar proposta de SUB/ PAI antecipadamente da sacola ( reunião em 30/6) | AQ76: Kelly Piovesan
C77: BODY | D77: BODY | E77: BEAUTY | F77: PRESENTE ENCANTO ATRAENTE E DESLUMBRANTE | G77: ENCANTO LOÃ‡ÃƒO CORPORAL ATRAENTE & DESLUMBRANTE 200ML | H77: Linha | I77: 1225203 | J77: 1446844 | K77: 37.99 | L77: 38.99 | M77: 0.026322717 | N77: 21 | O77: 0 | P77: Não | Q77: Não | R77: Sim | S77: Sim | T77: Não | U77: Não | V77: 0 | W77: 0 | X77: 26629 | Y77: 0 | Z77: =SUM(W77:Y77) -> 26629 | AA77: 0 | AB77: 23800 | AC77: 29783 | AD77: 35700 | AE77: =AL77*AI77+W77 -> 0 | AF77: =AL77*AJ77+X77 -> 32546 | AG77: =AL77*AK77+Y77 -> 0 | AH77: =SUM(AE77:AG77) -> 32546 | AI77: =W77/Z77 -> 0 | AJ77: =X77/Z77 -> 1 | AK77: =Y77/Z77 -> 0 | AL77: =AD77-AC77 -> 5917 | AN77: Sem restrição | AO77: Sem risco.
C78: BODY | D78: BODY | E78: BEAUTY | F78: PRESENTE ENCANTO ATRAENTE E DESLUMBRANTE | G78: BODY OIL 80ML - ATTRACTIVE COLLECTION | H78: Exclusivo | I78: 1228019 | J78: 1454186 | K78: 37.99 | L78: 38.99 | M78: 0.026322717 | O78: 0 | V78: 0 | W78: 0 | X78: 26629 | Y78: 0 | Z78: =SUM(W78:Y78) -> 26629 | AA78: 0 | AB78: 23800 | AC78: 29783 | AD78: 35700 | AE78: =AL78*AI78+W78 -> 0 | AF78: =AL78*AJ78+X78 -> 32546 | AG78: =AL78*AK78+Y78 -> 0 | AH78: =SUM(AE78:AG78) -> 32546 | AI78: =W78/Z78 -> 0 | AJ78: =X78/Z78 -> 1 | AK78: =Y78/Z78 -> 0 | AL78: =AD78-AC78 -> 5917 | AN78: Sem restrição | AO78: Sem risco.
C79: BODY | D79: GIFTABLES | E79: HOME | F79: PRESENTE ENCANTO ATRAENTE E DESLUMBRANTE | G79: CAIXA STD EXCLUSIVA NATAL | H79: Exclusivo | I79: 1232259 | J79: 1500865 | K79: 37.99 | L79: 38.99 | M79: 0.026322717 | O79: 0 | V79: 0 | W79: 0 | X79: 26629 | Y79: 0 | Z79: =SUM(W79:Y79) -> 26629 | AA79: 0 | AB79: 23800 | AC79: 29783 | AD79: 35700 | AE79: =AL79*AI79+W79 -> 0 | AF79: =AL79*AJ79+X79 -> 32546 | AG79: =AL79*AK79+Y79 -> 0 | AH79: =SUM(AE79:AG79) -> 32546 | AI79: =W79/Z79 -> 0 | AJ79: =X79/Z79 -> 1 | AK79: =Y79/Z79 -> 0 | AL79: =AD79-AC79 -> 5917 | AN79: Sem restrição | AO79: 0
C80: BODY | D80: BODY | E80: BEAUTY | F80: PRESENTE ENCANTO IRRESISTIVEL E PODEROSA MINIATURA | G80: ENCANTO IRRESISTIVEL 10ML | H80: Lançamento | I80: 1227995 | J80: 1465716 | K80: 32.99 | L80: 39.99 | M80: 0.21218551 | N80: 22 | O80: 0 | P80: Não | Q80: Não | R80: Sim | S80: Sim | T80: Sim | U80: Não | V80: 0 | W80: 0 | X80: 17654 | Y80: 6016 | Z80: =SUM(W80:Y80) -> 23670 | AA80: 0 | AB80: 20500 | AC80: 25739 | AD80: 32100 | AE80: =AL80*AI80+W80 -> 0 | AF80: =AL80*AJ80+X80 -> 22398.279 | AG80: =AL80*AK80+Y80 -> 7632.7206 | AH80: =SUM(AE80:AG80) -> 30031 | AI80: =W80/Z80 -> 0 | AJ80: =X80/Z80 -> 0.74583861 | AK80: =Y80/Z80 -> 0.25416139 | AL80: =AD80-AC80 -> 6361 | AN80: Sem restrição
C81: BODY | D81: BODY | E81: BEAUTY | F81: PRESENTE ENCANTO IRRESISTIVEL E PODEROSA MINIATURA | G81: MINI HAND CREAM IRRESISTIBLE REFORMULATION | H81: Linha | I81: 1229869 | J81: 1472711 | K81: 32.99 | L81: 39.99 | M81: 0.21218551 | O81: 0 | V81: 0 | W81: 0 | X81: 17654 | Y81: 6016 | Z81: =SUM(W81:Y81) -> 23670 | AA81: 0 | AB81: 20500 | AC81: 25739 | AD81: 32100 | AE81: =AL81*AI81+W81 -> 0 | AF81: =AL81*AJ81+X81 -> 22398.279 | AG81: =AL81*AK81+Y81 -> 7632.7206 | AH81: =SUM(AE81:AG81) -> 30031 | AI81: =W81/Z81 -> 0 | AJ81: =X81/Z81 -> 0.74583861 | AK81: =Y81/Z81 -> 0.25416139 | AL81: =AD81-AC81 -> 6361 | AN81: Sem restrição | AO81: Sem restrições
C82: BODY | D82: GIFTABLES | E82: BEAUTY | F82: PRESENTE ENCANTO IRRESISTIVEL E PODEROSA MINIATURA | G82: SACOLA PP UNISEX 2022 | H82: Linha | I82: 1230470 | J82: 1477478 | K82: 32.99 | L82: 39.99 | M82: 0.21218551 | O82: 0 | V82: 0 | W82: 0 | X82: 17654 | Y82: 6016 | Z82: =SUM(W82:Y82) -> 23670 | AA82: 0 | AB82: 20500 | AC82: 25739 | AD82: 32100 | AE82: =AL82*AI82+W82 -> 0 | AF82: =AL82*AJ82+X82 -> 22398.279 | AG82: =AL82*AK82+Y82 -> 7632.7206 | AH82: =SUM(AE82:AG82) -> 30031 | AI82: =W82/Z82 -> 0 | AJ82: =X82/Z82 -> 0.74583861 | AK82: =Y82/Z82 -> 0.25416139 | AL82: =AD82-AC82 -> 6361 | AN82: Atenção | AO82: Lead time esta Maior por restrição de Capacidade na Fabrica, risco de reação para variações | AP82: Avaliar proposta de SUB/ PAI antecipadamente da sacola ( reunião em 30/6) | AQ82: Kelly Piovesan
C83: BODY | D83: BODY | E83: BEAUTY | F83: PRESENTE ENCANTO DIVINA E GLORIOSA BANHO | G83: 2Q22 ENCANTO NEW COLLECTION BAR SOAP LATAM | H83: Lançamento | I83: 1226860 | J83: 1467555 | K83: 59.99 | L83: 59.99 | M83: 0 | N83: 23 | O83: 0 | P83: Não | Q83: Não | R83: Sim | S83: Sim | T83: Sim | U83: Sim | V83: 0 | W83: 0 | X83: 17316 | Y83: 14738 | Z83: =SUM(W83:Y83) -> 32054 | AA83: 0 | AB83: 13800 | AC83: 17367 | AD83: 20800 | AE83: =AL83*AI83+W83 -> 0 | AF83: =AL83*AJ83+X83 -> 19170.553 | AG83: =AL83*AK83+Y83 -> 16316.447 | AH83: =SUM(AE83:AG83) -> 35487 | AI83: =W83/Z83 -> 0 | AJ83: =X83/Z83 -> 0.54021339 | AK83: =Y83/Z83 -> 0.45978661 | AL83: =AD83-AC83 -> 3433 | AN83: Sem restrição | AO83: Sem risco. | AR83: X
C84: BODY | D84: SOAPS | E84: BEAUTY | F84: PRESENTE ENCANTO DIVINA E GLORIOSA BANHO | G84: ENCANTO GEL HIDRATANTE | H84: Linha | I84: 1228767 | J84: 1500294 | K84: 59.99 | L84: 59.99 | M84: 0 | O84: 0 | V84: 0 | W84: 0 | X84: 17316 | Y84: 14738 | Z84: =SUM(W84:Y84) -> 32054 | AA84: 0 | AB84: 13800 | AC84: 17367 | AD84: 20800 | AE84: =AL84*AI84+W84 -> 0 | AF84: =AL84*AJ84+X84 -> 19170.553 | AG84: =AL84*AK84+Y84 -> 16316.447 | AH84: =SUM(AE84:AG84) -> 35487 | AI84: =W84/Z84 -> 0 | AJ84: =X84/Z84 -> 0.54021339 | AK84: =Y84/Z84 -> 0.45978661 | AL84: =AD84-AC84 -> 3433 | AN84: 0 | AO84: 0
C85: BODY | D85: HOUSEWARES | E85: HOME | F85: PRESENTE ENCANTO DIVINA E GLORIOSA BANHO | G85: SACOLA P UNISEX 2022 | H85: Lançamento | I85: 1230471 | J85: 1477479 | K85: 59.99 | L85: 59.99 | M85: 0 | O85: 0 | V85: 0 | W85: 48000 | X85: 17316 | Y85: 14738 | Z85: =SUM(W85:Y85) -> 80054 | AA85: 0 | AB85: 13800 | AC85: 17367 | AD85: 20800 | AE85: =AL85*AI85+W85 -> 50058.411 | AF85: =AL85*AJ85+X85 -> 18058.572 | AG85: =AL85*AK85+Y85 -> 15370.018 | AH85: =SUM(AE85:AG85) -> 83487 | AI85: =W85/Z85 -> 0.59959527 | AJ85: =X85/Z85 -> 0.21630399 | AK85: =Y85/Z85 -> 0.18410073 | AL85: =AD85-AC85 -> 3433 | AN85: Atenção | AO85: Lead time esta Maior por restrição de Capacidade na Fabrica, risco de reação para variações | AP85: Avaliar proposta de SUB/ PAI antecipadamente da sacola ( reunião em 30/6) | AQ85: Kelly Piovesan
C86: BODY | D86: GIFTABLES | E86: BEAUTY | F86: PRESENTE ENCANTO DIVINA E GLORIOSA BANHO | G86: BANHEIRA NATAL 2022 ADULTS | H86: Linha | I86: 5607539 | J86: 1502532 | K86: 59.99 | L86: 59.99 | M86: 0 | O86: 0 | V86: 0 | W86: 0 | X86: 17316 | Y86: 14738 | Z86: =SUM(W86:Y86) -> 32054 | AA86: 0 | AB86: 13800 | AC86: 17367 | AD86: 20800 | AE86: =AL86*AI86+W86 -> 0 | AF86: =AL86*AJ86+X86 -> 19170.553 | AG86: =AL86*AK86+Y86 -> 16316.447 | AH86: =SUM(AE86:AG86) -> 35487 | AI86: =W86/Z86 -> 0 | AJ86: =X86/Z86 -> 0.54021339 | AK86: =Y86/Z86 -> 0.45978661 | AL86: =AD86-AC86 -> 3433 | AN86: 0 | AO86: Criar Kit sem banheira/ Sem risco. Dentro de LT | AP86: Verificar reação em PIV, junto ao fornecedor | AQ86: Camila Caldas
C87: BODY | D87: BODY | E87: BEAUTY | F87: PRESENTE ENCANTO IRRESISTIVEL E PODEROSA MAIS QUE ESPECIAL | G87: AVON ENCANTO IRRES PODEROSA LOCAO CORP 400ML | H87: Linha | I87: 1221570 | J87: 1381812 | K87: 119.9 | L87: 129.9 | M87: 0.083402836 | N87: 24 | O87: 0 | P87: Não | Q87: Não | R87: Sim | S87: Sim | T87: Não | U87: Não | V87: 0 | W87: 0 | X87: 8408 | Y87: 0 | Z87: =SUM(W87:Y87) -> 8408 | AA87: 0 | AB87: 7500 | AC87: 9422 | AD87: 11300 | AE87: =AL87*AI87+W87 -> 0 | AF87: =AL87*AJ87+X87 -> 10286 | AG87: =AL87*AK87+Y87 -> 0 | AH87: =SUM(AE87:AG87) -> 10286 | AI87: =W87/Z87 -> 0 | AJ87: =X87/Z87 -> 1 | AK87: =Y87/Z87 -> 0 | AL87: =AD87-AC87 -> 1878 | AN87: Sem restrição | AO87: Sem risco. | AP87: Ajustar CP/ data Descontinuação | AQ87: Jean Roque | AR87: X
C88: BODY | D88: BODY | E88: BEAUTY | F88: PRESENTE ENCANTO IRRESISTIVEL E PODEROSA MAIS QUE ESPECIAL | G88: AVON ENCANTO IRRES PODEROSA CREME MAOS 75G | H88: Linha | I88: 1221575 | J88: 1381816 | K88: #N/A | L88: 129.9 | M88: 0 | O88: 0 | V88: 0 | W88: 0 | X88: 8408 | Y88: 0 | Z88: =SUM(W88:Y88) -> 8408 | AA88: 0 | AB88: 7500 | AC88: 9422 | AD88: 11300 | AE88: =AL88*AI88+W88 -> 0 | AF88: =AL88*AJ88+X88 -> 10286 | AG88: =AL88*AK88+Y88 -> 0 | AH88: =SUM(AE88:AG88) -> 10286 | AI88: =W88/Z88 -> 0 | AJ88: =X88/Z88 -> 1 | AK88: =Y88/Z88 -> 0 | AL88: =AD88-AC88 -> 1878 | AN88: Restrição | AO88: Item é descontinuado, não temos produção programada | AP88: Ajustar CP/ data Descontinuação | AQ88: Jean Roque
C89: BODY | D89: FRAGRANCE | E89: BEAUTY | F89: PRESENTE ENCANTO IRRESISTIVEL E PODEROSA MAIS QUE ESPECIAL | G89: AVON ENCANTO IRRES PODEROSA SPRAY CORP 80ML | H89: Linha | I89: 1221576 | J89: 1381817 | K89: #N/A | L89: 129.9 | M89: 0 | O89: 0 | V89: 0 | W89: 0 | X89: 8408 | Y89: 0 | Z89: =SUM(W89:Y89) -> 8408 | AA89: 0 | AB89: 7500 | AC89: 9422 | AD89: 11300 | AE89: =AL89*AI89+W89 -> 0 | AF89: =AL89*AJ89+X89 -> 10286 | AG89: =AL89*AK89+Y89 -> 0 | AH89: =SUM(AE89:AG89) -> 10286 | AI89: =W89/Z89 -> 0 | AJ89: =X89/Z89 -> 1 | AK89: =Y89/Z89 -> 0 | AL89: =AD89-AC89 -> 1878 | AN89: PONTO DE ATENÇÃO | AO89: Item PIPO - código atualizado é o 1472918 | AP89: Demanda em item incorreto. Ajustar código para 1472918 | AQ89: Fabiana Garcia
C90: BODY | D90: ACCESSORIES | E90: FASHION | F90: PRESENTE ENCANTO IRRESISTIVEL E PODEROSA MAIS QUE ESPECIAL | G90: CAIXA UNISEX 2022 | H90: Lançamento | I90: 1230474 | J90: 1477481 | K90: #N/A | L90: 129.9 | M90: 0 | O90: 0 | V90: 0 | W90: 19000 | X90: 8408 | Y90: 0 | Z90: =SUM(W90:Y90) -> 27408 | AA90: 0 | AB90: 7500 | AC90: 9422 | AD90: 11300 | AE90: =AL90*AI90+W90 -> 20301.883 | AF90: =AL90*AJ90+X90 -> 8984.1173 | AG90: =AL90*AK90+Y90 -> 0 | AH90: =SUM(AE90:AG90) -> 29286 | AI90: =W90/Z90 -> 0.69322825 | AJ90: =X90/Z90 -> 0.30677175 | AK90: =Y90/Z90 -> 0 | AL90: =AD90-AC90 -> 1878 | AN90: Atenção | AO90: Ponto de atenção para novas Variações, pois existe restrição de cartão no mercado.
C91: BODY | D91: GIFTABLES | E91: BEAUTY | F91: PRESENTE ENCANTO IRRESISTIVEL E PODEROSA MAIS QUE ESPECIAL | G91: FRASQUEIRA ENCANTO IRRESIST ADULTS | H91: Linha | I91: 5612597 | J91: 1499274 | K91: #N/A | L91: 129.9 | M91: 0 | O91: 0 | V91: 0 | W91: 0 | X91: 8408 | Y91: 0 | Z91: =SUM(W91:Y91) -> 8408 | AA91: 0 | AB91: 7500 | AC91: 9422 | AD91: 11300 | AE91: =AL91*AI91+W91 -> 0 | AF91: =AL91*AJ91+X91 -> 10286 | AG91: =AL91*AK91+Y91 -> 0 | AH91: =SUM(AE91:AG91) -> 10286 | AI91: =W91/Z91 -> 0 | AJ91: =X91/Z91 -> 1 | AK91: =Y91/Z91 -> 0 | AL91: =AD91-AC91 -> 1878 | AN91: =VLOOKUP(J91,'[1]22.06.22'!$I:$AE,23,0) -> OK | AO91: =VLOOKUP(J91,'[1]22.06.22'!$I:$AF,24,0) -> Sem risco | pedido será enviado conforme LT
C92: BODY | D92: BODY | E92: BEAUTY | F92: PRESENTE ENCANTO ATRAENTE E DESLUMBRANTE ESPECIAL | G92: ENCANTO LOÃ‡ÃƒO CORPORAL ATRAENTE & DESLUMBRANTE 200ML | H92: Linha | I92: 1225203 | J92: 1446844 | K92: 49.99 | L92: 49.9 | M92: -0.0018003601 | N92: 25 | O92: 0 | P92: Sim | Q92: Sim | R92: Nâo | S92: Nâo | T92: Sim | U92: Sim | V92: 0 | W92: 11932 | X92: 0 | Y92: 4900 | Z92: =SUM(W92:Y92) -> 16832 | AA92: 0 | AB92: 13000 | AC92: 16332 | AD92: 19500 | AE92: =AL92*AI92+W92 -> 14177.757 | AF92: =AL92*AJ92+X92 -> 0 | AG92: =AL92*AK92+Y92 -> 5822.2433 | AH92: =SUM(AE92:AG92) -> 20000 | AI92: =W92/Z92 -> 0.70888783 | AJ92: =X92/Z92 -> 0 | AK92: =Y92/Z92 -> 0.29111217 | AL92: =AD92-AC92 -> 3168 | AN92: Sem restrição | AO92: Sem risco. | AR92: X
C93: BODY | D93: BODY | E93: BEAUTY | F93: PRESENTE ENCANTO ATRAENTE E DESLUMBRANTE ESPECIAL | G93: ENCANTO ATRAENTE E DESLUMBRANTE CREME PARA MÃƒOS 75G | H93: Lançamento | I93: 1228773 | J93: 1492059 | K93: 49.99 | L93: 49.9 | M93: -0.0018003601 | O93: 0 | V93: 0 | W93: 11932 | X93: 0 | Y93: 4900 | Z93: =SUM(W93:Y93) -> 16832 | AA93: 0 | AB93: 13000 | AC93: 16332 | AD93: 19500 | AE93: =AL93*AI93+W93 -> 14177.757 | AF93: =AL93*AJ93+X93 -> 0 | AG93: =AL93*AK93+Y93 -> 5822.2433 | AH93: =SUM(AE93:AG93) -> 20000 | AI93: =W93/Z93 -> 0.70888783 | AJ93: =X93/Z93 -> 0 | AK93: =Y93/Z93 -> 0.29111217 | AL93: =AD93-AC93 -> 3168 | AN93: Atenção | AO93: Ponto de atenção, pois é inovação e não produzimos ainda.
C94: BODY | D94: JEWELRY | E94: FASHION | F94: PRESENTE ENCANTO ATRAENTE E DESLUMBRANTE ESPECIAL | G94: CAIXA STD EXCLUSIVA NATAL | H94: Lançamento | I94: 1232259 | J94: 1500865 | K94: 49.99 | L94: 49.9 | M94: -0.0018003601 | O94: 0 | V94: 0 | W94: 14000 | X94: 0 | Y94: 4900 | Z94: =SUM(W94:Y94) -> 18900 | AA94: 0 | AB94: 13000 | AC94: 16332 | AD94: 19500 | AE94: =AL94*AI94+W94 -> 16346.667 | AF94: =AL94*AJ94+X94 -> 0 | AG94: =AL94*AK94+Y94 -> 5721.3333 | AH94: =SUM(AE94:AG94) -> 22068 | AI94: =W94/Z94 -> 0.74074074 | AJ94: =X94/Z94 -> 0 | AK94: =Y94/Z94 -> 0.25925926 | AL94: =AD94-AC94 -> 3168 | AN94: Sem restrição | AO94: 0
C95: BODY | D95: GIFTABLES | E95: HOME | F95: PRESENTE ENCANTO ATRAENTE E DESLUMBRANTE ESPECIAL | G95: BRINCO DELICADO SPRING DOURADO | H95: Exclusivo | I95: 5607086 | J95: 1500485 | K95: 49.99 | L95: 49.9 | M95: -0.0018003601 | O95: 0 | V95: 0 | W95: 11176 | X95: 0 | Y95: 4900 | Z95: =SUM(W95:Y95) -> 16076 | AA95: 0 | AB95: 13000 | AC95: 16332 | AD95: 19500 | AE95: =AL95*AI95+W95 -> 13378.387 | AF95: =AL95*AJ95+X95 -> 0 | AG95: =AL95*AK95+Y95 -> 5865.6133 | AH95: =SUM(AE95:AG95) -> 19244 | AI95: =W95/Z95 -> 0.69519781 | AJ95: =X95/Z95 -> 0 | AK95: =Y95/Z95 -> 0.30480219 | AL95: =AD95-AC95 -> 3168 | AN95: 0 | AO95: Criar Kit sem brinco/ Sem risco | pedido será enviado conforme LT | AP95: Checar código (demanda deve estar carregada somente em 1500485) | AQ95: Marcelly Roldan
C96: FRAGRANCE | D96: FRAGRANCE | E96: BEAUTY | F96: PRESENTE AQUAVIBE MINI | G96: AQUAVIBE MINI REFRESCANTES BODY SPLASH CHRISTMAS 1 - 150ML | H96: Exclusivo | I96: 1229679 | J96: 1493048 | K96: 27.99 | L96: 33.99 | M96: 0.21436227 | N96: 26 | O96: 0 | P96: Sim | Q96: Sim | R96: Sim | S96: Nâo | T96: Sim | U96: Não | V96: 0 | W96: 56965 | X96: 17172 | Y96: 9720 | Z96: =SUM(W96:Y96) -> 83857 | AA96: 0 | AB96: 65800 | AC96: 79037 | AD96: 98700 | AE96: =AL96*AI96+W96 -> 70322.296 | AF96: =AL96*AJ96+X96 -> 21198.534 | AG96: =AL96*AK96+Y96 -> 11999.17 | AH96: =SUM(AE96:AG96) -> 103520 | AI96: =W96/Z96 -> 0.67931121 | AJ96: =X96/Z96 -> 0.20477718 | AK96: =Y96/Z96 -> 0.11591161 | AL96: =AD96-AC96 -> 19663 | AN96: PONTO DE ATENÇÃO | AO96: Item exclusivo - Atende over de até 15k unidades | AP96: Reação a over não atende ao MAX. Avaliar item para PAI | AQ96: Kelly Piovesan | AR96: X
C97: FRAGRANCE | D97: FRAGRANCE | E97: BEAUTY | F97: PRESENTE AQUAVIBE MINI | G97: AQUAVIBE MINI REFRESCANTES BODY SPLASH CHRISTMAS 2 - 150ML | H97: Exclusivo | I97: 1229680 | J97: 1493049 | K97: 27.99 | L97: 33.99 | M97: 0.21436227 | O97: 0 | V97: 0 | W97: 56965 | X97: 17172 | Y97: 9720 | Z97: =SUM(W97:Y97) -> 83857 | AA97: 0 | AB97: 65800 | AC97: 79037 | AD97: 98700 | AE97: =AL97*AI97+W97 -> 70322.296 | AF97: =AL97*AJ97+X97 -> 21198.534 | AG97: =AL97*AK97+Y97 -> 11999.17 | AH97: =SUM(AE97:AG97) -> 103520 | AI97: =W97/Z97 -> 0.67931121 | AJ97: =X97/Z97 -> 0.20477718 | AK97: =Y97/Z97 -> 0.11591161 | AL97: =AD97-AC97 -> 19663 | AN97: PONTO DE ATENÇÃO | AO97: Item exclusivo - Atende over de até 15k unidades | AP97: Reação a over não atende ao MAX. Avaliar item para PAI | AQ97: Kelly Piovesan
C98: FRAGRANCE | D98: GIFTABLES | E98: BEAUTY | F98: PRESENTE AQUAVIBE MINI | G98: CAIXA AQUAVIBE MINIS | H98: Exclusivo | I98: 1230201 | J98: 1474505 | K98: 27.99 | L98: 33.99 | M98: 0.21436227 | O98: 0 | V98: 0 | W98: 56965 | X98: 17172 | Y98: 9720 | Z98: =SUM(W98:Y98) -> 83857 | AA98: 0 | AB98: 65800 | AC98: 79037 | AD98: 98700 | AE98: =AL98*AI98+W98 -> 70322.296 | AF98: =AL98*AJ98+X98 -> 21198.534 | AG98: =AL98*AK98+Y98 -> 11999.17 | AH98: =SUM(AE98:AG98) -> 103520 | AI98: =W98/Z98 -> 0.67931121 | AJ98: =X98/Z98 -> 0.20477718 | AK98: =Y98/Z98 -> 0.11591161 | AL98: =AD98-AC98 -> 19663 | AN98: Atenção | AO98: Ponto de atenção para novas Variações, pois existe restrição de cartão no mercado.
C99: FRAGRANCE | D99: FRAGRANCE | E99: BEAUTY | F99: PRESENTE PUR BLANCA NOITE | G99: PUR BLANCA NOITE NOVA DECORACAO | H99: Exclusivo | I99: 1225245 | J99: 1456084 | K99: 44.99 | L99: 49.99 | M99: 0.11113581 | N99: 27 | O99: 0 | P99: Não | Q99: Não | R99: Sim | S99: Sim | T99: Sim | U99: Não | V99: 0 | W99: 0 | X99: 45793 | Y99: 15177 | Z99: =SUM(W99:Y99) -> 60970 | AA99: 0 | AB99: 58400 | AC99: 64932 | AD99: 77900 | AE99: =AL99*AI99+W99 -> 0 | AF99: =AL99*AJ99+X99 -> 55532.932 | AG99: =AL99*AK99+Y99 -> 18405.068 | AH99: =SUM(AE99:AG99) -> 73938 | AI99: =W99/Z99 -> 0 | AJ99: =X99/Z99 -> 0.7510743 | AK99: =Y99/Z99 -> 0.2489257 | AL99: =AD99-AC99 -> 12968 | AN99: Sem restrição
C100: FRAGRANCE | D100: BODY | E100: BEAUTY | F100: PRESENTE PUR BLANCA NOITE | G100: PUR BLANCA NOITE LOCAO PERFUMADA PARA O CORPO | H100: Exclusivo | I100: 1225251 | J100: 1456085 | K100: 44.99 | L100: 49.99 | M100: 0.11113581 | O100: 0 | V100: 0 | W100: 0 | X100: 45793 | Y100: 15177 | Z100: =SUM(W100:Y100) -> 60970 | AA100: 0 | AB100: 58400 | AC100: 64932 | AD100: 77900 | AE100: =AL100*AI100+W100 -> 0 | AF100: =AL100*AJ100+X100 -> 55532.932 | AG100: =AL100*AK100+Y100 -> 18405.068 | AH100: =SUM(AE100:AG100) -> 73938 | AI100: =W100/Z100 -> 0 | AJ100: =X100/Z100 -> 0.7510743 | AK100: =Y100/Z100 -> 0.2489257 | AL100: =AD100-AC100 -> 12968 | AN100: Sem restrição | AO100: Sem restrições
...

Sheet KIT QUE TIVEMOS REAÇÃO
B4: Presente Renew Rotina - FS 1414537
B5: PRESENTE ORIGINAL | C5: FSCODE | D5: nome | E5: Falta | G5: PROPOSTA PLANO B | H5: FSCODE | I5: nome | J5: Atendimento | L5: COMENTÁRIOS
C6: 1341721 | D6: ANEW MICELLAR WATER | E6: Risco | H6: 1341721 | I6: ANEW MICELLAR WATER | L6: Priorizare atendimento KIT - short venda regular - Aguardar até 26/10
C7: 1401315 | D7: 1Q21 ANEW DAILY HYDRATION GEL CREAM | E7: - | H7: 1401315 | I7: 1Q21 ANEW DAILY HYDRATION GEL CREAM
C8: 1476635 | D8: ANEW SOLAR RESTAGE SPF 50 LOTION LATAM | E8: - | H8: 1476635 | I8: ANEW SOLAR RESTAGE SPF 50 LOTION LATAM
C9: 1477481 | D9: CAIXA UNISEX 2022 | E9: - | H9: 1477481 | I9: CAIXA UNISEX 2022
C10: Volume do Kit | E10: 25488
B13: Presente Encanto Glamourosa e Cativante- FS 1414849
B14: PRESENTE ORIGINAL | C14: FSCODE | D14: nome | E14: Falta | G14: PROPOSTA PLANO B | H14: FSCODE | I14: nome | J14: Volume de short | L14: COMENTÁRIOS
C15: 1467558 | D15: ENCANTO GLAMOROUS BODY LOTION 200ML | E15: - | L15: Ordem de Produção para proxima semana
C16: 1467962 | D16: 3Q22 ENCANTO GLAMOROUS NEW FORM | E16: -
C17: 1477478 | D17: SACOLA PP UNISEX 2022
C18: Volume do Kit | E18: 44477
B23: Presente Frozen - FS 1414788
B24: PRESENTE ORIGINAL | C24: FSCODE | D24: nome | E24: Falta | G24: PROPOSTA PLANO B | H24: FSCODE | I24: nome | J24: Atendimento | L24: COMENTÁRIOS
C25: 1444366 | D25: DISNEY FROZEN BAR SOAPS RELABEL LATAM | E25: Risco 6K | L25: Tirar de Digital
C26: 1444367 | D26: DISNEY FROZEN COLOGNE RELABEL LATAM | E26: -
C27: 1444369 | D27: DISNEY FROZEN LIPBALM RELABEL LATAM | E27: -
C28: 1477479 | D28: SACOLA P UNISEX 2022 | E28: -
C29: Volume do Kit | E29: 74963
B32: Presente Musk Instinct Splash- FS 1414861
B33: PRESENTE ORIGINAL | C33: FSCODE | D33: nome | E33: Falta | G33: PROPOSTA PLANO B | H33: FSCODE | I33: nome | J33: Volume de short | L33: COMENTÁRIOS
C34: 1484970 | D34: MUSK WILD FORCE SPLASH 90ML BRA | E34: -
C35: 1481544 | D35: MUSK MARINE SHAMPOO CABELO E CORPO | E35: -
C36: 1477479 | D36: SACOLA P UNISEX 2022 | E36: -
C37: Volume do Kit | E37: 58319

Sheet KITS SUB Diretas com alt 3 
B2: Presente Baby (original) FS 1414946
B3: PRESENTE ORIGINAL | C3: FSCODE | D3: nome | E3: Falta | G3: PROPOSTA PLANO B | H3: FSCODE | I3: nome | J3: Atendimento | L3: COMENTÁRIOS
C4: 1499433 | D4: AC BABY CALMING LOTION REFORMULATION | E4: 13000 | H4: 1499435 | I4: AVON CARE BABY SHAMPOO 2 IN 1 REFORMULATION | J4: 13000 | L4: Sub Direta - Aprovado pelo Abel - Falta avaliação financeira
C5: 1499434 | D5: AVON CARE BABY CALMING HEAD-TO-TOE WASH REFORMULATION | E5: - | H5: 1499432 | I5: AC BABY COLOGNE-PLUTO REFORMULATION
C6: 1497050 | D6: AC BABY CALMING COLOGNE-PLUTO REFORMULATION | E6: - | H6: 1499432 | I6: AC BABY COLOGNE-PLUTO REFORMULATION
C7: 1500867 | D7: CAIXA AVON CARE BABY | E7: -
C8: Volume do Kit | E8: 59980 | I8: * Falta Análise Financeira / Alinhar com Luiza
B11: Presente Luiza Intensa FS 1414543
B12: PRESENTE ORIGINAL | C12: FSCODE | D12: nome | E12: Falta | G12: PROPOSTA PLANO B | H12: FSCODE | I12: nome | J12: Atendimento | L12: COMENTÁRIOS
C13: 1358076 | D13: LUIZA BRUNET INTENSA | E13: 10000 | H13: 1473971 | I13: COLONIA LUIZA PODEROSA 100ML | J13: 10000 | L13: Sub Direta - Aprovado pelo Abel - Falta avaliação financeira
C14: 1494511 | D14: LUIZA INTENSA LOTION 140ML | E14: - | H14: 1474458 | I14: LUIZA PODEROSA SABONETE EM BARRA 90G
C15: 1477479 | D15: SACOLA P UNISEX 2022 | E15: - | H15: 1477479 | I15: SACOLA P UNISEX 2022
C16: Volume do Kit | E16: 42834 | I16: Avaliar acessório para incluir no Kit
B18: Presente Segno - FS 1414528
B19: PRESENTE ORIGINAL | C19: FSCODE | D19: nome | E19: Falta | G19: PROPOSTA PLANO B | H19: FSCODE | I19: nome | J19: Volume de short | L19: COMENTÁRIOS
C20: 1248943 | D20: AVON SEGNO SHAMPOO CABELO E CORPO 90ML | E20: 8900 | H20: 1444430 | I20: ESSENTIAL NECESSAIRE BLACK | J20: 8900 | L20: Sub Direta - Aprovado pelo Abel - Falta avaliação financeira
C21: 1218418 | D21: AVON SEGNO EDP 100ML | E21: - | H21: 1218418 | I21: AVON SEGNO EDP 100ML
C22: 1477479 | D22: SACOLA P UNISEX 2022 | E22: - | H22: 1477479 | I22: SACOLA P UNISEX 2022
C23: Volume do Kit | E23: 12200 | G23: PRIORIDADE 24/10 | I23: * Falta Análise Financeira
B25: Presente Encanto Trio de Maos - FS 1414538
B26: PRESENTE ORIGINAL | C26: FSCODE | D26: nome | E26: Falta | G26: PROPOSTA PLANO B | H26: FSCODE | I26: nome | J26: Atendimento | L26: COMENTÁRIOS
C27: 1381752 | D27: ENCANTO FASCIN SOFIST CREME MAOS 30G | E27: 10000 | H27: 1381753 | I27: ENCANTO FASCIN SOFIST CREME MAOS 75G | J27: 15000 | L27: Sub Direta Kits com bisnagas - mesmo repetidas. Após finalziar - colocar sabonete como PAI
C28: 1381761 | D28: ENCANTO SEDUT OUSADA CREME MAOS 30G | E28: 15000 | H28: 1381824 | I28: ENCANTO SEDUT OUSADA CREME MAOS 75G
C29: 1472711 | D29: MINI HAND CREAM IRRESISTIBLE | E29: 15000 | H29: 1492059 | I29: ENCANTO ATRAENTE E DESLUMBRANTE CREME PARA MÃOS 75G
C30: 1500864 | D30: CAIXA ENCANTO TRIO MAOS | E30: 0 | H30: 1477653 | I30: SACOLA M UNISEX 2022
C31: Volume do Kit | E31: 59000 | G31: PRIORIDADE 24/10
G32: Avaliar miniaturas Creme corporal encanto
B34: PRESENTE PETIT BRILHO - FS 1414494
B35: PRESENTE ORIGINAL | C35: FSCODE | D35: nome | E35: Falta | G35: PROPOSTA PLANO B | H35: FSCODE | I35: nome | J35: Atendimento | L35: COMENTÁRIOS
C36: 1194278 | D36: AVON COLOR TREND BRILHO ROLLETTE GLITTER PARA LABIOS MORANGO | E36: - | H36: 1194278 | I36: AVON COLOR TREND BRILHO ROLLETTE GLITTER PARA LABIOS MORANGO | J36: - | L36: Sub Direta - Aprovado pelo Abel - Falta avaliação financeira
C37: 1230514 | D37: PETIT ATTITUDE LAVANDE DEO COLONIA 50ML | E37: - | H37: 1230514 | I37: PETIT ATTITUDE LAVANDE DEO COLONIA 50ML
C38: 1460934 | D38: FRUFRU PETIT PINK PETIT | E38: 5190 | H38: 1460947 | I38: Sub com frufru azul (enquanto tiver estoque), depois mandar outro brilho labial (outra cor – a definir)
C39: 1232259 | D39: CAIXA STD EXCLUSIVA NATAL | E39: - | H39: 1232259 | I39: CAIXA STD EXCLUSIVA NATAL

Sheet Controle
O1: CP05 | T1: CP06 | Y1: CP07 | AD1: =O1 -> CP05
A2: Obs | B2: CÓD KIT | C2: Item Grot | D2: CATEGORIA | E2: PLANEJADOR | F2: FSC | G2: DESCRIÇÃO | H2: VIDA | I2: SKT TOTAL | J2: FALTA PROD W ATUAL | K2: ORDENS W+1 | L2: ORDENS W+2 | M2: TOTAL A PRODUZIR 3 Semanas | N2: Falta Faturar CP Atual | O2: DEMANDA KIT | P2: DEMANDA JDA | Q2: % COB JDA | R2: FALTA JDA | S2: Falta KIT | T2: DEMANDA KIT | U2: DEMANDA JDA | V2: % COB JDA | W2: FALTA JDA | X2: Falta KIT | Y2: DEMANDA KIT | Z2: DEMANDA JDA | AA2: % COB JDA | AB2: FALTA JDA | AC2: Falta KIT | AD2: % COB + Prod Semana ABERTURA | AE2: % COB + POS Abertura
B3: =VLOOKUP(F3,'Composição KIT'!$A$1:$E$400,5,0) -> 1414922 | C3: ='BASE - Geral'!B3 -> 0 | D3: ='BASE - Geral'!D3 -> SKIN CARE | E3: ='BASE - Geral'!E3 -> MARCELLY ROLDAN | F3: ='BASE - Geral'!G3 -> 1493955 | G3: ='BASE - Geral'!H3 -> LOCAO CORP SURREAL GARDEN 90ML | H3: ='BASE - Geral'!I3 -> 02 - Active - CM | I3: ='BASE - Geral'!J3 -> 29193 | J3: ='BASE - Geral'!K3 -> 0 | K3: ='BASE - Geral'!L3 -> 0 | L3: ='BASE - Geral'!M3 -> 0 | M3: ='BASE - Geral'!N3 -> 0 | N3: ='BASE - Geral'!Q3 -> 6608 | O3: =VLOOKUP(F3,'Demanda Isolada KIT'!$M$2:$P$1048576,4,0) -> 8526 | P3: ='BASE - Geral'!Q3 -> 6608 | Q3: ='BASE - Geral'!R3 -> 1 | R3: ='BASE - Geral'!S3 -> 0 | S3: =P3-O3-R3 -> -1918 | T3: =VLOOKUP(F3,'Demanda Isolada KIT'!$R$2:$U$1048576,2,0) -> 0 | U3: ='BASE - Geral'!T3 -> 552 | V3: ='BASE - Geral'!U3 -> 1 | W3: ='BASE - Geral'!V3 -> 0 | X3: =U3-T3-W3 -> 552 | Y3: 0 | Z3: ='BASE - Geral'!W3 -> 0 | AA3: ='BASE - Geral'!X3 -> 0 | AB3: ='BASE - Geral'!Y3 -> 0 | AC3: =Z3-Y3-AB3 -> 0 | AD3: ='BASE - Geral'!AC3 -> 1 | AE3: ='BASE - Geral'!AD3 -> 1
B4: =VLOOKUP(F4,'Composição KIT'!$A$1:$E$400,5,0) -> 1414130 | C4: ='BASE - Geral'!B4 -> 0 | D4: ='BASE - Geral'!D4 -> COLOR I | E4: ='BASE - Geral'!E4 -> RENATA SOUZA | F4: ='BASE - Geral'!G4 -> 1445772 | G4: ='BASE - Geral'!H4 -> CAIXA SEGNO MINI | H4: ='BASE - Geral'!I4 -> 03 - Phase Out - CM | I4: ='BASE - Geral'!J4 -> 18772 | J4: ='BASE - Geral'!K4 -> 0 | K4: ='BASE - Geral'!L4 -> 0 | L4: ='BASE - Geral'!M4 -> 0 | M4: ='BASE - Geral'!N4 -> 0 | N4: ='BASE - Geral'!Q4 -> 1123 | O4: =VLOOKUP(F4,'Demanda Isolada KIT'!$M$2:$P$1048576,4,0) -> 1413 | P4: ='BASE - Geral'!Q4 -> 1123 | Q4: ='BASE - Geral'!R4 -> 1 | R4: ='BASE - Geral'!S4 -> 0 | S4: =P4-O4-R4 -> -290 | T4: =VLOOKUP(F4,'Demanda Isolada KIT'!$R$2:$U$1048576,2,0) -> 212 | U4: ='BASE - Geral'!T4 -> 480 | V4: ='BASE - Geral'!U4 -> 1 | W4: ='BASE - Geral'!V4 -> 0 | X4: =U4-T4-W4 -> 268 | Y4: 1 | Z4: ='BASE - Geral'!W4 -> 0 | AA4: ='BASE - Geral'!X4 -> 0 | AB4: ='BASE - Geral'!Y4 -> 0 | AC4: =Z4-Y4-AB4 -> -1 | AD4: ='BASE - Geral'!AC4 -> 1 | AE4: ='BASE - Geral'!AD4 -> 1
B5: =VLOOKUP(F5,'Composição KIT'!$A$1:$E$400,5,0) -> 1414495 | C5: ='BASE - Geral'!B5 -> 0 | D5: ='BASE - Geral'!D5 -> COLOR I | E5: ='BASE - Geral'!E5 -> RENATA SOUZA | F5: ='BASE - Geral'!G5 -> 1376739 | G5: ='BASE - Geral'!H5 -> CT LAPIS SOBRANCELHAS ESCURO | H5: ='BASE - Geral'!I5 -> 02 - Active - CM | I5: ='BASE - Geral'!J5 -> 27895 | J5: ='BASE - Geral'!K5 -> 40000 | K5: ='BASE - Geral'!L5 -> 0 | L5: ='BASE - Geral'!M5 -> 0 | M5: ='BASE - Geral'!N5 -> 40000 | N5: ='BASE - Geral'!Q5 -> 12629 | O5: =VLOOKUP(F5,'Demanda Isolada KIT'!$M$2:$P$1048576,4,0) -> 5127 | P5: ='BASE - Geral'!Q5 -> 12629 | Q5: ='BASE - Geral'!R5 -> 1 | R5: ='BASE - Geral'!S5 -> 0 | S5: =P5-O5-R5 -> 7502 | T5: =VLOOKUP(F5,'Demanda Isolada KIT'!$R$2:$U$1048576,2,0) -> 764 | U5: ='BASE - Geral'!T5 -> 9779 | V5: ='BASE - Geral'!U5 -> 1 | W5: ='BASE - Geral'!V5 -> 0 | X5: =U5-T5-W5 -> 9015 | Y5: 2 | Z5: ='BASE - Geral'!W5 -> 0 | AA5: ='BASE - Geral'!X5 -> 0 | AB5: ='BASE - Geral'!Y5 -> 0 | AC5: =Z5-Y5-AB5 -> -2 | AD5: ='BASE - Geral'!AC5 -> 1 | AE5: ='BASE - Geral'!AD5 -> 1
B6: =VLOOKUP(F6,'Composição KIT'!$A$1:$E$400,5,0) -> 1414946 | C6: ='BASE - Geral'!B6 -> R0505 - 05/12/2022 - 29/11 - O item está previsto para ser coletado hoje no porto de em Itajaí-SC, assim que chegar ao estoque, pediremos a subida do material para Anastácio São Paulo e anteciparão a entrega em 2 dias. | D6: ='BASE - Geral'!D6 -> PERSONAL CARE | E6: ='BASE - Geral'!E6 -> CESAR NETO | F6: ='BASE - Geral'!G6 -> 1499433 | G6: ='BASE - Geral'!H6 -> AC LOCAO CORP BABY CALMING | H6: ='BASE - Geral'!I6 -> 02 - Active - CM | I6: ='BASE - Geral'!J6 -> 18801 | J6: ='BASE - Geral'!K6 -> 31000 | K6: ='BASE - Geral'!L6 -> 18000 | L6: ='BASE - Geral'!M6 -> 0 | M6: ='BASE - Geral'!N6 -> 49000 | N6: ='BASE - Geral'!Q6 -> 19675 | O6: =VLOOKUP(F6,'Demanda Isolada KIT'!$M$2:$P$1048576,4,0) -> 28839 | P6: ='BASE - Geral'!Q6 -> 19675 | Q6: ='BASE - Geral'!R6 -> 0.96 | R6: ='BASE - Geral'!S6 -> 874 | S6: =P6-O6-R6 -> -10038 | T6: =VLOOKUP(F6,'Demanda Isolada KIT'!$R$2:$U$1048576,2,0) -> 0 | U6: ='BASE - Geral'!T6 -> 29630 | V6: ='BASE - Geral'!U6 -> 0 | W6: ='BASE - Geral'!V6 -> 29630 | X6: =U6-T6-W6 -> 0 | Y6: 3 | Z6: ='BASE - Geral'!W6 -> 0 | AA6: ='BASE - Geral'!X6 -> 0 | AB6: ='BASE - Geral'!Y6 -> 0 | AC6: =Z6-Y6-AB6 -> -3 | AD6: ='BASE - Geral'!AC6 -> 1 | AE6: ='BASE - Geral'!AD6 -> 1
B7: =VLOOKUP(F7,'Composição KIT'!$A$1:$E$400,5,0) -> 1414538|1414858|1414799 | C7: ='BASE - Geral'!B7 -> 0 | D7: ='BASE - Geral'!D7 -> SKIN CARE | E7: ='BASE - Geral'!E7 -> MARCELLY ROLDAN | F7: ='BASE - Geral'!G7 -> 1472711 | G7: ='BASE - Geral'!H7 -> CREME MAOS IRRESISTIVEL 30G | H7: ='BASE - Geral'!I7 -> 02 - Active - CM | I7: ='BASE - Geral'!J7 -> 48606 | J7: ='BASE - Geral'!K7 -> 20000 | K7: ='BASE - Geral'!L7 -> 0 | L7: ='BASE - Geral'!M7 -> 0 | M7: ='BASE - Geral'!N7 -> 20000 | N7: ='BASE - Geral'!Q7 -> 21041 | O7: =VLOOKUP(F7,'Demanda Isolada KIT'!$M$2:$P$1048576,4,0) -> 33628 | P7: ='BASE - Geral'!Q7 -> 21041 | Q7: ='BASE - Geral'!R7 -> 1 | R7: ='BASE - Geral'!S7 -> 0 | S7: =P7-O7-R7 -> -12587 | T7: =VLOOKUP(F7,'Demanda Isolada KIT'!$R$2:$U$1048576,2,0) -> 2753 | U7: ='BASE - Geral'!T7 -> 4833 | V7: ='BASE - Geral'!U7 -> 1 | W7: ='BASE - Geral'!V7 -> 0 | X7: =U7-T7-W7 -> 2080 | Y7: 4 | Z7: ='BASE - Geral'!W7 -> 0 | AA7: ='BASE - Geral'!X7 -> 0 | AB7: ='BASE - Geral'!Y7 -> 0 | AC7: =Z7-Y7-AB7 -> -4 | AD7: ='BASE - Geral'!AC7 -> 1 | AE7: ='BASE - Geral'!AD7 -> 1
